Workbook
Name sheet0_f_fdckfxmbh: #REF!
Name 取得土地使用权所支付的金额: '[1]项目分类（不可删除）'!$B$3:$D$3
Name 土地征用及拆迁补偿费: '[1]项目分类（不可删除）'!$B$4:$H$4

Sheet 计算税金
B1: 画堂春锦苑预收款
C2: 预收款计未开票（当月已售暂未开发票） | G2: 预收款计未开票税金 | K2: 预收款未开票-已开票 | L2: 未开票余额 | M2: 预收款直接记收入（当月售房已开发票）
B3: 2024年 | C3: 房款 | D3: 租金 | E3: 储藏间 | F3: 小计 | G3: 房款税金 | H3: 租金税金 | I3: 储藏间税金 | J3: 小计 | M3: 房款 | N3: 税金
B4: 8月 | C4: 278868823 | D4: 577229 | F4: =C4+D4+E4 -> 279446052 | G4: =C4/1.09*0.09 -> 23025866 | H4: =D4/1.09*0.09 -> 47661.11 | I4: =E4/1.09*0.09 -> 0 | J4: =G4+H4+I4 -> 23073527 | P4: =J4+N4 -> 23073527 | R4: =C4+E4+D4-K4 -> 279446052
B5: 9月 | C5: 16205837 | D5: 900394 | E5: 1178000 | F5: =C5+D5+E5 -> 18284231 | G5: =C5/1.09*0.09 -> 1338096.6 | H5: =D5/1.09*0.09 -> 74344.459 | I5: =E5/1.09*0.09 -> 97266.055 | J5: =G5+H5+I5 -> 1509707.1 | K5: 37431244 | L5: 一期 | P5: =J5+N5 -> 1509707.1 | R5: =C5+E5+D5-K5 -> -19147013 | S5: =R5/1.09 -> -17566067
B6: 10月 | D6: 56960 | E6: 304240 | F6: =C6+D6+E6 -> 361200 | G6: =C6/1.09*0.09 -> 0 | H6: =D6/1.09*0.09 -> 4703.1193 | I6: =E6/1.09*0.09 -> 25120.734 | J6: =G6+H6+I6 -> 29823.853 | K6: 16338184 | L6: 一期 | M6: 10864302 | N6: =M6/1.09*0.09 -> 897052.46 | P6: =J6+N6 -> 926876.31 | R6: =C6+E6+D6-K6 -> -15976984 | S6: =R6/1.09 -> -14657783
B7: 11月 | D7: =-106935+249275 -> 142340 | E7: 108360 | F7: =C7+D7+E7 -> 250700 | G7: =C7/1.09*0.09 -> 0 | H7: =D7/1.09*0.09 -> 11752.844 | I7: =E7/1.09*0.09 -> 8947.156 | J7: =G7+H7+I7 -> 20700 | K7: =31364278+18734175 -> 50098453 | L7: 一期 | M7: 2110283 | N7: =M7/1.09*0.09 -> 174243.55 | P7: =J7+N7 -> 194943.55 | R7: =C7+E7+D7-K7 -> -49847753 | S7: =R7/1.09 -> -45731883
B8: 12月 | C8: 14938832 | D8: 133155 | E8: 33880 | F8: =C8+D8+E8 -> 15105867 | G8: =C8/1.09*0.09 -> 1233481.5 | H8: =D8/1.09*0.09 -> 10994.45 | I8: =E8/1.09*0.09 -> 2797.4312 | J8: =G8+H8+I8 -> 1247273.4 | K8: =58971415+3182181 -> 62153596 | L8: 一期 | M8: =1444648+444367 -> 1889015 | N8: =M8/1.09*0.09 -> 155973.72 | P8: =J8+N8 -> 1403247.1 | R8: =C8+E8+D8-K8 -> -47047729 | S8: =R8/1.09 -> -43163054
F9: =C9+D9+E9 -> 0 | G9: =C9/1.09*0.09 -> 0 | H9: =D9/1.09*0.09 -> 0 | I9: =E9/1.09*0.09 -> 0 | J9: =G9+H9+I9 -> 0 | P9: =J9+N9 -> 0 | R9: =C9+E9+D9-K9 -> 0 | S9: =R9/1.09 -> 0
A10: 2025年 | B10: 1月 | F10: =C10+D10+E10 -> 0 | G10: =C10/1.09*0.09 -> 0 | H10: =D10/1.09*0.09 -> 0 | I10: =E10/1.09*0.09 -> 0 | J10: =G10+H10+I10 -> 0 | K10: 10337095 | L10: 一期 | M10: =850000+1260000 -> 2110000 | N10: =M10/1.09*0.09 -> 174220.18 | P10: =J10+N10 -> 174220.18 | R10: =C10+E10+D10-K10 -> -10337095 | S10: =R10/1.09 -> -9483573.4
B11: 2月 | D11: =50000+41851+75831+36056-157636.5-87485 -> -41383.5 | F11: =C11+D11+E11 -> -41383.5 | G11: =C11/1.09*0.09 -> 0 | H11: =D11/1.09*0.09 -> -3416.9862 | I11: =E11/1.09*0.09 -> 0 | J11: =G11+H11+I11 -> -3416.9862 | K11: =20734512+3090937 -> 23825449 | L11: 一期 | M11: =1404367+1069787+794672+590000 -> 3858826 | N11: =M11/1.09*0.09 -> 318618.66 | P11: =J11+N11 -> 315201.67 | R11: =C11+E11+D11-K11 -> -23866832 | S11: =R11/1.09 -> -21896177
B12: 3月 | D12: -79489 | F12: =C12+D12+E12 -> -79489 | G12: =C12/1.09*0.09 -> 0 | H12: =D12/1.09*0.09 -> -6563.3119 | I12: =E12/1.09*0.09 -> 0 | J12: =G12+H12+I12 -> -6563.3119 | K12: =45214055+1643084 -> 46857139 | L12: 一期 | M12: 583956 | N12: =M12/1.09*0.09 -> 48216.55 | P12: =J12+N12 -> 41653.239 | R12: =46857139+79489+51496 -> 46988124 | S12: =-R12/1.09 -> -43108371 | T12: =46857139+583956+51496 -> 47492591 | U12: =T12/1.09 -> 43571184
B13: 4月 | C13: 211152844 | D13: -103006 | E13: 151810 | F13: =C13+D13+E13 -> 211201648 | G13: =C13/1.09*0.09 -> 17434638 | H13: =D13/1.09*0.09 -> -8505.0826 | I13: =E13/1.09*0.09 -> 12534.771 | J13: =G13+H13+I13 -> 17438668 | K13: =48592370+2159064 -> 50751434 | L13: 二期 | N13: =M13/1.09*0.09 -> 0 | P13: =J13+N13 -> 17438668 | R13: =C13+D13+E13-K13-360000 -> 160090214 | S13: =R13/1.09 -> 1.4687176e+08 | T13: =50751434+360000 -> 51111434 | U13: =T13/1.09 -> 46891224 | W13: 13733131 | X13: =P13-W13 -> 3705536.8
B14: 5月 | C14: 5602998 | D14: =90202-26734 -> 63468 | E14: 525825 | F14: =C14+D14+E14 -> 6192291 | G14: =C14/1.09*0.09 -> 462632.86 | H14: =D14/1.09*0.09 -> 5240.4771 | I14: =E14/1.09*0.09 -> 43416.743 | J14: =G14+H14+I14 -> 511290.08 | K14: =990722+594770 -> 1585492 | L14: 二期 | M14: =672429+463000 -> 1135429 | N14: =M14/1.09*0.09 -> 93751.018 | P14: =J14+N14 -> 605041.1 | R14: =C14+D14+E14-K14 -> 4606799 | S14: =R14/1.09 -> 4226421.1
B15: 6月 | C15: 2070978 | E15: 191239 | F15: =C15+D15+E15 -> 2262217 | G15: =C15/1.09*0.09 -> 170998.18 | H15: =D15/1.09*0.09 -> 0 | I15: =E15/1.09*0.09 -> 15790.376 | J15: =G15+H15+I15 -> 186788.56 | K15: 46661780 | L15: 二期 | M15: 2050016 | N15: =M15/1.09*0.09 -> 169267.38 | P15: =J15+N15 -> 356055.94 | R15: =C15+D15+E15-K15-161282 -> -44560845 | S15: =R15/1.09 -> -40881509 | T15: =K15+M15+161282 -> 48873078 | U15: =T15/1.09 -> 44837686 | W15: 财务报表报送与信息采集（小企业会计准则）备注：账面开发产品、主营业务成本与申报表数据各差值3000万，原因考虑二季度企业所得税此3000万为暂结转成本，集团财务何健总要求账面不动，报表中调整即可
B16: 7月 | C16: 1255957 | E16: 20000 | F16: =C16+D16+E16 -> 1275957 | G16: =C16/1.09*0.09 -> 103702.87 | H16: =D16/1.09*0.09 -> 0 | I16: =E16/1.09*0.09 -> 1651.3761 | J16: =G16+H16+I16 -> 105354.25 | K16: 57254035 | L16: 二期 | M16: =604503+2074798 -> 2679301 | N16: =M16/1.09*0.09 -> 221226.69 | P16: =J16+N16+(-28353/1.09*0.09) -> 324239.86 | R16: =C16+D16+E16-K16 -> -55978078 | S16: =R16/1.09 -> -51356035 | T16: =K16+M16 -> 59933336 | U16: =T16/1.09 -> 54984712 | W16: 28353退租同时开红字发票
B17: 8月 | C17: =1199666+44762184 -> 45961850 | D17: 0 | E17: 46414 | F17: =C17+D17+E17 -> 46008264 | G17: =C17/1.09*0.09 -> 3795015.1 | H17: =D17/1.09*0.09 -> 0 | I17: =E17/1.09*0.09 -> 3832.3486 | J17: =G17+H17+I17 -> 3798847.5 | K17: 58491711 | L17: 二期 | M17: 354 | N17: =M17/1.09*0.09 -> 29.229358 | P17: =ROUND(J17+N17,2) -> 3798876.7 | R17: =C17+E17+D17-K17 -> -12483447 | S17: =R17/1.09 -> -11452704 | T17: =K17+M17 -> 58492065 | U17: =T17/1.09 -> 53662445
B18: 9月 | C18: =1433447+2364095.27+20000 -> 3817542.3 | E18: 417692 | F18: =C18+D18+E18 -> 4235234.3 | G18: =ROUND(C18/1.09*0.09,2) -> 315209.91 | H18: =D18/1.09*0.09 -> 0 | I18: =E18/1.09*0.09 -> 34488.33 | J18: =G18+H18+I18 -> 349698.24 | K18: =1102679+54186741 -> 55289420 | L18: 一期1102679元，剩余为二期 | M18: 656000 | N18: =M18/1.09*0.09 -> 54165.138 | P18: =J18+N18+0.01 -> 403863.39 | Q18: =P18-403913.73 -> -50.34211 | R18: =C18+E18+D18-K18 -> -51054186 | S18: =R18/1.09 -> -46838703 | T18: =K18+M18 -> 55945420 | U18: =T18/1.09 -> 51326073
B19: 10月 | C19: =10000+1434885 -> 1444885 | E19: 24611 | F19: =C19+D19+E19 -> 1469496 | G19: =ROUND(C19/1.09*0.09,2) -> 119302.43 | H19: =D19/1.09*0.09 -> 0 | I19: =E19/1.09*0.09 -> 2032.1009 | J19: =G19+H19+I19 -> 121334.53 | K19: 52696250 | L19: 一期1433447元，剩余为二期 | M19: =1503005+3472444 -> 4975449 | N19: =M19/1.09*0.09 -> 410816.89 | P19: =J19+N19 -> 532151.42 | R19: =C19+E19+D19-K19+4975449 -> -46251305 | S19: =R19/1.09 -> -42432390 | T19: =K19+M19 -> 57671699 | U19: =T19/1.09 -> 52909816
B20: 11月 | C20: 200000 | D20: 10000 | E20: =30000-25366 -> 4634 | F20: =C20+D20+E20 -> 214634 | G20: =ROUND(C20/1.09*0.09,2) -> 16513.76 | H20: =D20/1.09*0.09 -> 825.68807 | I20: =E20/1.09*0.09 -> 382.62385 | J20: =G20+H20+I20 -> 17722.072 | K20: =1481666+1494885 -> 2976551 | L20: 二期 | M20: 1498276 | N20: =M20/1.09*0.09 -> 123710.86 | P20: =J20+N20 -> 141432.93 | R20: =C20+E20+D20-K20 -> -2761917 | S20: =R20/1.09 -> -2533868.8 | T20: =K20+M20 -> 4474827 | U20: =T20/1.09 -> 4105345.9
B21: 12月 | C21: =857000+10000+509104.73 -> 1376104.7 | D21: =439720-136000-38324 -> 265396 | E21: 0 | F21: =C21+D21+E21 -> 1641500.7 | G21: =ROUND(C21/1.09*0.09,2) -> 113623.33 | H21: =ROUND(D21/1.09*0.09,2)-0.01 -> 21913.42 | I21: =E21/1.09*0.09 -> 0 | J21: =G21+H21+I21 -> 135536.75 | K21: =789076+1013725 -> 1802801 | L21: 一期789076 | M21: 1042863 | N21: =M21/1.09*0.09 -> 86107.954 | P21: =J21+N21 -> 221644.7 | R21: =C21+E21+D21-K21 -> -161300.27 | S21: =R21/1.09 -> -147981.9 | T21: =K21+M21 -> 2845664 | U21: =T21/1.09 -> 2610700.9
F22: =C22+D22+E22 -> 0 | J22: =G22+H22+I22 -> 0
A23: 2026年 | B23: 1月 | C23: =3096460+200000 -> 3296460 | D23: =56034-3889 -> 52145 | E23: 0 | F23: =C23+D23+E23 -> 3348605 | G23: =ROUND(C23/1.09*0.09,2) -> 272184.77 | H23: =ROUND(D23/1.09*0.09,2)-0.01 -> 4305.54 | I23: =E23/1.09*0.09 -> 0 | J23: =G23+H23+I23 -> 276490.31 | K23: =10000+309104.73+755598+275895.27 -> 1350598 | M23: =450000+600000-10000 -> 1040000 | N23: =M23/1.09*0.09 -> 85871.56 | P23: =J23+N23 -> 362361.87 | R23: =C23+E23+D23-K23 -> 1998007 | S23: =R23/1.09 -> 1833033.9 | T23: =E23+G23+F23-M23+10000 -> 2590789.8 | U23: =F23+H23+G23-N23+10000 -> 3549223.8
B24: 2月 | C24: 214233 | D24: 139004.78 | F24: =C24+D24+E24 -> 353237.78 | G24: =ROUND(C24/1.09*0.09,2)+0.01 -> 17688.97 | H24: =ROUND(D24/1.09*0.09,2) -> 11477.46 | J24: =G24+H24+I24 -> 29166.43 | K24: 825573 | L24: 一期 | M24: =863919-81960 -> 781959 | N24: =M24/1.09*0.09 -> 64565.422 | P24: =J24+N24 -> 93731.852 | R24: =C24+E24+D24-K24 -> -472335.22 | S24: =R24/1.09 -> -433335.06 | T24: =E24+G24+F24-M24+10000 -> -401032.25 | U24: =F24+H24+G24-N24+10000 -> 327838.79
B25: 3月 | C25: 220000 | D25: 0 | E25: 0 | F25: =C25+D25+E25 -> 220000 | G25: =ROUND(C25/1.09*0.09,2) -> 18165.14 | H25: =ROUND(D25/1.09*0.09,2) -> 0 | J25: =G25+H25+I25 -> 18165.14 | K25: 97000 | M25: =646000-97000+530000 -> 1079000 | N25: =M25/1.09*0.09 -> 89091.743 | P25: =J25+N25 -> 107256.88 | R25: =C25+E25+D25-K25 -> 123000 | S25: =R25/1.09 -> 112844.04 | T25: =E25+G25+F25-M25+10000 -> -830834.86 | U25: =F25+H25+G25-N25+10000 -> 159073.4
P26: =J26+N26 -> 0
B27: 小计 | C27: =SUM(C4:C26) -> 586627344 | D27: =SUM(D4:D26) -> 2116213.3 | E27: =SUM(E4:E26) -> 3006705 | F27: =SUM(F4:F26) -> 5.9175026e+08 | G27: =SUM(G4:G26) -> 48437120 | H27: =SUM(H4:H26) -> 174733.19 | I27: =SUM(I4:I26) -> 248260.05 | J27: =SUM(J4:J26) -> 48860113 | K27: =SUM(K4:K26) -> 576823805 | L27: =C27-K27 -> 9803539 | M27: =SUM(M4:M26) -> 38355029 | N27: =SUM(N4:N26) -> 3166929 | P27: =SUM(P4:P26) -> 52024701
B28: 不含税 | C28: =C27/1.09 -> 5.3819022e+08 | D28: =D27/1.09 -> 1941480.1 | E28: =E27/1.09 -> 2758445 | M28: =M27/1.09 -> 35188100
B31: 8 | C31: 2.5637252e+08 | D31: =C31*0.09 -> 23073527 | F31: 576058119 | G31: 461785612 | H31: =F31+D27+E27-E18 -> 5.8076335e+08
B32: 9 | C32: -17566067 | D32: =C32*0.09 -> -1580946 | H32: =H31-G31 -> 1.1897773e+08
B33: 10 | C33: -14657783 | D33: =C33*0.09 -> -1319200.5 | H33: =H32/1.09 -> 1.0915388e+08
B34: 11 | C34: -45731883 | D34: =C34*0.09 -> -4115869.5
B35: 12 | C35: -43163054 | D35: =C35*0.09 -> -3884674.9
B36: 1 | C36: -9483573.4 | D36: =C36*0.09 -> -853521.61
B37: 2 | C37: -21896177 | D37: =C37*0.09 -> -1970655.9
B38: 3 | C38: -43108371 | D38: =C38*0.09 -> -3879753.4
B39: 4 | C39: 1.4687176e+08 | D39: =C39*0.09 -> 13218458
B40: 5 | C40: 4226421.1 | D40: =C40*0.09 -> 380377.9
B41: 6 | C41: -40881509 | D41: =C41*0.09 -> -3679335.8
B42: 7 | C42: -51356035 | D42: =C42*0.09 -> -4622043.1
B43: 8 | C43: -11452704 | D43: =C43*0.09 -> -1030743.3
C44: =SUM(C31:C43) -> 1.0817355e+08

Sheet 汇总表
A1: 新疆通力画堂春锦苑 楼盘销售月报（2026.3）
A2: 序号 | B2: 楼号 | C2: 开发数量 | D2: 可销售 | E2: 本月销售情况 | J2: 开发面积（m2） | K2: 可销售面积（m2） | L2: 累计销售情况 | T2: 未销售数（含置换） | W2: 备注
C3: 套数 | D3: 套数 | E3: 成交 套数 | F3: 成交总金额（元） | G3: 已收取房款（元） | H3: 施工许可证 | L3: 成交 套数 | M3: 成交金额（元） | N3: 成交面积（m2） | O3: 累计收取房款（元） | P3: 本月到账贷款 | Q3: 累计到帐贷款 | R3: 房款合计 | S3: 应收款 | T3: 套数 | U3: 未销售面积（m2） | V3: 金额（元）
A4: 1 | B4: 画堂春锦苑一期13#14#15#17#18#楼（商业） | C4: ='画堂春锦13#14#15#17#18# 商铺'!A148 -> 141 | D4: =C4 -> 141 | E4: ='画堂春锦13#14#15#17#18# 商铺'!B151 -> 0 | G4: ='画堂春锦13#14#15#17#18# 商铺'!T151 -> 0 | J4: ='画堂春锦13#14#15#17#18# 商铺'!K151 -> 15319.5 | K4: =J4-524.4-152.79-15.25-16.01 -> 14611.05 | L4: =121+4+3+4+1+1+1+1 -> 136 | M4: ='画堂春锦13#14#15#17#18# 商铺'!N151 -> 179684584 | N4: ='画堂春锦13#14#15#17#18# 商铺'!L151 -> 12409.42 | O4: ='画堂春锦13#14#15#17#18# 商铺'!AL151 -> 172437673 | P4: ='画堂春锦13#14#15#17#18# 商铺'!AM151 -> 0 | Q4: ='画堂春锦13#14#15#17#18# 商铺'!AN151 -> 0 | R4: =O4+Q4 -> 172437673 | S4: =M4-R4 -> 7246911 | T4: =D4-L4 -> 5 | U4: =K4-N4 -> 2201.63
A5: 2 | B5: 画堂春锦苑一期9#10#11#12#楼（住宅) | C5: ='画堂春锦9#10#11#12#住宅'!A332 -> 242 | D5: =C5 -> 242 | E5: ='画堂春锦9#10#11#12#住宅'!B333 -> 0 | G5: ='画堂春锦9#10#11#12#住宅'!R333 -> 231980 | J5: ='画堂春锦9#10#11#12#住宅'!J333 -> 31331.37 | K5: =J5-4.49-22.24-19.83-4.39-548.24-753.94-625.87-615.6 -> 28736.77 | L5: =234 -> 234 | M5: ='画堂春锦9#10#11#12#住宅'!M333 -> 162458475 | N5: ='画堂春锦9#10#11#12#住宅'!K333 -> 27820.26 | O5: ='画堂春锦9#10#11#12#住宅'!AH333 -> 162098812 | P5: ='画堂春锦9#10#11#12#住宅'!AI333 -> 0 | Q5: ='画堂春锦9#10#11#12#住宅'!AJ333 -> 0 | R5: =O5+Q5 -> 162098812 | S5: =M5-R5 -> 359663 | T5: =D5-L5 -> 8 | U5: =K5-N5 -> 916.51
A6: 3 | B6: 画堂春锦苑二期1#-3#5#/7#楼住宅销售明细表 | C6: ='画堂春锦苑1#2#3#5#7#楼住宅销售明细表'!A441 -> 362 | D6: =C6 -> 362 | E6: ='画堂春锦苑1#2#3#5#7#楼住宅销售明细表'!B442 -> 0 | G6: ='画堂春锦苑1#2#3#5#7#楼住宅销售明细表'!R442 -> 1210000 | J6: ='画堂春锦苑1#2#3#5#7#楼住宅销售明细表'!J442 -> 48346.41 | K6: =J6-677.13-970.65-60.09-726.3-560.48-557.5-157.69 -> 44636.57 | L6: =256+9+10+6+9+5+4+6+3+22 -> 330 | M6: ='画堂春锦苑1#2#3#5#7#楼住宅销售明细表'!M442 -> 239411329 | N6: ='画堂春锦苑1#2#3#5#7#楼住宅销售明细表'!K442 -> 41277.07 | O6: ='画堂春锦苑1#2#3#5#7#楼住宅销售明细表'!AH442 -> 237664008 | P6: ='画堂春锦9#10#11#12#住宅'!AI337 -> 0 | Q6: ='画堂春锦苑1#2#3#5#7#楼住宅销售明细表'!AJ442 -> 0 | R6: =O6+Q6 -> 237664008 | S6: =M6-R6 -> 1747321 | T6: =D6-L6 -> 32 | U6: =K6-N6 -> 3359.5
A7: 4 | B7: 画堂春锦苑二期8#楼住宅销售明细表 | C7: ='画堂春锦苑8#楼明细表'!A89 -> 66 | D7: =C7 -> 66 | E7: ='画堂春锦苑8#楼明细表'!B91 -> 1 | G7: ='画堂春锦苑8#楼明细表'!R91 -> 220000 | J7: ='画堂春锦苑8#楼明细表'!J91 -> 9054.69 | K7: =J7-745.73 -> 8308.96 | L7: =40+8+1+3+4+1+2+2 -> 61 | M7: ='画堂春锦苑8#楼明细表'!M91 -> 47812177 | N7: ='画堂春锦苑8#楼明细表'!K91 -> 7853.88 | O7: ='画堂春锦苑8#楼明细表'!AH91 -> 47431395 | P7: ='画堂春锦9#10#11#12#住宅'!AI338 -> 0 | Q7: ='画堂春锦苑8#楼明细表'!AJ91 -> 0 | R7: =O7+Q7 -> 47431395 | S7: ='画堂春锦苑8#楼明细表'!AK91 -> 380782 | T7: =D7-L7 -> 5 | U7: =K7-N7 -> 455.08
A8: 5 | B8: 画堂春锦苑住宅4#6# | C8: ='画堂春锦苑住宅4#6#'!A168 -> 132 | D8: =C8 -> 132 | E8: ='画堂春锦苑住宅4#6#'!B168 -> 12 | G8: ='画堂春锦苑住宅4#6#'!S168 -> 6189246 | J8: ='画堂春锦苑住宅4#6#'!K168 -> 19425.76 | K8: =J8-744.94-830.47 -> 17850.35 | L8: =5+1+6+2+6+10+5+5+6+9+33 -> 88 | M8: ='画堂春锦苑住宅4#6#'!N168 -> 77597104 | N8: ='画堂春锦苑住宅4#6#'!L168 -> 13303.69 | O8: ='画堂春锦苑住宅4#6#'!AI168 -> 69531989 | R8: =O8+Q8 -> 69531989 | S8: ='画堂春锦苑住宅4#6#'!AL168 -> 7202395 | T8: =D8-L8 -> 44 | U8: =K8-N8 -> 4546.66
A9: 6 | B9: 画堂春锦苑二期商业16#19# | C9: ='画堂春锦苑商业16#19#'!A63 -> 58 | D9: =C9 -> 58 | E9: ='画堂春锦苑商业16#19#'!B64 -> 0 | G9: ='画堂春锦苑商业16#19#'!R64 -> 2040000 | J9: ='画堂春锦苑商业16#19#'!J64 -> 5820.19 | K9: =J9-92.29-1005.66 -> 4722.24 | L9: =19+5+4+2+6+3+2+1+1 -> 43 | M9: ='画堂春锦苑商业16#19#'!M64 -> 50842294 | N9: ='画堂春锦苑商业16#19#'!K64 -> 3161.95 | O9: ='画堂春锦苑商业16#19#'!AH64 -> 42665833 | R9: =O9+Q9 -> 42665833 | S9: ='画堂春锦苑商业16#19#'!AK64 -> 8176461 | T9: =D9-L9 -> 15 | U9: =K9-N9 -> 1560.29
A11: 合计 | C11: =SUM(C4:C9) -> 1001 | D11: =SUM(D4:D9) -> 1001 | E11: =SUM(E4:E9) -> 13 | F11: =SUM(F4:F9) -> 0 | G11: =SUM(G4:G9) -> 9891226 | J11: =SUM(J4:J9) -> 129297.92 | K11: =SUM(K4:K9) -> 118865.94 | L11: =SUM(L4:L9) -> 892 | M11: =SUM(M4:M9) -> 757805963 | N11: =SUM(N4:N9) -> 105826.27 | O11: =SUM(O4:O9) -> 731829710 | P11: =SUM(P4:P9) -> 0 | Q11: =SUM(Q4:Q9) -> 0 | ... S11: =SUM(S4:S9) -> 25113533 | T11: =SUM(T5:T9) -> 104 | U11: =SUM(U4:U9) -> 13039.67 | V11: =SUM(V4:V9) -> 0
F12: 收会费、储藏间定金 | N12: 系统 | O12: 731828710 | P12: 46112 | R12: 马桂香1000元会费未登台账，未收到会费单
F13: 会费转预收 | N13: 账面 | O13: =103958711.46-228079.46+(1624480+888874+46414+417692+24611+30000-25366)+197724+10000 -> 106945061 | P13: =278868823+16205837+10864302+2110283+1889015+2370546+12568286+850000+1260000+3858826+583956+211152844+5602998+1135429+2070978+2050016+1255957+604503+2074798+1199666+44762184+354+1433447+2364095.27+656000+20000+1503005+10000+3472444+1434885+200000+1498276+857000+509104.73+10000+1042863+3096460+200000+450000+590000+781959+214233+530000+220000+549000 -> 624982373
F14: 预收总计 | N14: 租铺意向金 | P14: 账套有，台账不录
F15: 面积减少退款 | H15: 李志鹏商业面积差24569+1=24570 住宅面积差2916 | N15: 履约保证金 | O15: 96724 | P15: 账套有，台账不录 | R15: 137779 | S15: =R15-O15 -> 41055
F17: 已报税退房 | N17: 与系统差 | O17: =O11-O12-G15 -> 1000 | P17: 面积差退款，系统未减少1664
N18: 与账面差 | O18: =O11-O13-P13+O15 -> -1000
O19: 1000
G23: =G14-G17-G18-G19-G20 -> 0 | H23: =G23/1.09 -> 0 | K23: =D28+F28+J28+M28 -> 5864988 | L23: =K23/1.09 -> 5380722.9 | M23: =N28+E28 -> 1986238 | N23: =M23/1.09 -> 1822236.7 | O23: =H28+O28 -> 2040000 | P23: =O23/1.09 -> 1871559.6
B24: 新疆通力房地产开发库尔勒二分公司销售不动产税金计算表（2026.3月）
B25: 项目名称 | D25: 画堂春锦苑一期住宅9#-12# | F25: 画堂春锦苑二期住宅1#-3#5#7# | H25: 画堂春锦苑一期商业13#-15#17#18# | J25: 画堂春锦苑8#楼 | M25: 画堂春锦苑住宅4#6# | O25: 画堂春锦苑商业16#19# | P25: 储藏间 | U25: 预收账面贷方
B26: 预收合计 | D26: =D28+E28 -> 231980 | F26: =F28+G28 -> 1210000 | H26: =H28+I28 -> 0 | J26: =J28+K28 -> 220000 | M26: =M28+N28 -> 6189246 | O26: =O28 -> 2040000 | S26: =D26+F26+H26+J26+M26+O26 -> 9891226 | T26: =S26-G23 -> 9891226 | U26: 9891226 | V26: =T26-U26 -> 0
D27: 144㎡以下 | E27: 144以上 | F27: 144㎡以下 | G27: 144以上 | H27: 非普通 | J27: 144㎡以下 | K27: 144㎡以上 | M27: 144㎡以下 | N27: 144㎡以上 | O27: 非普通 | S27: 合计应缴
B28: 预收 | C28: 税率 | D28: ='画堂春锦9#10#11#12#住宅'!R334 -> 231980 | E28: ='画堂春锦9#10#11#12#住宅'!R335 -> 0 | F28: ='画堂春锦苑1#2#3#5#7#楼住宅销售明细表'!R443 -> 1210000 | G28: ='画堂春锦苑1#2#3#5#7#楼住宅销售明细表'!R444 -> 0 | H28: ='画堂春锦13#14#15#17#18# 商铺'!T155 -> 0 | J28: ='画堂春锦苑8#楼明细表'!R94 -> 220000 | K28: ='画堂春锦苑8#楼明细表'!R95 -> 0 | M28: ='画堂春锦苑住宅4#6#'!S170 -> 4203008 | N28: ='画堂春锦苑住宅4#6#'!S171 -> 1986238 | O28: ='画堂春锦苑商业16#19#'!R68 -> 2040000 | S28: =SUM(D28:R28) -> 9891226
B29: 预缴增值税 | C29: 0.03 | M29: =M26/1.09*C29 -> 170346.22 | O29: =O28/1.09*C29 -> 56146.789 | S29: =ROUND(D29+F29+H29+J29+M29+O29,2) -> 226493.01 | T29: 抵减不交
B30: 城建税 | C30: 0.07 | D30: =D29*A30 -> 0 | F30: =F29*C30 -> 0 | H30: =H29*C30 -> 0 | J30: =J29*C30 -> 0 | M30: =M29*C30 -> 11924.235 | O30: =O29*C30 -> 3930.2752 | S30: =ROUND(D30+F30+H30+J30+M30+O30,2) -> 15854.51 | T30: 抵减不交
B31: 教育费附加 | C31: 0.03 | D31: =D29*C31 -> 0 | F31: =F29*C31 -> 0 | H31: =H29*C31 -> 0 | J31: =J29*C31 -> 0 | M31: =M29*C31 -> 5110.3866 | O31: =O29*C31 -> 1684.4037 | S31: =ROUND(D31+F31+H31+J31+M31+O31,2) -> 6794.79 | T31: 抵减不交
B32: 地方教育附加 | C32: 0.02 | D32: =D29*C32 -> 0 | F32: =F29*C32 -> 0 | H32: =H29*C32 -> 0 | J32: =J29*C32 -> 0 | M32: =M29*C32 -> 3406.9244 | O32: =O29*C32 -> 1122.9358 | S32: =ROUND(D32+F32+H32+J32+M32+O32,2) -> 4529.86 | T32: 抵减不交
B33: 土地增值税 | C33: 0.03 | D33: =E28/1.09*C33 -> 0 | F33: =G28/1.09*C33 -> 0 | H33: =H26/1.09*C33 -> 0 | J33: =K28/1.09*C33 -> 0 | M33: =N28/1.09*C33 -> 54667.101 | O33: =O28/1.09*C33 -> 56146.789 | S33: =ROUND(D33+F33+H33+J33+M33+O33+L33,2) -> 110813.89 | T33: 已计提
B34: 土地增值税 | C34: 0.01 | D34: =D28/1.09*C34 -> 2128.2569 | F34: =F28/1.09*C34 -> 11100.917 | J34: =J28/1.09*C34 -> 2018.3486 | M34: =M28/1.09*0.01 -> 38559.706 | S34: =ROUND(D34+F34+H34+J34+M34+O34+L34,2) -> 53807.23 | T34: 已计提
B35: 印花税 | C35: 0.0005 | S35: 13386.31 | T35: 已计提
B36: 企业所得税 | D36: 993685.33 | S36: =D36 -> 993685.33
B37: 个人所得税 | D37: 3912.34 | S37: =D37 -> 3912.34
D38: =AL9 -> 0 | S38: =Q38 -> 0
B39: 房产税 | C39: 从租（不含税租金*12%） | D39: 8574.53 | S39: =D39 -> 8574.53 | T39: 已计提
C40: 从价自用（价值*70%*1.2%） | D40: 0 | S40: =D40+F40+H40+J40+M40+O40 -> 0
B41: 一般计税增值税 | C41: 0.09 | S41: 0
B42: 城建税 | C42: 0.07 | D42: =S41 -> 0 | S42: =ROUND(D42*C42,2) -> 0
B43: 教育费附加 | C43: 0.03 | D43: =S41 -> 0 | S43: =ROUND(D43*C43,2) -> 0
B44: 地方教育附加 | C44: 0.02 | D44: =S41 -> 0 | S44: =ROUND(D44*C44,2) -> 0
B45: 土地使用税 | C45: 11 | S45: 97476.61 | T45: 已计提
B46: 工会经费 | C46: 13386.31 | S46: 13386.31
B47: 小计 | S47: =SUM(S29:S46) -> 1548714.7
B48: 注：1、本月画堂春锦苑一期项目未开发票收入0元应缴纳的增值税0元，画堂春锦苑一期新售住宅开具发票530000元应缴纳的增值税43761.47元；画堂春锦苑二期项目未开发票收入220000元应缴纳的增值税18165.14元，画堂春锦苑二期新售住宅开具发票549000元应缴纳的增值税45330.27元；一期开具发票冲减未开票0元；二期开具发票冲减未开票97000元； 2、租金未开票收入0元应缴纳增值税0元， 3、个税手续费返还0元，应缴纳增值税0元， 4、应缴纳的增值税107256.88元-本月进项税203111.77元+进项税转出240.56元-上期留抵653441.13元-预交抵减0元=-906030.17元，不交。
D50: 43761.47 | E50: 18165.14 | F50: 45330.27 | G50: 203111.77 | H50: 240.56
E51: -810415.84 | F51: =D50+E50+F50-G50+H50+E51 -> -906030.17 | M51: =857000+509104.73+10000 -> 1376104.7 | N51: =M51/1.09*0.09 -> 113623.33
K52: 2025年12月，领导安排，为配合税务局完成任务，需预缴增值税100万，最终实际申报预收款36339000元，增值税1000155.96，城建税70010.92，教育费附加30004.68，地方教育费附加20003.12，合计：1120174.68元
D53: 2904.33 | E53: =D53/1.06 -> 2739.934
D55: 税目 | E55: 摘要 | F55: 税金所属期 | G55: 计税数m² （1） | H55: 标准 （2） | I55: 税额 （1）*（2） | J55: 备注
D56: 工会经费 | E56: 2026.1.1-2026.3.31 | G56: =199739.28+56654+100+205198.22-2659+188647.69 -> 647680.19 | H56: 0.02 | I56: =G56*H56 -> 12953.604
K61: 2026年测算一季度需缴纳所得税
K62: 画堂二期2026.1月-3月4#6#16#19#预收账款 毛利10% | L62: 1824471.2
K63: 画堂春锦项目4#6#16#19#楼交房转回预计毛利10# | L63: 0
K64: 主营业务收入 | L64: 6084084.4
K65: 其他业务收入 | L65: 331814.75
F66: 5700466 | K66: 营业外收入 | L66: 0
F67: 4315000 | K67: 主营业务成本 | L67: -1832818.6
F68: 8229246 | K68: 税金及附加 | L68: -650464.3
F69: =SUM(F66:F68) -> 18244712 | K69: 销售费用 | L69: -564830.15
F70: =F69*0.1 -> 1824471.2 | K70: 管理费用 | L70: -1262409.2
K71: 财务费用 | L71: 45329.35
K72: 营业外支出 | L72: -440.4
K74: 利润总额 | L74: =SUM(L62:L73) -> 3974737 | M74: 2150265.8
K75: 需缴纳所得税金 | L75: =L74*0.25 -> 993684.26
K76: 已缴企业所得税 | L76: 0
K77: 实际应交企业所得税 | L77: =L75-L76 -> 993684.26

Sheet 面积统计
B1: 其他类型房地产 | C1: 普通住宅 | D1: 非普通住宅 | E1: 有产权地下室 | F1: 无产权地下室 | G1: 不可售 | H1: 未提交的公共配套 | I1: 合计
A2: 画堂春锦13#14#15#17#18# 商铺 | B2: 13634.58 | E2: 976.47 | G2: 708.45 | I2: =SUM(B2:H2) -> 15319.5
A3: 画堂春锦9#10#11#12#住宅 | C3: 25449.64 | D3: 3287.13 | F3: =2594.6-50.95 -> 2543.65 | G3: 50.95 | I3: =SUM(B3:H3) -> 31331.37 | J3: =4057.95+82.96 -> 4140.91
A4: 画堂春锦苑1#2#3#5#7#楼住宅销售明细表 | C4: 39726.44 | D4: =5067.82-157.69 -> 4910.13 | F4: =3315.08-924.1 -> 2390.98 | G4: 924.1 | H4: =65.29+111.69+60.09+157.69 -> 394.76 | I4: =SUM(B4:H4) -> 48346.41 | J4: 9282.89
A5: 画堂春锦苑8#楼明细表 | C5: 6672.37 | D5: 1636.59 | F5: 727.99 | H5: 17.74 | I5: =SUM(B5:H5) -> 9054.69 | J5: 2054.88
A6: 画堂春锦苑住宅4# | C6: 8314.07 | F6: 696.75 | G6: 48.19 | I6: =SUM(B6:H6) -> 9059.01
A7: 画堂春锦苑住宅6# | C7: 5868.37 | D7: 3667.91 | F7: 830.47 | I7: =SUM(B7:G7) -> 10366.75
A8: 画堂春锦苑商业16#19# | B8: 4722.24 | H8: =92.29+1005.66 -> 1097.95 | I8: =SUM(B8:H8) -> 5820.19
A9: 合计 | B9: =SUM(B2:B8) -> 18356.82 | C9: =SUM(C2:C8) -> 86030.89 | D9: =SUM(D2:D8) -> 13501.76 | E9: =SUM(E2:E8) -> 976.47 | F9: =SUM(F2:F8) -> 7189.84 | G9: =SUM(G2:G8) -> 1731.69 | H9: =SUM(H2:H8) -> 1510.45 | I9: =SUM(B9:H9) -> 129297.92
G13: 127566.23
B22: 其他类型房地产 | C22: 普通住宅 | D22: 非普通住宅 | E22: 地下室
A23: 画堂春锦13#14#15#17#18# 商铺 | B23: 11045.56
A24: 画堂春锦9#10#11#12#住宅 | C24: 24578.3 | D24: 3134.34 | E24: 829.85
A25: 画堂春锦苑1#2#3#5#7#楼住宅销售明细表 | C25: 35849.26 | D25: 4603.21 | E25: 378.49
A26: 画堂春锦苑8#楼明细表 | C26: 5981.61 | D26: 1636.59 | E26: 178.33 | G26: =F30/G13 -> 0.77879937
A27: 画堂春锦苑住宅4# | C27: 5191.01
A28: 画堂春锦苑住宅6# | C28: 2920.77 | D28: 1467.43
A29: 画堂春锦苑商业16#19# | B29: 2383.6
A30: 合计： | B30: =SUM(B23:B29) -> 13429.16 | C30: =SUM(C23:C29) -> 74520.95 | D30: =SUM(D23:D29) -> 10841.57 | E30: =SUM(E23:E29) -> 1386.67 | F30: 99348.5
F32: 100178.35
F33: =F32-F30 -> 829.85
B36: 可售 | C36: 已售 | D36: 比例
A37: 画堂春锦苑9#-15#、17#18#楼 | B37: 45891.47 | C37: =39588.05-E24 -> 38758.2 | D37: =C37/B37 -> 0.84456218
A38: 画堂春锦苑6#、8#住宅楼、地下车库 | B38: 19421.44 | C38: =12184.73-E26 -> 12006.4 | D38: =C38/B38 -> 0.61820339
A39: 画堂春锦苑1-5、7、16、19、地下车库 | B39: 62253.32 | C39: =48405.57-E25 -> 48027.08 | D39: =C39/B39 -> 0.77147821

Sheet 预缴增值税抵减明细
A1: 2025年12月，领导安排，为配合税务局完成任务，需预缴增值税100万，最终实际申报预收款36339000元，增值税1000155.96，城建税70010.92，教育费附加30004.68，地方教育费附加20003.12，合计：1120174.68元
A3: 申报明细
A4: 月份 | B4: 申报预收款收入 | C4: 增值税金额 | D4: 城建税 | E4: 教育费附加 | F4: 地方教育费附加 | G4: 合计
A5: 2025.12 | B5: 36339000 | C5: 1000156 | D5: 70010.92 | E5: 30004.68 | F5: 20003.12 | G5: =SUM(C5:F5) -> 1120174.7
A11: 抵减明细
A12: 抵减月份 | B12: 申报预收款收入 | C12: 增值税金额 | D12: 城建税 | E12: 教育费附加 | F12: 地方教育费附加 | G12: 合计
A13: 2025.12 | B13: 7056644 | C13: 194219.56 | D13: 13595.37 | E13: 5826.59 | F13: 3884.39 | G13: =SUM(C13:F13) -> 217525.91
A14: 2026.1 | B14: 5700466 | C14: 156893.56 | D14: 10982.55 | E14: 4706.81 | F14: 3137.87 | G14: =SUM(C14:F14) -> 175720.79
A15: 2026.2 | B15: 4315000 | C15: 118761.47 | D15: 8313.3 | E15: 3562.84 | F15: 2375.23 | G15: =SUM(C15:F15) -> 133012.84
A16: 2026.3 | B16: 8229246 | C16: 226493.01 | D16: 15854.51 | E16: 6794.79 | F16: 4529.86 | G16: =SUM(C16:F16) -> 253672.17
G17: =SUM(C17:F17) -> 0
G18: =SUM(C18:F18) -> 0
G19: =SUM(C19:F19) -> 0
G20: =SUM(C20:F20) -> 0
G21: =SUM(C21:F21) -> 0
G22: =SUM(C22:F22) -> 0
A23: 合计： | B23: =SUM(B13:B22) -> 25301356 | C23: =SUM(C13:C22) -> 696367.6 | D23: =SUM(D13:D22) -> 48745.73 | E23: =SUM(E13:E22) -> 20891.03 | F23: =SUM(F13:F22) -> 13927.35 | G23: =SUM(G13:G22) -> 779931.71
A24: 剩余未抵减金额 | B24: =B5-B23 -> 11037644 | C24: =C5-C23 -> 303788.36 | D24: =D5-D23 -> 21265.19 | E24: =E5-E23 -> 9113.65 | F24: =F5-F23 -> 6075.77 | G24: =G5-G23 -> 340242.97

Sheet 画堂春锦13#14#15#17#18# 商铺
A1: 13#14#15#17#18#楼商铺销售明细表 共二层
A2: 序号 | B2: 成交 | C2: 合同签订日期 | D2: 合同号 | E2: 订购书编号 | F2: 身份证号 | G2: 姓名 | H2: 楼号 | I2: 楼层 | J2: 房号 | K2: 开发面积 | L2: 销售面积 | M2: 单价 | N2: 总价 | O2: 成交底价 | P2: 合同价 | Q2: 发票开具 | T2: 本月成 交额 | U2: 成交时间 | V2: 会员编号 | W2: 置业顾问 | X2: 缴款金额 | AL2: 收款合计 | AM2: 本月 到账贷款 | AN2: 到帐贷款 | AO2: 应收款 | AP2: 联系电话 | AQ2: 备注 | AT2: 套奖付款合计 | AU2: 套奖付款2022.8 | AV2: 套奖付款2023.2 | AW2: 套奖付款2023.3 | AX2: 套奖付款2023.4 | AY2: 套奖付款2023.5 | AZ2: 套奖付款2023.6 | BA2: 套奖转定付款2023.6 | BB2: 套奖转定付款2023.9 | BC2: 佣金付款合计 | BD2: 佣金点数 | BE2: 佣金付款2023.7 | BF2: 佣金付款2023.8 | BG2: 佣金付款2023.9 | BH2: 佣金付款2023.10 | BI2: 佣金付款2023.11 | BJ2: 佣金付款2023.12 | BK2: 佣金付款2024.1 | BL2: 佣金付款2024.2 | BM2: 佣金付款2024.3 | BN2: 佣金付款2024.4 | BO2: 佣金付款2024.5 | BP2: 佣金付款2024.6 | BQ2: 佣金付款2024.7 | BR2: 佣金付款2024.8 | BS2: 佣金付款2024.9 | BT2: 佣金付款2024.10 | BU2: 佣金付款2024.11 | BV2: 佣金付款2024.12 | BW2: 佣金付款2025.1 | BX2: 佣金付款2025.2 | BY2: 佣金付款2025.3 | BZ2: 佣金付款2025.4 | CA2: 佣金付款2025.5 | CB2: 佣金付款2025.6 | CC2: 佣金付款2025.8 | CD2: 佣金付款2025.10 | CE2: 佣金付款2025.12 | CF2: 佣金付款2026.2 | CH2: 佣金 | CJ2: 印花税 | CK2: 房源系统 | CO2: 需扣回
Q3: 金额 | R3: 票号 | X3: 一 | Y3: 时间 | Z3: 二 | AA3: 时间 | AB3: 三 | AC3: 时间 | AD3: 四 | AE3: 时间 | AF3: 五 | AG3: 时间 | AH3: 六 | AI3: 时间 | AJ3: 七 | AK3: 时间 | AQ3: 销售 | AR3: 租赁（22 年回本日租金） | AS3: 抵账
A4: 1 | C4: 45566 | D4: 20240005549 | F4: 412724197310186410 | G4: 孙光立、王俊丽 | H4: 13号楼 | I4: 1层 | J4: 01 | K4: 68.42 | L4: 68.42 | M4: 20868.5 | N4: 1427823 | O4: 22746.96 | Q4: 1309929.4 | R4: 24652000000066175913 | S4: 45600 | W4: 李福晴 | X4: 10000 | Y4: 45561 | Z4: =1060000+57823 -> 1117823 | AA4: 2024.10.1 | AB4: 300000 | AC4: 2024.11.4 | AL4: =X4+Z4+AB4+AD4+AF4+AH4+AJ4 -> 1427823 | AO4: =N4-AL4 -> 0 | AP4: 13579043254 | AT4: =AU4+AV4+AW4+AX4+AY4+AZ4+BA4+BB4 -> 400 | AU4: =200 -> 200 | AV4: 200 | BC4: =SUM(BE4:CG4) -> 1427823 | BD4: =1%+0.18%+0.2% -> 0.0138 | BU4: 1427823 | CJ4: 已交 | CM4: 已申报
A5: 2 | C5: 45401 | D5: 20240002187 | E5: 0001089 | F5: 511181199106300024 | G5: 张愫 | I5: 1层 | J5: 02 | K5: 68.42 | L5: 68.42 | M5: 22700 | N5: 1553134 | O5: 22651.12 | Q5: 1424893.6 | R5: 24652000000070816808 | S5: 45618 | W5: 闫金秀 | X5: 100000 | Y5: 2024.4.11 | Z5: 683134 | AA5: 2024.4.19 | AB5: 770000 | AC5: 2024.5.20 | AL5: =X5+Z5+AB5+AD5+AF5+AH5+AJ5 -> 1553134 | AO5: =N5-AL5 -> 0 | AP5: 18609962209 | AT5: =AU5+AV5+AW5+AX5+AY5+AZ5+BA5+BB5 -> 400 | AU5: =200 -> 200 | AX5: 200 | BC5: =SUM(BE5:CG5) -> 1553134 | BD5: =1%+0.2% -> 0.012 | BO5: 1553134 | CJ5: 已交 | CK5: 已录 | CM5: 已申报
A6: 3 | C6: 45566 | D6: 20240005511 | E6: 0000918 | F6: 413023198401080786 | G6: 刘建云 | I6: 1层 | J6: 03 | K6: 116.65 | L6: 116.65 | M6: 21945.99 | N6: 2560000 | O6: 21618 | Q6: 2348623.9 | R6: 25652000000009697844 | S6: 45716 | W6: 连阵阵 | X6: 50000 | Y6: 45539 | Z6: 800000 | AA6: 45563 | AB6: 1710000 | AC6: 2024.11.25 | AL6: =X6+Z6+AB6+AD6+AF6+AH6+AJ6 -> 2560000 | AO6: =N6-AL6 -> 0 | AP6: 13899099509 | AT6: =AU6+AV6+AW6+AX6+AY6+AZ6+BA6+BB6 -> 0 | BC6: =SUM(BE6:CG6) -> 2560000 | BD6: =1%+0.15%+0.2% -> 0.0135 | BU6: 2560000 | CJ6: 已交 | CM6: 已申报
A7: 4 | C7: 45283 | D7: 20230010576 | E7: 0000613 | F7: 652828200012301150 | G7: 刘忠亮 | I7: 1层 | J7: 04 | K7: 68.42 | L7: 68.42 | M7: 21800 | N7: 1491556 | O7: 21560 | Q7: 1368400 | R7: 25652000000009668608 | S7: 45716 | W7: 米云鹤 | X7: 80000 | Y7: 2023.11.26 | Z7: =420000+361556 -> 781556 | AA7: 2023.12.23 | AB7: 100000 | AC7: 2024.1.10 | AD7: 130000 | AE7: 2024.5.12 | AF7: 200000 | AG7: 2024.7.15 | AH7: 200000 | AI7: 2024.7.15 | AL7: =X7+Z7+AB7+AD7+AF7+AH7+AJ7 -> 1491556 | AO7: =N7-AL7 -> 0 | AP7: 17399115251 | AT7: =AU7+AV7+AW7+AX7+AY7+AZ7+BA7+BB7 -> 0 | BC7: =SUM(BE7:CG7) -> 1491556 | BD7: =0.8%+0.13%+0.14% -> 0.0107 | BJ7: 861556 | BQ7: 630000 | CJ7: 已交 | CK7: 已录 | CM7: 已申报
A8: 5 | C8: 45394 | D8: 20240002029 | F8: 622424199011095270 | G8: 何文斌 | I8: 1层 | J8: 05 | K8: 68.42 | L8: 68.42 | M8: 21967.26 | N8: 1503000 | O8: 21960 | Q8: 1378899.1 | R8: 25652000000009688814 | S8: 45716 | W8: 霍红霞 | X8: 20000 | Y8: 2024.3.30 | Z8: 783000 | AA8: 2024.4.12 | AB8: 700000 | AC8: 2024.5.10 | AL8: =X8+Z8+AB8+AD8+AF8+AH8+AJ8 -> 1503000 | AO8: =N8-AL8 -> 0 | AP8: 13150241703 | AT8: =AU8+AV8+AW8+AX8+AY8+AZ8+BA8+BB8 -> 200 | AV8: 200 | BC8: =SUM(BE8:CG8) -> 1503000 | BD8: =1%+0.18%+0.2% -> 0.0138 | BN8: 803000 | BO8: 700000 | CJ8: 已交 | CK8: 已录 | CM8: 已申报
A9: 6 | C9: 45269 | D9: 20230010242 | E9: 0000646 | F9: 652829196210172422 | G9: 彭素莲 成交 | I9: 1层 | J9: 06 | K9: 68.42 | L9: 68.42 | M9: 22500 | N9: 1539450 | O9: 22360 | Q9: 1412339.4 | R9: 25652000000009679363 | S9: 45716 | W9: 李秀莲（彭素莲） | X9: 100000 | Y9: 2023.11.15 | Z9: 909450 | AA9: 2023.11.21 | AB9: 530000 | AC9: 2023.12.9 | AL9: =X9+Z9+AB9+AD9+AF9+AH9+AJ9 -> 1539450 | AO9: =N9-AL9 -> 0 | AT9: =AU9+AV9+AW9+AX9+AY9+AZ9+BA9+BB9 -> 500 | AV9: 200 | BA9: 300 | BC9: =SUM(BE9:CG9) -> 1539450 | BD9: =0.9%+0.13%+0.14% -> 0.0117 | BJ9: 1539450 | CJ9: 已交 | CK9: 已录 | CM9: 已申报
A10: 7 | C10: 45200 | D10: 20230008432 | E10: 0000557 | F10: 511011197812255060 | G10: 黄菊春 成交 | I10: 1层 | J10: 07 | K10: 68.42 | L10: 68.42 | M10: 22960.42 | N10: 1570952 | O10: 22760.42 | Q10: 1441240.4 | R10: 25652000000009700183 | S10: 45716 | W10: 王荣（黄菊春） | X10: 30000 | Y10: 2023.9.22 | Z10: 760952 | AA10: 2023.10.7 | AB10: 780000 | AC10: 2024.4.20 | AL10: =X10+Z10+AB10+AD10+AF10+AH10+AJ10 -> 1570952 | AO10: =N10-AL10 -> 0 | AT10: =AU10+AV10+AW10+AX10+AY10+AZ10+BA10+BB10 -> 200 | AV10: 200 | BC10: =SUM(BE10:CG10) -> 1570952 | BD10: =1%+0.18%+0.25% -> 0.0143 | BN10: 1570952 | CJ10: 已交 | CK10: 已录 | CM10: 已申报
A11: 8 | C11: 45236 | D11: 20230009415 | E11: 0000592 | F11: 652801198204135214 | G11: 顾渐 成交 | I11: 1层 | J11: 08 | K11: 68.42 | L11: 68.42 | M11: 23165.74 | N11: 1585000 | O11: 22953.6 | Q11: 1454128.4 | R11: 25652000000009720008 | S11: 45716 | W11: 肖陶丽（顾渐） | X11: 40000 | Y11: 2023.10.21 | Z11: 765000 | AA11: 2023.11.6 | AB11: 780000 | AC11: 2024.3.14 | AL11: =X11+Z11+AB11+AD11+AF11+AH11+AJ11 -> 1585000 | AO11: =N11-AL11 -> 0 | AP11: 15001560586 | AT11: =AU11+AV11+AW11+AX11+AY11+AZ11+BA11+BB11 -> 700 | AV11: =200+200 -> 400 | BA11: 300 | BC11: =SUM(BE11:CG11) -> 1585000 | BD11: =1%+0.2% -> 0.012 | BI11: 805000 | BM11: 780000 | CJ11: 已交 | CK11: 已录 | CM11: 已申报
A12: 9 | C12: 45280 | D12: 20230010496 | E12: 0000665 | F12: 513021197308168093 | G12: 唐自才 成交 | I12: 1层 | J12: 9 | K12: 68.42 | L12: 68.42 | M12: 23346.77 | N12: 1597386 | O12: 23146.77 | Q12: 1465491.7 | R12: 25652000000009700904 | S12: 45716 | V12: 0000170（唐自才） 0000172（唐自才） | W12: （唐自才） | X12: 20000 | Y12: 2023.5.7 | Z12: 80000 | AA12: 2023.6.23 | AB12: =1386+976000 -> 977386 | AC12: 2023.12.20 | AD12: 520000 | AE12: 2024.1.20 | AL12: =X12+Z12+AB12+AD12+AF12+AH12+AJ12 -> 1597386 | AO12: =N12-AL12 -> 0 | AP12: 15276275398 | AT12: =AU12+AV12+AW12+AX12+AY12+AZ12+BA12+BB12 -> 700 | AV12: =200+200 -> 400 | BB12: 300 | BC12: =SUM(BE12:CG12) -> 1597386 | BD12: =1%+0.18%+0.25% -> 0.0143 | BK12: 1597386 | CJ12: 已交 | CK12: 已录 | CM12: 已申报
A13: 10 | C13: 45201 | D13: 20230008488 | E13: 0000578 | F13: 622322199105201849 | G13: 杨尚龙（甄慧琴） | I13: 1层 | J13: 10 | K13: 68.42 | L13: 68.42 | M13: 23830.765 | N13: 1630501 | O13: 23533.12 | Q13: 1495872.5 | R13: 25652000000009720699 | S13: 45716 | V13: 0000206（杨尚龙） | W13: 李秀莲（杨尚龙） | X13: 10000 | Y13: 2023.6.1 | Z13: 90000 | AA13: 2023.6.22 | AB13: 930501 | AC13: 2023.10.7 | AD13: 600000 | AE13: 2023.12.6 | AL13: =X13+Z13+AB13+AD13+AF13+AH13+AJ13 -> 1630501 | AO13: =N13-AL13 -> 0 | AP13: 18299772946 | AT13: =AU13+AV13+AW13+AX13+AY13+AZ13+BA13+BB13 -> 500 | AZ13: 200 | BB13: 300 | BC13: =SUM(BE13:CG13) -> 1630501 | BD13: =1%+0.18%+0.25% -> 0.0143 | BH13: 1030501 | BJ13: 600000 | CJ13: 已交 | CK13: 已录 | CM13: 已申报
A14: 11 | C14: 45201 | D14: 20230008484 | E14: 0000579 | F14: 140428199203040425 | G14: 安学强（卫亚丽） | I14: 1层 | J14: 11 | K14: 98.74 | L14: 98.74 | M14: 23801.69 | N14: 2350179 | O14: 23500 | Q14: 2156127.5 | R14: 25652000000009721267 | S14: 45716 | V14: 0000207（安学强） | W14: 李秀莲（安学强） | X14: =10000 -> 10000 | Y14: 2023.6.1 | Z14: 90000 | AA14: 2023.6.22 | AB14: 1100179 | AC14: 2023.10.7 | AD14: 1150000 | AE14: 2023.12.6 | AL14: =X14+Z14+AB14+AD14+AF14+AH14+AJ14 -> 2350179 | AO14: =N14-AL14 -> 0 | AP14: 15235158196 | AT14: =AU14+AV14+AW14+AX14+AY14+AZ14+BA14+BB14 -> 1000 | AU14: 200 | AZ14: 200 | BA14: 300 | BB14: 300 | BC14: =SUM(BE14:CG14) -> 2350179 | BD14: =1%+0.18%+0.25% -> 0.0143 | BH14: 1200179 | BJ14: 1150000 | CJ14: 已交 | CK14: 已录 | CM14: 已申报
A15: 12 | C15: 45201 | D15: 20230008510 | F15: 320321198808273618 | G15: 巩红卫 成交 | I15: 1层 | J15: 12 | K15: 146.3 | L15: 146.3 | M15: 26000 | N15: 3803800 | O15: 25800 | Q15: 3489724.8 | R15: 2565200000003352350 | S15: 45674 | V15: 0000010-13（巩红卫） | W15: 潘亦玹（巩红卫） | X15: 100000 | Y15: 2023.6.22 | Z15: =5000+5000+5000+5000 -> 20000 | AA15: 44751 | AB15: 633800 | AC15: 2023.10.7 | AD15: 1150000 | AE15: 2023.12.1 | AF15: 500000 | AG15: 2024.7.1 | AH15: 200000 | AI15: 2024.8.26 | AJ15: 1200000 | AK15: 2024.11.14 | AL15: =X15+Z15+AB15+AD15+AF15+AH15+AJ15 -> 3803800 | AO15: =N15-AL15 -> 0 | AP15: 17609961888 | AT15: =AU15+AV15+AW15+AX15+AY15+AZ15+BA15+BB15 -> 1100 | AU15: =200 -> 200 | AV15: =200+200 -> 400 | AW15: 200 | BB15: 300 | BC15: =SUM(BE15:CG15) -> 3803800 | BD15: =1%+0.18%+0.25% -> 0.0143 | BU15: 3803800 | CJ15: 已交 | CK15: 已录 | CM15: 已申报
A16: 13 | C16: 45354 | D16: 2024000115 | F16: 130637200011201811 | G16: 王恒州 成交 | I16: 2层 | J16: 01 | K16: 85.66 | L16: 85.66 | M16: 9777 | N16: 837500 | O16: 9538.71 | Q16: 768348.62 | R16: 25652000000009722008 | S16: 45716 | W16: 米云鹤 | X16: 35000 | Y16: 2024.3.1 | Z16: 802500 | AA16: 2024.3.1 | AL16: =X16+Z16+AB16+AD16+AF16+AH16+AJ16 -> 837500 | AO16: =N16-AL16 -> 0 | AP16: 13031235925 | AT16: =AU16+AV16+AW16+AX16+AY16+AZ16+BA16+BB16 -> 200 | AY16: 200 | BC16: =SUM(BE16:CG16) -> 837500 | BD16: =1%+0.18%+0.25% -> 0.0143 | BM16: 837500 | CJ16: 已交 | CK16: 已录 | CM16: 已申报
A17: 14 | C17: 45354 | D17: 2024000116 | F17: 130637200011201811 | G17: 王恒州 成交 | I17: 2层 | J17: 02 | K17: 85.66 | L17: 85.66 | M17: 9777 | N17: 837500 | O17: 9612.99 | Q17: 768348.62 | R17: 25652000000009731953 | S17: 45716 | W17: 米云鹤 | X17: 40000 | Y17: 2024.3.1 | Z17: 797500 | AA17: 2024.3.3 | AL17: =X17+Z17+AB17+AD17+AF17+AH17+AJ17 -> 837500 | AO17: =N17-AL17 -> 0 | AP17: 13031235925 | AT17: =AU17+AV17+AW17+AX17+AY17+AZ17+BA17+BB17 -> 200 | AY17: 200 | BC17: =SUM(BE17:CG17) -> 837500 | BD17: =1%+0.18%+0.25% -> 0.0143 | BM17: 837500 | CJ17: 已交 | CK17: 已录 | CM17: 已申报
A18: 15 | C18: 45670 | D18: 20250000214 | E18: 0000741 | F18: 65280120010722053X | G18: 何骁、梁凌芳 | I18: 2层 | J18: 03 | K18: 140.95 | L18: 140.95 | M18: 9252.7 | N18: 1260000 | O18: 8790.78 | Q18: 1155963.3 | R18: 25652000000002516421 | S18: 45671 | W18: 王荣 | X18: 50000 | Y18: 2024.10.10 | Z18: 610000 | AA18: 2025.1.13 | AB18: 600000 | AC18: 2025.2.24 | AL18: =X18+Z18+AB18+AD18+AF18+AH18+AJ18 -> 1260000 | AO18: =N18-AL18 -> 0 | AP18: 18083992128 | AT18: =AU18+AV18+AW18+AX18+AY18+AZ18+BA18+BB18 -> 0 | BC18: =SUM(BE18:CG18) -> 1260000 | BD18: =1%+0.18%+0.2%+0.03% -> 0.0141 | BW18: 660000 | BX18: 600000 | CJ18: 已交 | CM18: 已申报
A19: 16 | C19: 45670 | D19: 20250000211 | E19: 0000740 | F19: 65280120010722053X | G19: 何骁、梁凌芳 | I19: 2层 | J19: 04 | K19: 85.66 | L19: 85.66 | M19: 10224.52 | N19: 850000 | O19: 9762.52 | Q19: 779816.51 | R19: 25652000000002526768 | S19: 45671 | W19: 王荣 | X19: 50000 | Y19: 2024.10.10 | Z19: 410000 | AA19: 2025.1.13 | AB19: 390000 | AC19: 2025.2.24 | AL19: =X19+Z19+AB19+AD19+AF19+AH19+AJ19 -> 850000 | AO19: =N19-AL19 -> 0 | AP19: 18083992128 | AT19: =AU19+AV19+AW19+AX19+AY19+AZ19+BA19+BB19 -> 0 | BC19: =SUM(BE19:CG19) -> 850000 | BD19: =1%+0.18%+0.2%+0.03% -> 0.0141 | BW19: 460000 | BX19: 390000 | CJ19: 已交 | CM19: 已申报
A20: 17 | C20: 45600 | D20: 20240006442 | E20: 0000747 | F20: 320321198002133624 | G20: 李红艳 | I20: 2层 | J20: 05 | K20: 85.66 | L20: 85.66 | M20: 9600 | N20: 822336 | O20: 9600 | Q20: 754436.7 | R20: 25652000000009732680 | S20: 45716 | W20: 张玉琴 | X20: 10000 | Y20: 2024.10.28 | Z20: 402336 | AA20: 2024.11.4 | AB20: 410000 | AC20: 2024.11.20 | AL20: =X20+Z20+AB20+AD20+AF20+AH20+AJ20 -> 822336 | AO20: =N20-AL20 -> 0 | AP20: 18799857500 | AT20: =AU20+AV20+AW20+AX20+AY20+AZ20+BA20+BB20 -> 0 | BC20: =SUM(BE20:CG20) -> 822336 | BD20: =1%+0.15%+0.2%+0.03% -> 0.0138 | BU20: 822336 | CJ20: 已交 | CM20: 已申报
A21: 18 | C21: 45601 | D21: 20240006451 | E21: 0000748 | F21: 320321198002133624 | G21: 李红艳 | I21: 2层 | J21: 06 | K21: 85.66 | L21: 85.66 | M21: 9600 | N21: 822336 | O21: 9600 | Q21: 754436.7 | R21: 25652000000009743075 | S21: 45716 | W21: 张玉琴 | X21: 10000 | Y21: 2024.10.28 | Z21: 402336 | AA21: 2024.11.5 | AB21: 410000 | AC21: 2024.11.20 | AL21: =X21+Z21+AB21+AD21+AF21+AH21+AJ21 -> 822336 | AO21: =N21-AL21 -> 0 | AP21: 18799857500 | AQ21: 华为p70 | AT21: =AU21+AV21+AW21+AX21+AY21+AZ21+BA21+BB21 -> 0 | BC21: =SUM(BE21:CG21) -> 822336 | BD21: =1%+0.15%+0.2%+0.03% -> 0.0138 | BU21: 822336 | CJ21: 已交 | CM21: 已申报
A22: 19 | C22: 45644 | D22: 20240007311 | E22: 0000993 | F22: 652801197904111120 | G22: 柳继芳 | I22: 2层 | J22: 07 | K22: 85.66 | L22: 85.66 | M22: 10273.17 | N22: 880000 | O22: 9986.8 | Q22: 807339.45 | R22: 25652000000011683561 | S22: 45726 | W22: 王荣 | X22: 50000 | Y22: 2024.11.19 | Z22: 700000 | AA22: 2024.11.26 | AB22: 70000 | AC22: 2024.11.27 | AD22: 60000 | AE22: 2024.11.29 | AL22: =X22+Z22+AB22+AD22+AF22+AH22+AJ22 -> 880000 | AO22: =N22-AL22 -> 0 | AP22: 13699339119 | AQ22: 华为p70 | AT22: =AU22+AV22+AW22+AX22+AY22+AZ22+BA22+BB22 -> 0 | BC22: =SUM(BE22:CG22) -> 880000 | BD22: =1%+0.13%+0.25%+0.03% -> 0.0141 | BW22: 880000 | CJ22: 已交 | CM22: 已申报
A23: 20 | C23: 45575 | D23: 20240006011 | E23: 0000719 | F23: 620121198508167215 | G23: 苏生宝 | I23: 2层 | J23: 08 | K23: 85.66 | L23: 85.66 | M23: 9922.95 | N23: 850000 | O23: 10061.56 | Q23: 779816.51 | R23: 25652000000009744693 | S23: 45716 | W23: 霍红霞 | X23: =25000 -> 25000 | Y23: 2024.9.24 | Z23: 45000 | AA23: 2024.10.5 | AB23: 435000 | AC23: 2024.10.10 | AD23: 345000 | AE23: 2024.10.24 | AL23: =X23+Z23+AB23+AD23+AF23+AH23+AJ23 -> 850000 | AO23: =N23-AL23 -> 0 | AP23: 18106415251 | AT23: =AU23+AV23+AW23+AX23+AY23+AZ23+BA23+BB23 -> 0 | BC23: =SUM(BE23:CG23) -> 850000 | BD23: =1%+0.2% -> 0.012 | BU23: 850000 | CJ23: 已交 | CM23: 已申报
A24: 21 | C24: 45570 | D24: 20240005853 | E24: 0000718 | F24: 620121198508167215 | G24: 苏生宝 | I24: 2层 | J24: 09 | K24: 85.66 | L24: 85.66 | M24: 9922.95 | N24: 850000 | O24: 10086 | Q24: 779816.51 | R24: 24652000000060788691 | S24: 45582 | W24: 霍红霞 | X24: =25000+50000 -> 75000 | Y24: 2024.9.24 | Z24: 225000 | AA24: 2024.10.1 | AB24: 125000 | AC24: 2024.10.5 | AD24: 425000 | AE24: 2024.10.24 | AL24: =X24+Z24+AB24+AD24+AF24+AH24+AJ24 -> 850000 | AO24: =N24-AL24 -> 0 | AP24: 18106415251 | AT24: =AU24+AV24+AW24+AX24+AY24+AZ24+BA24+BB24 -> 0 | BC24: =SUM(BE24:CG24) -> 850000 | BD24: =1%+0.2% -> 0.012 | BU24: 850000 | CJ24: 已交 | CM24: 已申报
A25: 22 | C25: 45710 | D25: 20250000784 | F25: 652801198709101625 | G25: 刘钦 | I25: 2层 | J25: 10 | K25: 85.66 | L25: 85.66 | M25: 9800 | N25: 839468 | O25: 10116 | Q25: 770154.13 | R25: 25652000000011723862 | S25: 45726 | W25: 潘亦玹 | Z25: 10000 | AA25: 2024.12.20 | AB25: =114468+715000 -> 829468 | AC25: 2025.2.22 | AL25: =X25+Z25+AB25+AD25+AF25+AH25+AJ25 -> 839468 | AO25: =N25-AL25 -> 0 | AP25: 18699663603 | AQ25: 华为p70 | AT25: =AU25+AV25+AW25+AX25+AY25+AZ25+BA25+BB25 -> 0 | BC25: =SUM(BE25:CG25) -> 839468 | BD25: =0.8%+0.18%+0.25%+0.03% -> 0.0126 | BX25: 839468 | CJ25: 已交 | CM25: 已申报
A26: 23 | I26: 2层 | J26: 11 | K26: 306.78 | O26: 9957 | AL26: =X26+Z26+AB26+AD26+AF26+AH26+AJ26 -> 0 | AT26: =AU26+AV26+AW26+AX26+AY26+AZ26+BA26+BB26 -> 0 | BC26: =SUM(BE26:CG26) -> 0
A27: 24 | H27: 14号楼 | I27: -1层 | J27: 1 | K27: 976.47 | O27: 4550
G28: 小区配电室 | I28: -1层 | J28: 2 | K28: 524.4 | M28: 为小区服务功能区
G29: 柴油发电机房 | I29: -1层 | J29: 3 | K29: 152.79
G30: 排烟井1 | I30: -1层 | J30: 4 | K30: 15.25
G31: 排烟井2 | I31: -1层 | J31: 5 | K31: 16.01
A32: 25 | C32: 45524 | D32: 20240004769 | E32: 0000941 | F32: 652823198709093329 | G32: 朱星星、马江伟 | I32: 1层 | J32: 1 | K32: 106.72 | L32: 106.72 | M32: 26000 | N32: 2774720 | O32: 26000 | Q32: 2545614.7 | S32: 45722 | W32: 连阵阵 | X32: 50000 | Y32: 2024.6.25 | Z32: 1785300 | AA32: 2024.8.20 | AB32: 100000 | AC32: 2024.12.2 | AD32: 200000 | AE32: 2025.3.1 | AF32: 100000 | AG32: 2025.5.19 | AH32: 600000 | AI32: 45995 | AJ32: -60580 | AK32: 46062 | AL32: =X32+Z32+AB32+AD32+AF32+AH32+AJ32 -> 2774720 | AO32: =N32-AL32 -> 0 | AP32: 15099260585 | AT32: =AU32+AV32+AW32+AX32+AY32+AZ32+BA32+BB32 -> 800 | AU32: =200+200+200 -> 600 | AV32: 200 | BC32: =SUM(BE32:CG32) -> 2774720 | BD32: =1%+0.18%+0.25% -> 0.0143 | CE32: 2774720 | CJ32: 已交 | CM32: 已申报
A33: 26 | C33: 45398 | D33: 20240002095 | E33: 0000644 | F33: 410926197305292069 | G33: 董梅荣 | I33: 1层 | J33: 2 | K33: 103.64 | L33: 103.64 | M33: 23806.27 | N33: 2467281 | O33: 23806.26 | Q33: 2263560.5 | R33: 25652000000011132114 | S33: 45722 | W33: 王荣 | X33: 100000 | Y33: 2023.11.13 | Z33: 400000 | AA33: 2024.3.11 | AB33: 743470 | AC33: 2024.4.15 | AD33: 1240000 | AE33: 2024.5.22 | AF33: -16188 | AL33: =X33+Z33+AB33+AD33+AF33+AH33+AJ33 -> 2467282 | AO33: =N33-AL33 -> -1 | AP33: 18160288656 | AT33: =AU33+AV33+AW33+AX33+AY33+AZ33+BA33+BB33 -> 200 | AU33: =200 -> 200 | BC33: =SUM(BE33:CG33) -> 2467282 | BD33: =1%+0.13%+0.14% -> 0.0127 | BN33: 1243470 | BO33: 1240000 | CB33: -16188 | CJ33: 已交 | CK33: 已录 | CM33: 已申报
A34: 27 | C34: 45202 | D34: 20230008542 | E34: 0000664 | F34: 500225198808217396 | G34: 易章波（易高才） | I34: 1层 | J34: 3 | K34: 68.28 | L34: 68.28 | M34: 23776.41 | N34: 1623453 | O34: 23422.22 | Q34: 1489406.4 | R34: 25652000000011162490 | S34: 45722 | W34: 王荣（易高才） | X34: 100000 | Y34: 2023.8.28 | Z34: =270000+453915 -> 723915 | AA34: 2023.10.3 | AB34: 810000 | AC34: 2024.1.31 | AD34: -10461 | AL34: =X34+Z34+AB34+AD34+AF34+AH34+AJ34 -> 1623454 | AO34: =N34-AL34 -> -1 | AP34: 13565767398 | AT34: =AU34+AV34+AW34+AX34+AY34+AZ34+BA34+BB34 -> 800 | AU34: 200 | AW34: 200 | AY34: =200+200 -> 400 | BC34: =SUM(BE34:CG34) -> 1623453 | BD34: =1%+0.18%+0.25% -> 0.0143 | BK34: 1633915 | CB34: -10462 | CJ34: 已交 | CK34: 已录 | CM34: 已申报
A35: 28 | C35: 45198 | D35: 20230008210 | E35: 0000577 | F35: 512929197302241439 | G35: 张龙凤 成交 | I35: 1层 | J35: 4 | K35: 68.28 | L35: 68.28 | M35: 23428.405 | N35: 1599691 | O35: 23229.92 | Q35: 1467606.4 | R35: 25652000000011113444 | S35: 45722 | V35: 0000220 | W35: 霍红霞 | X35: 300000 | Y35: 2023.8.30 | Z35: =115000+75000 -> 190000 | AA35: 2023.9.29 | AB35: 210000 | AC35: 2023.12.17 | AD35: 630000 | AE35: 2024.5.31 | AF35: 280000 | AG35: 2024.6.1 | AH35: -10308 | AL35: =X35+Z35+AB35+AD35+AF35+AH35+AJ35 -> 1599692 | AO35: =N35-AL35 -> -1 | AP35: 18999626053 | AT35: =AU35+AV35+AW35+AX35+AY35+AZ35+BA35+BB35 -> 400 | AV35: 200 | AZ35: 200 | BC35: =SUM(BE35:CG35) -> 1599692 | BD35: =1%+0.18%+0.25% -> 0.0143 | BP35: 1610000 | CB35: -10308 | CJ35: 已交 | CK35: 已录 | CM35: 已申报
A36: 29 | C36: 45204 | D36: 20230008684 | E36: 00000610 | F36: 652824198309201446 | G36: 孔小宁（孔令强） | I36: 1层 | J36: 5 | K36: 68.28 | L36: 68.28 | M36: 23333.77 | N36: 1593230 | O36: 23133.77 | Q36: 1461678.9 | R36: 25652000000011162879 | S36: 45722 | V36: 0000208（孔令强） | W36: 王荣（孔令强） | X36: 10000 | Y36: 2022-7-20 2023.6.13 | Z36: 90000 | AA36: 2023.6.22 | AB36: 1503497 | AC36: 2023.10.3 | AD36: -10266 | AL36: =X36+Z36+AB36+AD36+AF36+AH36+AJ36 -> 1593231 | AO36: =N36-AL36 -> -1 | AP36: 19990631707 | AT36: =AU36+AV36+AW36+AX36+AY36+AZ36+BA36+BB36 -> 500 | AW36: 200 | BB36: 300 | BC36: =SUM(BE36:CG36) -> 1593231 | BD36: =1%+0.18%+0.25% -> 0.0143 | BH36: 1603497 | CB36: -10266 | CJ36: 已交 | CK36: 已录 | CM36: 已申报
A37: 30 | C37: 45204 | D37: 20230008648 | E37: 0000586 | F37: 411330199111100067 | G37: 贾志丽 | I37: 1层 | J37: 6 | K37: 60.15 | L37: 60.15 | M37: 23000 | N37: 1383450 | O37: 22747.48 | Q37: 1269220.2 | R37: 25652000000011172968 | S37: 45722 | W37: 霍红霞（贾志丽） | X37: 100000 | Y37: 2023.10.5 | Z37: 612420 | AA37: 2023.10.5 | AB37: 500000 | AC37: 2023.10.30 | AD37: 180000 | AE37: 2023.11.25 | AF37: -8970 | AL37: =X37+Z37+AB37+AD37+AF37+AH37+AJ37 -> 1383450 | AO37: =N37-AL37 -> 0 | AP37: 18799850653 | AT37: =AU37+AV37+AW37+AX37+AY37+AZ37+BA37+BB37 -> 400 | AV37: 200 | AX37: 200 | BC37: =SUM(BE37:CG37) -> 1383450 | BD37: =1%+0.18%+0.2% -> 0.0138 | BI37: 1392420 | CB37: -8970 | CJ37: 已交 | CK37: 已录 | CM37: 已申报
A38: 31 | C38: 45370 | D38: 20240001485 | E38: 0000608 | F38: 320321198702194233 | G38: 张磊磊 | I38: 1层 | J38: 7 | K38: 71.53 | L38: 71.53 | M38: 23600.01 | N38: 1688109 | O38: 23516.91 | Q38: 1548723.9 | R38: 25652000000011084744 | S38: 45722 | V38: 0000217 | W38: 连阵阵 | X38: 60000 | Y38: 2023.7.8 | Z38: 40000 | AA38: 2023.9.29 | AB38: 1000000 | AC38: 2023.12.26 | AD38: 500000 | AE38: 2024.4.29 | AF38: 20000 | AG38: 2024.6.6 | AH38: 78965 | AI38: 2024.7.5 | AJ38: -10856 | AL38: =X38+Z38+AB38+AD38+AF38+AH38+AJ38 -> 1688109 | AO38: =N38-AL38 -> 0 | AP38: 18109967333 | AT38: =AU38+AV38+AW38+AX38+AY38+AZ38+BA38+BB38 -> 500 | AW38: 200 | BA38: 300 | BC38: =SUM(BE38:CG38) -> 1688109 | BD38: =1%+0.18%+0.25% -> 0.0143 | BQ38: 1698965 | CB38: -10856 | CJ38: 已交 | CK38: 已录 | CM38: 已申报
A39: 32 | C39: 45204 | D39: 20230008670 | E39: 0000609 | F39: 411322199105104512 | G39: 马威 | I39: 1层 | J39: 8 | K39: 68.28 | L39: 68.28 | M39: 24000 | N39: 1638720 | O39: 23710.67 | Q39: 1503412.8 | R39: 25652000000011095215 | S39: 45722 | V39: 0000201（马威） 0000202（马威） | W39: 连阵阵（马威） | X39: =10000+10000 -> 20000 | Y39: 2023.5.24 | Z39: 80000 | AA39: 2023.6.25 | AB39: =947000+2280 -> 949280 | AC39: 2023.10.5 | AD39: 600000 | AE39: 2023.12.4 | AF39: -10560 | AL39: =X39+Z39+AB39+AD39+AF39+AH39+AJ39 -> 1638720 | AO39: =N39-AL39 -> 0 | AP39: 15899027167 | AT39: =AU39+AV39+AW39+AX39+AY39+AZ39+BA39+BB39 -> 500 | AV39: 200 | BB39: 300 | BC39: =SUM(BE39:CG39) -> 1638720 | BD39: =1%+0.18%+0.25% -> 0.0143 | BJ39: 1649280 | CB39: -10560 | CJ39: 已交 | CK39: 已录 | CM39: 已申报
A40: 33 | C40: 45566 | D40: 20240005488 | E40: 抵账高2964114 | F40: 320321197012203660 | G40: 巩凤华 | I40: 1层 | J40: 9 | K40: 121.98 | L40: 121.98 | M40: 24300 | N40: 2964114 | O40: 22881 | Q40: 2719370.6 | R40: 24652000000058991006 | S40: 45576 | X40: =1500000 -> 1500000 | Y40: 2024.10.1 | Z40: 1488900 | AA40: 2024.10.4 | AB40: -24786 | AL40: =X40+Z40+AB40+AD40+AF40+AH40+AJ40 -> 2964114 | AO40: =N40-AL40 -> 0 | AP40: 18999606611 | AT40: =AU40+AV40+AW40+AX40+AY40+AZ40+BA40+BB40 -> 200 | AV40: 200 | BC40: =SUM(BE40:CG40) -> 0 | CJ40: 已交 | CM40: 已申报
A41: 34 | C41: 45651 | D41: 20240007440 | E41: 0000932 | F41: 62012119790907631X | G41: 蒋永祥 | I41: 1层 | J41: 10 | K41: 206.2 | L41: 206.2 | M41: 25537.24 | N41: 5265780 | O41: 25537.24 | Q41: 4830990.8 | R41: 25652000000002947261 | S41: 45672 | W41: 霍红霞 | X41: 50000 | Y41: 2024.6.14 | Z41: 300000 | AA41: 2024.8.25 | AB41: 650000 | AC41: 2024.12.24 | AD41: 5780 | AE41: 2025.1.7 | AF41: 2630000 | AG41: 2025.1.26 | AH41: 200000 | AI41: 2025.2.6 | AJ41: =200000+200000+50000+150000+200000+200000+210000+220000 -> 1430000 | AK41: 2025.3.3 2025.4.1 2025.5.1 2025.6.1 2025.7.1 2025.8.3 2025.8.29 | AL41: =X41+Z41+AB41+AD41+AF41+AH41+AJ41 -> 5265780 | AO41: =N41-AL41 -> 0 | AP41: 18196458777 | AT41: =AU41+AV41+AW41+AX41+AY41+AZ41+BA41+BB41 -> 500 | AV41: 200 | BA41: 300 | BC41: =SUM(BE41:CG41) -> 5265780 | BD41: =1%+0.25% -> 0.0125 | CC41: 5265780 | CJ41: 已交 | CM41: 已申报
A42: 35 | C42: 45527 | D42: 20240004826 | F42: 652824198703181121 | G42: 梁杨敏芝、张嘉恒（18-2-1/2换房来） | I42: 1层 | J42: 11 | K42: 178.05 | L42: 178.05 | M42: 25669.65 | N42: 4570480 | O42: 25669.645 | Q42: 4193100.9 | R42: 25652000000011085801 | S42: 45722 | W42: 张玉琴 | X42: =100000+100000 -> 200000 | Y42: 2023.7.27 | Z42: 500000 | AA42: 2023.9.30 | AB42: 300000 | AC42: 2023.10.30 | AD42: 200000 | AE42: 2023.11.25 | AF42: 300000 | AG42: 2023.12.30 | AH42: 100000 | AI42: 2024.1.24 | AJ42: =300000+400000+300000+2000000-29520 -> 2970480 | AK42: 2024.8.15 2024.9.25 | AL42: =X42+Z42+AB42+AD42+AF42+AH42+AJ42 -> 4570480 | AO42: =N42-AL42 -> 0 | AP42: 18099969889 | AT42: =AU42+AV42+AW42+AX42+AY42+AZ42+BA42+BB42 -> 0 | BC42: =SUM(BE42:CG42) -> 4570480 | BD42: 0.0138 | BR42: 2300000 | BS42: 2300000 | CB42: -29520 | CJ42: 已交 | CM42: 已申报
A43: 36 | C43: 45203 | D43: 20230008587 | E43: 0000585 | F43: 510902197112018349 | G43: 李玉华 | I43: 1层 | J43: 12 | K43: 63.93 | L43: 63.93 | M43: 20000 | N43: 1278600 | O43: 19919.88 | Q43: 1173027.5 | R43: 25652000000011105671 | S43: 45722 | V43: 0000211（李玉华） | W43: 肖陶丽（李玉华） | X43: =10000 -> 10000 | Y43: 2023.6.17 | Z43: 90000 | AA43: 2023.6.22 | AB43: 550000 | AC43: 2023.10.8 | AD43: 200000 | AE43: 2023.12.27 | AF43: 390000 | AG43: 2024.3.27 | AH43: 46800 | AI43: 2024.3.29 | AJ43: -8200 | AL43: =X43+Z43+AB43+AD43+AF43+AH43+AJ43 -> 1278600 | AO43: =N43-AL43 -> 0 | AP43: 18999613918 | AT43: =AU43+AV43+AW43+AX43+AY43+AZ43+BA43+BB43 -> 900 | AW43: 200 | AY43: 200 | AZ43: 200 | BB43: 300 | BC43: =SUM(BE43:CG43) -> 1278600 | BD43: 0.012 | BM43: 1286800 | CB43: -8200 | CJ43: 已交 | CK43: 已录 | CM43: 已申报
A44: 37 | C44: 45201 | D44: 20230008471 | E44: 0000572 | F44: 652801199808211622 | G44: 刘泽娇 | I44: 1层 | J44: 13 | K44: 63.93 | L44: 63.93 | M44: 20027.58 | N44: 1280364 | O44: 19827.58 | Q44: 1174645.9 | R44: 25652000000011164608 | S44: 45722 | V44: 0000075（刘泽娇） | W44: 王荣（刘泽娇） | X44: 5000 | Y44: 44780 | Z44: 95000 | AA44: 2023.6.22 | AB44: 548575 | AC44: 2023.10.7 | AD44: 640000 | AE44: 2023.12.22 | AF44: -8211 | AL44: =X44+Z44+AB44+AD44+AF44+AH44+AJ44 -> 1280364 | AO44: =N44-AL44 -> 0 | AP44: 15299373632 | AT44: =AU44+AV44+AW44+AX44+AY44+AZ44+BA44+BB44 -> 500 | AW44: 200 | BB44: 300 | BC44: =SUM(BE44:CG44) -> 1280364 | BD44: 0.0143 | BJ44: 1288575 | CB44: -8211 | CJ44: 已交 | CK44: 已录 | CM44: 已申报
A45: 38 | C45: 45618 | D45: 20240007405 | E45: 0000995 | F45: 120112198111200019 | G45: 刘志鹏 | I45: 1层 | J45: 14 | K45: 112.41 | L45: 112.41 | M45: 17347.21 | N45: 1950000 | O45: 16848 | Q45: 1788990.8 | R45: 25652000000011105990 | S45: 45722 | W45: 张玉琴 刘思汉 | X45: =30000-30000 -> 0 | Y45: 45561 | Z45: 20000 | AA45: 2024.11.22 | AB45: 1090000 | AC45: 2024.12.24 | AD45: 840000 | AE45: 2025.1.3 | AL45: =X45+Z45+AB45+AD45+AF45+AH45+AJ45 -> 1950000 | AO45: =N45-AL45 -> 0 | AP45: 13920917173 | AT45: =AU45+AV45+AW45+AX45+AY45+AZ45+BA45+BB45 -> 0 | BC45: =SUM(BE45:CG45) -> 1950000 | BD45: =1%+0.18%+0.25%+0.03% -> 0.0146 | BV45: 1110000 | BW45: 840000 | CJ45: 已交 | CM45: 已申报
A46: 39 | C46: 45566 | D46: 20240005606 | E46: 0001087 | F46: 652801200110273712 | G46: 牛燕 | I46: 1层 | J46: 15 | K46: 67.42 | L46: 67.42 | M46: 17479.73 | N46: 1178483 | O46: 17470.41 | Q46: 1081177.1 | R46: 24652000000063048097 | S46: 45590 | W46: 肖陶丽 | X46: 20000 | Y46: 2024.8.30 | Z46: 376000 | AA46: 45553 | AB46: 590000 | AC46: 2024.10.31 | AD46: 200000 | AE46: 2025.1.25 | AF46: -7517 | AL46: =X46+Z46+AB46+AD46+AF46+AH46+AJ46 -> 1178483 | AO46: =N46-AL46 -> 0 | AP46: 15739818996 | AT46: =AU46+AV46+AW46+AX46+AY46+AZ46+BA46+BB46 -> 200 | AV46: 200 | BC46: =SUM(BE46:CG46) -> 1178483 | BD46: 0.0125 | BW46: 1178483 | CJ46: 已交 | CM46: 已申报
A47: 40 | C47: 45386 | D47: 20240001898 | E47: 0000846 | F47: 652801198311290025 | G47: 胡杨 | I47: 1层 | J47: 16 | K47: 110.21 | L47: 110.21 | M47: 17100 | N47: 1884591 | O47: 17100 | Q47: 1728982.6 | R47: 25652000000012772279 | S47: 45730 | W47: 肖陶丽 | X47: 100000 | Y47: 2024.3.27 | Z47: 290000 | AA47: 2024.4.1 | AB47: 810000 | AC47: 2024.4.1 | AD47: 6732 | AE47: 2024.4.4 | AF47: 690000 | AG47: 2024.5.17 | AH47: -12141 | AL47: =X47+Z47+AB47+AD47+AF47+AH47+AJ47 -> 1884591 | AO47: =N47-AL47 -> 0 | AP47: 15199929062 | AT47: =AU47+AV47+AW47+AX47+AY47+AZ47+BA47+BB47 -> 0 | BC47: =SUM(BE47:CG47) -> 1884591 | BD47: =1%+0.2% -> 0.012 | BO47: 1896732 | CB47: -12141 | CJ47: 已交 | CK47: 已录 | CM47: 已申报
A48: 41 | C48: 45203 | D48: 20230008599 | E48: 0000637 | F48: 410621197812180063 | G48: 张江莉（郜艺博） | I48: 1层 | J48: 17 | K48: 50.88 | L48: 50.88 | M48: 17965.24 | N48: 914071 | O48: 17813.85 | Q48: 838597.25 | R48: 25652000000012725031 | S48: 45730 | W48: 李秀莲 | X48: 50000 | Y48: 2023.9.30 | Z48: =860000+10000 -> 870000 | AA48: 2023.10.3 | AB48: -5928 | AL48: =X48+Z48+AB48+AD48+AF48+AH48+AJ48 -> 914072 | AO48: =N48-AL48 -> -1 | AP48: 18299830920 | AT48: =AU48+AV48+AW48+AX48+AY48+AZ48+BA48+BB48 -> 0 | BC48: =SUM(BE48:CG48) -> 914072 | BD48: =1%+0.18%+0.25% -> 0.0143 | BH48: 920000 | CB48: -5928 | CJ48: 已交 | CK48: 已录 | CM48: 已申报
A49: 42 | C49: 45203 | D49: 20230008608 | E49: 0000640 | F49: 410526201008210976 | G49: 郜艺博（张江莉） | I49: 1层 | J49: 18 | K49: 50.88 | L49: 50.88 | M49: 18121.46 | N49: 922020 | O49: 17998.45 | Q49: 845889.91 | R49: 25652000000012743088 | S49: 45730 | W49: 李秀莲 | X49: 50000 | Y49: 2023.9.30 | Z49: 418000 | AA49: 2023.10.3 | AB49: 460000 | AC49: 2024.1.1 | AD49: -5980 | AL49: =X49+Z49+AB49+AD49+AF49+AH49+AJ49 -> 922020 | AO49: =N49-AL49 -> 0 | AP49: 13667531562 | AT49: =AU49+AV49+AW49+AX49+AY49+AZ49+BA49+BB49 -> 0 | BC49: =SUM(BE49:CG49) -> 922020 | BD49: =1%+0.18%+0.25% -> 0.0143 | BH49: 468000 | BK49: 460000 | CB49: -5980 | CJ49: 已交 | CK49: 已录 | CM49: 已申报
A50: 43 | C50: 45935 | D50: 20250005100 | E50: 0001180 | F50: 652801199704282848 | G50: 金紫帆 | I50: 1层 | J50: 19 | K50: 102.97 | L50: 102.97 | M50: 16500 | N50: 1699005 | O50: 16500 | Q50: 1558720.2 | R50: 25652000000065979439 | S50: 45939 | W50: 杨航 | X50: =100000+96000 -> 196000 | Y50: 2025-9-20、30 | Z50: 663005 | AA50: 45935 | AB50: 120000 | AC50: 45990 | AD50: 200000 | AE50: 45994 | AF50: 100000 | AG50: 2025.12.3 | AH50: 420000 | AI50: 46006 | AL50: =X50+Z50+AB50+AD50+AF50+AH50+AJ50 -> 1699005 | AO50: =N50-AL50 -> 0 | AQ50: mate70手机 | AT50: =AU50+AV50+AW50+AX50+AY50+AZ50+BA50+BB50 -> 0 | BC50: =SUM(BE50:CG50) -> 1699005 | BD50: =1%+0.18%+0.2%+0.03% -> 0.0141 | CD50: 859005 | CE50: 840000 | CJ50: 12月缴纳 | CM50: 已申报196000、10月已开票，已全额申报
A51: 44 | C51: 45533 | D51: 20240004964 | F51: 130638199306103013 | G51: 李强 | I51: 2层 | J51: 1 | K51: 124.63 | L51: 124.63 | M51: 9538.95 | N51: 1188840 | O51: 9538.95 | Q51: 1090678.9 | R51: 25652000000012734776 | S51: 45730 | X51: 600000 | Y51: 2024.8.25 | Z51: 200000 | AA51: 2024.8.29 | AB51: 400000 | AC51: 2024.9.26 | AD51: -11160 | AL51: =X51+Z51+AB51+AD51+AF51+AH51+AJ51 -> 1188840 | AO51: =N51-AL51 -> 0 | AP51: 15276156276 | AQ51: 华为p70 | AT51: =AU51+AV51+AW51+AX51+AY51+AZ51+BA51+BB51 -> 0 | BC51: =SUM(BE51:CG51) -> 1188840 | BD51: 0.012 | BR51: 800000 | BS51: 400000 | CB51: -11160 | CJ51: 已交 | CM51: 已申报
A52: 45 | C52: 45530 | D52: 20240004848 | F52: 612401199210211389 | G52: 江域 | I52: 2层 | J52: 2 | K52: 123.99 | L52: 123.99 | M52: 8950 | N52: 1109711 | O52: 8928.62 | Q52: 1018083.5 | R52: 25652000000012767886 | S52: 45730 | W52: 闫金秀 | X52: 10000 | Y52: 2023.12.23 | Z52: 40000 | AA52: 2024.1.2 | AB52: =1000+50000+147000+22000 -> 220000 | AD52: 190093 | AE52: 2024.8.26 | AF52: 560000 | AG52: 45562 | AH52: 100000 | AI52: 2024.10.25 | AJ52: -10382 | AL52: =X52+Z52+AB52+AD52+AF52+AH52+AJ52 -> 1109711 | AO52: =N52-AL52 -> 0 | AP52: 15276287083 | AT52: =AU52+AV52+AW52+AX52+AY52+AZ52+BA52+BB52 -> 0 | BC52: =SUM(BE52:CG52) -> 1109711 | BD52: =1%+0.14% -> 0.0114 | BT52: 1120093 | CB52: -10382 | CJ52: 已交 | CM52: 已申报
A53: 46 | C53: 45587 | D53: 20240006221 | F53: 61042198909210094 | G53: 张依涵 凌亚彬 退 | I53: 2层 | J53: 3 | K53: 119.5 | L53: 119.5 | M53: 9119.55 | N53: 1089787 | O53: 9000 | Q53: 999804.59 | R53: 25652000000007382970 | S53: 45705 | W53: 闫金秀 闫金秀 | X53: =20000-20000 -> 0 | Y53: 2024.8.25 | Z53: 50000 | AA53: 2024.10.12 | AB53: 500000 | AC53: 2024.10.21 | AD53: 550000 | AE53: 2024.11.5 | AF53: -10213 | AL53: =X53+Z53+AB53+AD53+AF53+AH53+AJ53 -> 1089787 | AO53: =N53-AL53 -> 0 | AP53: 18299789646 | AQ53: 华为p70 | AT53: =AU53+AV53+AW53+AX53+AY53+AZ53+BA53+BB53 -> 0 | BC53: =SUM(BE53:CG53) -> 1089787 | BD53: =1%+0.2%+0.03% -> 0.0123 | BU53: 1089787 | CJ53: 已交 | CM53: 已申报
A54: 47 | C54: 45291 | D54: 20230010720 | E54: 0000623 | F54: 612125196408030533 | G54: 李花战 | I54: 2层 | J54: 4 | K54: 78.72 | L54: 78.72 | M54: 10000 | N54: 787200 | O54: 9725.34 | Q54: 722201.83 | R54: 25652000000012810741 | S54: 45730 | W54: 霍红霞 | X54: 10000 | Y54: 2023.12.11 | Z54: 90000 | AA54: 2023.12.12 | AB54: =9200+295400 -> 304600 | AC54: 2024.1.1 | AD54: 390000 | AE54: 2024.2.1 | AF54: -7400 | AL54: =X54+Z54+AB54+AD54+AF54+AH54+AJ54 -> 787200 | AO54: =N54-AL54 -> 0 | AP54: 18997668556 | AT54: =AU54+AV54+AW54+AX54+AY54+AZ54+BA54+BB54 -> 0 | BC54: =SUM(BE54:CG54) -> 787200 | BD54: =0.8%+0.13%+0.14% -> 0.0107 | BK54: 404600 | BL54: 390000 | CB54: -7400 | CJ54: 已交 | CK54: 已录 | CM54: 已申报
A55: 48 | C55: 45291 | D55: 20230010721 | E55: 0000623 | F55: 612125196408030533 | G55: 李花战 | I55: 2层 | J55: 5 | K55: 78.72 | L55: 78.72 | M55: 10000 | N55: 787200 | O55: 9645.63 | Q55: 722201.83 | R55: 25652000000012739822 | S55: 45730 | W55: 霍红霞 | X55: 10000 | Y55: 2023.12.11 | Z55: 90000 | AA55: 2023.12.12 | AB55: 304600 | AC55: 2024.1.1 | AD55: 390000 | AE55: 2024.2.1 | AF55: -7400 | AL55: =X55+Z55+AB55+AD55+AF55+AH55+AJ55 -> 787200 | AO55: =N55-AL55 -> 0 | AP55: 18997668556 | AT55: =AU55+AV55+AW55+AX55+AY55+AZ55+BA55+BB55 -> 0 | BC55: =SUM(BE55:CG55) -> 787200 | BD55: =0.8%+0.13%+0.14% -> 0.0107 | BK55: 404600 | BL55: 390000 | CB55: -7400 | CJ55: 已交 | CK55: 已录 | CM55: 已申报
A56: 49 | C56: 45202 | D56: 20230008531 | E56: 0000669 | F56: 652827196205271642 | G56: （敬天惠）柳康林 | I56: 2层 | J56: 6 | K56: 78.72 | L56: 78.72 | M56: 9690.4 | N56: 762830 | O56: 9565.91 | Q56: 699844.04 | R56: 25652000000012768787 | S56: 45730 | W56: 肖陶丽 | X56: 100000 | Y56: 2023.10.3 | Z56: 670000 | AA56: 2023.10.3 | AB56: -7170 | AL56: =X56+Z56+AB56+AD56+AF56+AH56+AJ56 -> 762830 | AO56: =N56-AL56 -> 0 | AP56: 13899022962 | AT56: =AU56+AV56+AW56+AX56+AY56+AZ56+BA56+BB56 -> 0 | BC56: =SUM(BE56:CG56) -> 762829 | BD56: =1%+0.25% -> 0.0125 | BH56: 770000 | CB56: -7171 | CJ56: 已交 | CK56: 已录 | CM56: 已申报
A57: 50 | C57: 45319 | D57: 20240000633 | E57: 0000635 | F57: 65282619740930263X | G57: 李洪建.李玉良、 | I57: 2层 | J57: 7 | K57: 69.35 | L57: 69.35 | M57: 9740 | N57: 675469 | O57: 9646.51 | Q57: 619696.33 | R57: 25652000000012821236 | S57: 45730 | W57: 肖陶丽 | X57: 30000 | Y57: 2023.9.29 | Z57: =10000+130000 -> 140000 | AA57: 2023.12.5 | AB57: 130000 | AC57: 2023.12.22 | AD57: 230000 | AE57: 2024.1.6 | AF57: =77000+74800 -> 151800 | AG57: 2024.1.26 | AH57: -6331 | AL57: =X57+Z57+AB57+AD57+AF57+AH57+AJ57 -> 675469 | AO57: =N57-AL57 -> 0 | AP57: 18095858980 | AT57: =AU57+AV57+AW57+AX57+AY57+AZ57+BA57+BB57 -> 0 | BC57: =SUM(BE57:CG57) -> 675469 | BD57: =1%+0.25% -> 0.0125 | BL57: 681800 | CB57: -6331 | CJ57: 已交 | CK57: 已录 | CM57: 已申报
A58: 51 | C58: 45202 | D58: 20230008528 | E58: 0000668 | F58: 652825195208071032 | G58: 柳康林 | I58: 2层 | J58: 8 | K58: 82.47 | L58: 82.47 | M58: 9851.03 | N58: 812415 | O58: 9725.51 | Q58: 745334.86 | R58: 25652000000012798491 | S58: 45730 | V58: 0000222（柳康林） | W58: 肖陶丽（柳康林） | X58: 20000 | Y58: 2023.9.11 | Z58: 80000 | AA58: 2023.10.3 | AB58: 720000 | AC58: 2023.10.3 | AD58: -7585 | AL58: =X58+Z58+AB58+AD58+AF58+AH58+AJ58 -> 812415 | AO58: =N58-AL58 -> 0 | AP58: 13899022962 | AT58: =AU58+AV58+AW58+AX58+AY58+AZ58+BA58+BB58 -> 0 | BC58: =SUM(BE58:CG58) -> 812415 | BD58: =1%+0.25% -> 0.0125 | BH58: 820000 | CB58: -7585 | CJ58: 已交 | CK58: 已录 | CM58: 已申报
A59: 52 | C59: 45202 | D59: 20230008534 | E59: 0000666 | F59: 652825198605263023 | G59: 柳欢 | I59: 2层 | J59: 9 | K59: 78.72 | L59: 78.72 | M59: 9942.11 | N59: 782643 | O59: 9805.06 | Q59: 718021.1 | R59: 25652000000012779423 | S59: 45730 | V59: 0000223 | W59: 肖陶丽 | X59: 20000 | Y59: 2023.9.11 | Z59: 80000 | AA59: 2023.10.3 | AB59: 300000 | AC59: 2023.10.3 | AD59: 230000 | AE59: 2024.1.9 | AF59: 160000 | AG59: 2024.4.25 | AH59: -7357 | AL59: =X59+Z59+AB59+AD59+AF59+AH59+AJ59 -> 782643 | AO59: =N59-AL59 -> 0 | AP59: 15199940173 | AT59: =AU59+AV59+AW59+AX59+AY59+AZ59+BA59+BB59 -> 0 | BC59: =SUM(BE59:CG59) -> 782643 | BD59: =1%+0.25% -> 0.0125 | BN59: 790000 | CB59: -7357 | CJ59: 已交 | CK59: 已录 | CM59: 已申报
A60: 53 | C60: 45538 | D60: 20240005074 | F60: 610324198604190042 | G60: 张瑞宁、黄建华 | I60: 2层 | J60: 10 | K60: 140.64 | L60: 140.64 | M60: 9300 | N60: 1307952 | O60: 9126.58 | Q60: 1199956 | R60: 25652000000012812698 | S60: 45730 | W60: 米云鹤 | X60: 10000 | Y60: 2024.7.22 | Z60: 250000 | AA60: 2024.8.29 | AB60: 70000 | AC60: 2024.8.30 | AD60: =100000+892739 -> 992739 | AE60: 45538 | AF60: -14787 | AL60: =X60+Z60+AB60+AD60+AF60+AH60+AJ60 -> 1307952 | AO60: =N60-AL60 -> 0 | AT60: =AU60+AV60+AW60+AX60+AY60+AZ60+BA60+BB60 -> 0 | BC60: =SUM(BE60:CG60) -> 1307952 | BD60: =1%+0.15%+0.14% -> 0.0129 | BS60: 1322739 | CB60: -14787 | CJ60: 已交 | CM60: 已申报
A61: 54 | C61: 45298 | D61: 20240000151 | F61: 652826198408120046 | G61: 周小茜（白林清） | I61: 2层 | J61: 11 | K61: 237.74 | L61: 237.74 | M61: 11860 | N61: 2819597 | O61: 11520 | Q61: 2586786.2 | R61: 25652000000012812926 | S61: 45730 | V61: （白林清） | W61: 潘亦玹（白林清） | X61: 100000 | Y61: 2023.4.30 | Z61: 1326163 | AA61: 2024.1.6 | AB61: 1420000 | AC61: 2024.7.9 | AD61: -26566 | AL61: =X61+Z61+AB61+AD61+AF61+AH61+AJ61 -> 2819597 | AO61: =N61-AL61 -> 0 | AP61: 18809965000 | AT61: =AU61+AV61+AW61+AX61+AY61+AZ61+BA61+BB61 -> 0 | BC61: =SUM(BE61:CG61) -> 2819597 | BD61: =1%+0.18%+0.25% -> 0.0143 | BQ61: 2846163 | CB61: -26566 | CJ61: 已交 | CK61: 已录 | CM61: 已申报
A62: 55 | C62: 45308 | D62: 20240000152 | F62: 510824197003192893 | G62: 赵中文（白林清） | I62: 2层 | J62: 12 | K62: 205.28 | L62: 205.28 | M62: 11860 | N62: 2434621 | O62: 11520 | Q62: 2233597.2 | R62: 24652000000070796507 | S62: 45618 | V62: （白林清） | W62: （白林清） | X62: 100000 | Y62: 2023.4.30 | Z62: 1137511 | AA62: 2024.1.6 | AB62: 580000 | AC62: 2024.7.9 | AD62: 640000 | AE62: 2024.8.9 | AF62: -22890 | AL62: =X62+Z62+AB62+AD62+AF62+AH62+AJ62 -> 2434621 | AO62: =N62-AL62 -> 0 | AT62: =AU62+AV62+AW62+AX62+AY62+AZ62+BA62+BB62 -> 400 | AV62: =200+200 -> 400 | BC62: =SUM(BE62:CG62) -> 2434621 | BD62: =1%+0.18%+0.25% -> 0.0143 | BR62: 2457511 | CB62: -22890 | CJ62: 已交 | CK62: 已录 | CM62: 已申报
A63: 56 | C63: 45204 | D63: 20230008633 | E63: 0000603 | F63: 652827199912110331 | G63: 史越，王红霞 | I63: 2层 | J63: 13 | K63: 73.7 | L63: 73.7 | M63: 8510.97 | N63: 627259 | O63: 8210.97 | Q63: 575466.97 | R63: 25652000000012822769 | S63: 45730 | V63: 0000103（王红霞） | W63: 王荣（王红霞） | X63: 5000 | Y63: 2023.2.17 | Z63: 95000 | AA63: 2023.6.23 | AB63: 50000 | AC63: 2023.9.30 | AD63: 173216 | AE63: 2023.10.1 | AF63: 310000 | AG63: 45544 | AH63: -5957 | AL63: =X63+Z63+AB63+AD63+AF63+AH63+AJ63 -> 627259 | AO63: =N63-AL63 -> 0 | AP63: 18509960985 | AT63: =AU63+AV63+AW63+AX63+AY63+AZ63+BA63+BB63 -> 0 | BC63: =SUM(BE63:CG63) -> 627258 | BD63: =1%+0.18%+0.25% -> 0.0143 | BH63: 323216 | BS63: 310000 | CB63: -5958 | CJ63: 已交 | CK63: 已录 | CM63: 已申报
A64: 57 | C64: 45199 | D64: 20230008344 | E64: 0000604 | F64: 652827197104170329 | G64: 王红霞 | I64: 2层 | J64: 14 | K64: 73.7 | L64: 73.7 | M64: 8431.25 | N64: 621384 | O64: 8131.25 | Q64: 570077.06 | R64: 25652000000012880414 | S64: 45730 | W64: 王荣（王红霞） | X64: 100000 | Y64: 2023.6.23 | Z64: 217285 | AA64: 2023.9.29 | AB64: 310000 | AC64: 45561 | AD64: -5901 | AL64: =X64+Z64+AB64+AD64+AF64+AH64+AJ64 -> 621384 | AO64: =N64-AL64 -> 0 | AP64: 18999012716 | AT64: =AU64+AV64+AW64+AX64+AY64+AZ64+BA64+BB64 -> 300 | BB64: 300 | BC64: =SUM(BE64:CG64) -> 621384 | BD64: =1%+0.18%+0.25% -> 0.0143 | BG64: 317285 | BH64: 317285 | BS64: -7285 | CB64: -5901 | CJ64: 已交 | CK64: 已录 | CM64: 已申报
A65: 58 | C65: 45710 | D65: 20250000773 | F65: 530421198806080315 | G65: 段云江 | I65: 2层 | J65: 15 | K65: 130.9 | L65: 130.9 | M65: 7333.84 | N65: 960000 | O65: 7333.84 | Q65: 880733.94 | R65: 25652000000008760576 | S65: 45713 | W65: 刘思汉 | X65: 100000 | Y65: 2025.1.18 | Z65: 860000 | AA65: 2025.2.22 | AL65: =X65+Z65+AB65+AD65+AF65+AH65+AJ65 -> 960000 | AO65: =N65-AL65 -> 0 | AP65: 18209965961 | AQ65: 华为p70 | AT65: =AU65+AV65+AW65+AX65+AY65+AZ65+BA65+BB65 -> 0 | BC65: =SUM(BE65:CG65) -> 960000 | BD65: =0.9%+0.18%+0.2%+0.03% -> 0.0131 | BX65: 960000 | CJ65: 已交 | CM65: 已申报
A66: 59 | C66: 45566 | D66: 20240005533 | F66: 510626199311195624 | G66: 唐晓霜 | I66: 2层 | J66: 16 | K66: 85.99 | L66: 85.99 | M66: 7936.497 | N66: 682460 | O66: 8189.96 | P66: 破底不提佣 | Q66: 626110.09 | R66: 24652000000066981179 | S66: 45603 | W66: 张玉琴 | X66: 10000 | Y66: 45547 | Z66: 188888 | AA66: 2024.9.19 | AB66: 150000 | AC66: 2024.9.20 | AD66: 340000 | AE66: 2024.10.31 | AF66: -6428 | AL66: =X66+Z66+AB66+AD66+AF66+AH66+AJ66 -> 682460 | AO66: =N66-AL66 -> 0 | AP66: 13551810694 | AT66: =AU66+AV66+AW66+AX66+AY66+AZ66+BA66+BB66 -> 0 | BC66: =SUM(BE66:CG66) -> 682460 | BD66: =0.8%+0.15%+0.2% -> 0.0115 | BU66: 682460 | CJ66: 已交 | CM66: 已申报
A67: 60 | C67: 45499 | D67: 20240004261 | E67: 0001095 | F67: 652821199301293313 | G67: 余仁杰 | I67: 2层 | J67: 17 | K67: 78.97 | L67: 78.97 | M67: 8200 | N67: 647554 | O67: 8110.16 | Q67: 594086.24 | R67: 25652000000012890525 | S67: 45730 | W67: 闫金秀 | X67: 100000 | Y67: 2024.4.18 | Z67: 100000 | AA67: 2024.4.28 | AB67: 133622 | AC67: 2024.7.26 | AD67: 320000 | AE67: 2024.12.19 | AF67: -6068 | AL67: =X67+Z67+AB67+AD67+AF67+AH67+AJ67 -> 647554 | AO67: =N67-AL67 -> 0 | AP67: 15226213785 | AT67: =AU67+AV67+AW67+AX67+AY67+AZ67+BA67+BB67 -> 0 | BC67: =SUM(BE67:CG67) -> 647554 | BD67: =1%+0.14% -> 0.0114 | BQ67: 333622 | BV67: 313932 | CJ67: 已交 | CM67: 已申报
A68: 61 | C68: 45806 | D68: 20250002936 | F68: 412727198508141246 | G68: 于晓杰 | I68: 2层 | J68: 18 | K68: 127.07 | L68: 127.07 | M68: 7796.66 | N68: 990722 | O68: 7791.2 | Q68: 908919.27 | R68: 25652000000030508120 | S68: 45807 | W68: 张玉琴 | X68: =480000+410722+100000 -> 990722 | Y68: 2025.5.2 | AL68: =X68+Z68+AB68+AD68+AF68+AH68+AJ68 -> 990722 | AO68: =N68-AL68 -> 0 | AP68: 18999621088 | AQ68: mate70手机 | AT68: =AU68+AV68+AW68+AX68+AY68+AZ68+BA68+BB68 -> 0 | BC68: =SUM(BE68:CG68) -> 990722 | BD68: =1%+0.18%+0.14%+0.03% -> 0.0135 | CA68: 990722 | CJ68: 已交 | CM68: 已申报 | CO68: =CA68*0.002 -> 1981.444 | CP68: =CA68*0.0014 -> 1387.0108 | CQ68: =CO68-CP68 -> 594.4332
A69: 62 | C69: 45211 | D69: 20230008933 | F69: 652801196610261663 | G69: 马江燕 | I69: 2层 | J69: 19 | K69: 58.66 | L69: 58.66 | M69: 8144.33 | N69: 477746 | O69: 7813.24 | Q69: 438299.08 | R69: 24652000000070795893 | S69: 45618 | W69: 闫金秀 | X69: 400000 | Y69: 2023.10.12 | Z69: 82226 | AA69: 2023.10.13 | AB69: -4480 | AL69: =X69+Z69+AB69+AD69+AF69+AH69+AJ69 -> 477746 | AO69: =N69-AL69 -> 0 | AT69: =AU69+AV69+AW69+AX69+AY69+AZ69+BA69+BB69 -> 0 | BC69: =SUM(BE69:CG69) -> 477747 | BD69: =0.9%+0.2% -> 0.011 | BH69: 482226 | CB69: -4479 | CJ69: 已交 | CK69: 已录 | CM69: 已申报
A70: 63 | C70: 45329 | D70: 20240000814 | E70: 0000589 | F70: 652827196504121644 | G70: 袁代凤 | I70: 2层 | J70: 20 | K70: 58.66 | L70: 58.66 | M70: 7768.95 | N70: 455727 | O70: 7768.95 | Q70: 418098.17 | R70: 25652000000012805025 | S70: 45730 | W70: 肖陶丽 | X70: 60000 | Y70: 2023.10.12 | Z70: 110000 | AA70: 2023.12.24 | AB70: 140000 | AC70: 2024.2.7 | AD70: 150000 | AE70: 2024.4.12 | AF70: -4273 | AL70: =X70+Z70+AB70+AD70+AF70+AH70+AJ70 -> 455727 | AO70: =N70-AL70 -> 0 | AP70: 18196240028 | AT70: =AU70+AV70+AW70+AX70+AY70+AZ70+BA70+BB70 -> 0 | BC70: =SUM(BE70:CG70) -> 455727 | BD70: =1%+0.2% -> 0.012 | BL70: 310000 | BN70: 150000 | CB70: -4273 | CJ70: 已交 | CK70: 已录 | CM70: 已申报
A71: 64 | C71: 46055 | D71: 20260000634 | F71: 652801200006052215 | G71: 王小龙 | I71: 2层 | J71: 21 | K71: 118.54 | L71: 118.54 | M71: 7288 | N71: 863919 | O71: 7288 | Q71: 792586.24 | R71: 26652000000163056286 | S71: 46078 | W71: 霍苒 | X71: 30000 | Y71: 46046 | Z71: 51960 | AA71: 2026.1.30 | AB71: 350959 | AC71: 46055 | AL71: =X71+Z71+AB71+AD71+AF71+AH71+AJ71 -> 432919 | AO71: =N71-AL71 -> 431000 | AP71: 17397521555 | AT71: =AU71+AV71+AW71+AX71+AY71+AZ71+BA71+BB71 -> 0 | BC71: =SUM(BE71:CG71) -> 432919 | BD71: =1%+0.25%+0.03% -> 0.0128 | CF71: 432919 | CJ71: 已交 | CM71: 2月开票已申报
A72: 65 | E72: 抵杜7525569 | G72: 杜奇志 | I72: 3层 | J72: 1 | K72: 898.79 | L72: 898.79 | N72: 7525569 | O72: 7898.53 | X72: 857000 | Y72: 46007 | Z72: 1981000 | AA72: 46029 | AB72: 1033500 | AC72: 2026.1.22 | AL72: =X72+Z72+AB72+AD72+AF72+AH72+AJ72 -> 3871500 | AO72: =N72-AL72 -> 3654069 | AT72: =AU72+AV72+AW72+AX72+AY72+AZ72+BA72+BB72 -> 200 | AV72: 200 | BC72: =SUM(BE72:CG72) -> 0 | CM72: 已申报3871500
A73: 66 | C73: 45465 | D73: 20240003579 | E73: 0000861 | F73: 652123198005250025 | G73: 梁静 | H73: 15号楼 | I73: 1层 | J73: 1 | K73: 43.43 | L73: 43.43 | M73: 17000 | N73: 738310 | O73: 17000 | Q73: 677348.62 | R73: 25652000000018537514 | S73: 45756 | V73: 0000233 | W73: 李秀莲 | X73: 2000 | Y73: 2024.4.29 | Z73: 48000 | AA73: 2024.5.17 | AB73: 328310 | AC73: 2024.6.21 | AD73: 360000 | AE73: 45554 | AL73: =X73+Z73+AB73+AD73+AF73+AH73+AJ73 -> 738310 | AO73: =N73-AL73 -> 0 | AP73: 15276299122 | AT73: =AU73+AV73+AW73+AX73+AY73+AZ73+BA73+BB73 -> 0 | BC73: =SUM(BE73:CG73) -> 738310 | BD73: =1%+0.18%+0.25% -> 0.0143 | BP73: 378310 | BS73: 360000 | CJ73: 已交 | CK73: 已录 | CM73: 已申报
A74: 67 | C74: 45465 | D74: 20240003028 | E74: 0000862 | F74: 652123198005250025 | G74: 梁静 | I74: 1层 | J74: 2 | K74: 50.67 | L74: 50.67 | M74: 17000 | N74: 861390 | O74: 17000 | Q74: 790266.06 | R74: 25652000000018567067 | S74: 45756 | V74: 0000237 | W74: 李秀莲 | X74: 2000 | Y74: 2024.5.4 | Z74: 48000 | AA74: 2024.5.17 | AB74: 411390 | AC74: 2024.5.21 | AD74: 400000 | AE74: 45554 | AL74: =X74+Z74+AB74+AD74+AF74+AH74+AJ74 -> 861390 | AO74: =N74-AL74 -> 0 | AP74: 15276299122 | AT74: =AU74+AV74+AW74+AX74+AY74+AZ74+BA74+BB74 -> 0 | BC74: =SUM(BE74:CG74) -> 861390 | BD74: =1%+0.18%+0.25% -> 0.0143 | BP74: 461390 | BS74: 400000 | CJ74: 已交 | CK74: 已录 | CM74: 已申报
A75: 68 | C75: 45464 | D75: 20240003564 | E75: 0000897 | F75: 620422198610202745 | G75: 王亮霞、陈忠国 | I75: 1层 | J75: 3 | K75: 50.67 | L75: 50.67 | M75: 17959.34 | N75: 910000 | O75: 17650 | Q75: 834862.39 | R75: 25652000000018576398 | S75: 45756 | W75: 闫金秀 | X75: 50000 | Y75: 2024.5.23 | Z75: 50000 | AA75: 2024.5.24 | AB75: 200000 | AC75: 2024.6.13 | AD75: =90000+60000 -> 150000 | AE75: 2024.6.21 | AF75: 460000 | AG75: 2024.8.14 | AL75: =X75+Z75+AB75+AD75+AF75+AH75+AJ75 -> 910000 | AO75: =N75-AL75 -> 0 | AP75: 17767669870 | AT75: =AU75+AV75+AW75+AX75+AY75+AZ75+BA75+BB75 -> 0 | BC75: =SUM(BE75:CG75) -> 910000 | BD75: =1%+0.25% -> 0.0125 | BR75: 910000 | CJ75: 已交 | CK75: 已录 | CM75: 已申报
A76: 69 | C76: 45567 | D76: 20240005663 | E76: 0000706 | F76: 450902199407142761 | G76: 黄婷 | I76: 1层 | J76: 4 | K76: 50.67 | L76: 50.67 | M76: 17959.34 | N76: 910000 | O76: 17844 | Q76: 834862.39 | R76: 25652000000018557569 | S76: 45756 | W76: 赵江龙 | X76: 20000 | Y76: 45548 | Z76: 440000 | AA76: 2024.10.2 | AB76: 450000 | AC76: 2024.10.24 | AL76: =X76+Z76+AB76+AD76+AF76+AH76+AJ76 -> 910000 | AO76: =N76-AL76 -> 0 | AP76: 13150268333 | AT76: =AU76+AV76+AW76+AX76+AY76+AZ76+BA76+BB76 -> 0 | BC76: =SUM(BE76:CG76) -> 910000 | BD76: =0.9%+0.2% -> 0.011 | BT76: 910000 | CJ76: 已交 | CM76: 已申报
A77: 70 | C77: 45504 | D77: 20240004390 | E77: 0000896 | F77: 510723199610172074 | G77: 张甜甜、杨程 | I77: 1层 | J77: 5 | K77: 50.67 | L77: 50.67 | M77: 18000 | N77: =M77*L77 -> 912060 | O77: 17747 | Q77: 836752.29 | R77: 25652000000018508512 | S77: 45756 | W77: 连阵阵 | X77: 20000 | Y77: 2024.5.23 | Z77: 300000 | AA77: 2024.7.1 | AB77: 136060 | AC77: 2024.7.31 | AD77: 456000 | AE77: 2024.9.26 | AL77: =X77+Z77+AB77+AD77+AF77+AH77+AJ77 -> 912060 | AO77: =N77-AL77 -> 0 | AP77: 17699945989 | AT77: =AU77+AV77+AW77+AX77+AY77+AZ77+BA77+BB77 -> 0 | BC77: =SUM(BE77:CG77) -> 912060 | BD77: =1%+0.18%+0.25% -> 0.0143 | BQ77: 456060 | BS77: 456000 | CJ77: 已交 | CM77: 已申报
A78: 71 | C78: 45474 | D78: 20240003765 | E78: 0000892 | F78: 652829197708300721 | G78: 王洪娥 | I78: 1层 | J78: 6 | K78: 50.67 | L78: 50.67 | M78: 18324.45 | N78: 918000 | O78: 17941 | Q78: 842201.83 | R78: 25652000000018576910 | S78: 45756 | V78: 0000234 | W78: 闫金秀 | X78: 20000 | Y78: 2024.5.19 | Z78: 30000 | AA78: 2024.5.22 | AB78: 200000 | AC78: 2024.6.25 | AD78: 312000 | AE78: 2024.7.1 | AF78: 356000 | AG78: 2024.7.2 | AL78: =X78+Z78+AB78+AD78+AF78+AH78+AJ78 -> 918000 | AO78: =N78-AL78 -> 0 | AP78: 18095859769 | AT78: =AU78+AV78+AW78+AX78+AY78+AZ78+BA78+BB78 -> 0 | BC78: =SUM(BE78:CG78) -> 918000 | BD78: =1%+0.25% -> 0.0125 | BQ78: 918000 | CJ78: 已交 | CM78: 已申报
A79: 72 | C79: 45474 | D79: 20240003764 | E79: 0000891 | F79: 652829197708300721 | G79: 王红娥、王洪霞 | I79: 1层 | J79: 7 | K79: 50.67 | L79: 50.67 | M79: 18324.45 | N79: 918000 | O79: 18038 | Q79: 842201.83 | R79: 25652000000018538491 | S79: 45756 | V79: 0000232 | W79: 闫金秀 | X79: 25000 | Y79: 2024.5.17 | Z79: 25000 | AA79: 2024.5.23 | AB79: =688000+180000 -> 868000 | AC79: 2024.7.1 | AL79: =X79+Z79+AB79+AD79+AF79+AH79+AJ79 -> 918000 | AO79: =N79-AL79 -> 0 | AP79: 18095859769 | AT79: =AU79+AV79+AW79+AX79+AY79+AZ79+BA79+BB79 -> 0 | BC79: =SUM(BE79:CG79) -> 918000 | BD79: =1%+0.25% -> 0.0125 | BQ79: 918000 | CJ79: 已交 | CM79: 已申报
A80: 73 | C80: 45440 | D80: 20240003156 | E80: 0000691 | F80: 652801200804020525 | G80: 程智秀 | I80: 1层 | J80: 8 | K80: 50.67 | L80: 50.67 | M80: 18324.45 | N80: 915750 | O80: 18038 | Q80: 840137.61 | R80: 25652000000018509022 | S80: 45756 | V80: 0000231 '0000230 | W80: 刘思汉 | X80: =2000+2000 -> 4000 | Y80: 2024.4.25 | Z80: 16000 | AA80: 2024.5.18 | AB80: 230000 | AC80: 2024.5.24 | AD80: 100000 | AE80: 2024.8.30 | AF80: 200000 | AG80: 2024.9.4 | AH80: 365750 | AI80: 2025.3.12 | AL80: =X80+Z80+AB80+AD80+AF80+AH80+AJ80 -> 915750 | AO80: =N80-AL80 -> 0 | AP80: 13029623486 | AT80: =AU80+AV80+AW80+AX80+AY80+AZ80+BA80+BB80 -> 0 | BC80: =SUM(BE80:CG80) -> 915750 | BD80: =1%+0.18%+0.25% -> 0.0143 | BY80: 915750 | CJ80: 已交 | CM80: 已申报
A81: 74 | C81: 45520 | D81: 20240004709 | E81: 0000894 | F81: 20240004709 | G81: 李小龙、张小凤 | I81: 1层 | J81: 9 | K81: 50.67 | L81: 50.67 | M81: 18324.45 | N81: 933000 | O81: 18135 | Q81: 855963.3 | R81: 25652000000021218012 | S81: 45769 | W81: 霍红霞、肖陶丽 | X81: 2000 | Y81: 2024.3.5 | Z81: 18000 | AA81: 2024.5.20 | AB81: 453000 | AC81: 2024.8.16 | AD81: 460000 | AE81: 2024.9.26 | AL81: =X81+Z81+AB81+AD81+AF81+AH81+AJ81 -> 933000 | AO81: =N81-AL81 -> 0 | AP81: 13565065448 | AT81: =AU81+AV81+AW81+AX81+AY81+AZ81+BA81+BB81 -> 0 | BC81: =SUM(BE81:CG81) -> 933000 | BD81: =1%+0.25% -> 0.0125 | BR81: 473000 | BS81: 460000 | CJ81: 已交 | CM81: 已申报
A82: 75 | C82: 45567 | D82: 20240005641 | E82: 0000726 | F82: 62222519850915032X | G82: 郭莉莉 | I82: 1层 | J82: 10 | K82: 77.44 | L82: 77.44 | M82: 20000 | N82: 1548800 | O82: 22000 | Q82: 1420917.4 | R82: 24652000000063077038 | S82: 45590 | W82: 霍红霞 | X82: 200000 | Y82: 45563 | Z82: 1327000 | AA82: 45565 | AB82: 21800 | AC82: 2024.10.1 | AL82: =X82+Z82+AB82+AD82+AF82+AH82+AJ82 -> 1548800 | AO82: =N82-AL82 -> 0 | AP82: 15999019972 | AT82: =AU82+AV82+AW82+AX82+AY82+AZ82+BA82+BB82 -> 400 | AU82: =200 -> 200 | AW82: 200 | BC82: =SUM(BE82:CG82) -> 1548800 | BD82: =1%+0.2% -> 0.012 | BU82: 1548800 | CJ82: 已交 | CM82: 已申报
A83: 76 | C83: 45485 | D83: 20240003988 | E83: 0000889 | F83: 652826198512190829 | G83: 马若雪 | I83: 2层 | J83: 1 | K83: 49.47 | L83: 49.47 | M83: 7883 | N83: 390000 | O83: 7752 | Q83: 357798.17 | R83: 25652000000015791472 | S83: 45743 | V83: 0000196 | W83: 连阵阵 | X83: 2000 | Y83: 2024.3.29 | Z83: 13000 | AA83: 2024.5.18 | AB83: 100000 | AC83: 2024.6.11 | AD83: 80000 | AE83: 2024.7.12 | AF83: 85000 | AG83: 2024.8.26 | AH83: 110000 | AI83: 2024.10.1 | AL83: =X83+Z83+AB83+AD83+AF83+AH83+AJ83 -> 390000 | AO83: =N83-AL83 -> 0 | AP83: 18799829152 | AT83: =AU83+AV83+AW83+AX83+AY83+AZ83+BA83+BB83 -> 0 | BC83: =SUM(BE83:CG83) -> 390000 | BD83: =1%+0.18%+0.25% -> 0.0143 | BT83: 390000 | CJ83: 已交 | CM83: 已申报
A84: 77 | C84: 45568 | D84: 20240005749 | E84: 0000732 | F84: 362323197903237815 | G84: 王德中 | I84: 2层 | J84: 2 | K84: 57.71 | L84: 57.71 | M84: 7000 | N84: 403970 | O84: 7668 | Q84: 370614.68 | R84: 24652000000063056854 | S84: 45590 | W84: 李福晴 | X84: 20000 | Y84: 2024.10.1 | Z84: 183970 | AA84: 2024.10.3 | AB84: 200000 | AC84: 2024.10.18 | AL84: =X84+Z84+AB84+AD84+AF84+AH84+AJ84 -> 403970 | AO84: =N84-AL84 -> 0 | AP84: 15352620619 | AT84: =AU84+AV84+AW84+AX84+AY84+AZ84+BA84+BB84 -> 0 | BC84: =SUM(BE84:CG84) -> 403970 | BD84: =1%+0.18%+0.2% -> 0.0138 | BU84: 403970 | CJ84: 已交 | CM84: 已申报
A85: 78 | C85: 45570 | D85: 20240005929 | F85: 511026196907044936 | G85: 刘沛林 | I85: 2层 | J85: 3 | K85: 57.71 | L85: 57.71 | M85: 7451.05 | N85: 430000 | O85: 7753 | Q85: 394495.41 | R85: 24652000000060788551 | S85: 45582 | W85: 李秀莲 | X85: 80000 | Y85: 2024.10.5 | Z85: 350000 | AA85: 2024.10.8 | AL85: =X85+Z85+AB85+AD85+AF85+AH85+AJ85 -> 430000 | AO85: =N85-AL85 -> 0 | AP85: 13565038253 | AT85: =AU85+AV85+AW85+AX85+AY85+AZ85+BA85+BB85 -> 0 | BC85: =SUM(BE85:CG85) -> 430000 | BD85: =0.8%+0.15%+0.2%+0.03% -> 0.0118 | BU85: 430000 | CJ85: 已交 | CM85: 已申报
A86: 79 | C86: 45614 | D86: 20240006684 | F86: 652801199303245528 | G86: 王艺 | I86: 2层 | J86: 4 | K86: 57.71 | L86: 57.71 | M86: 7700 | N86: 444367 | O86: 7923 | Q86: 407676.15 | R86: 24652000000078351736 | S86: 45644 | W86: 张玉琴 | X86: 20000 | Y86: 2024.11.16 | Z86: 204367 | AB86: 25000 | AC86: 2024.11.29 | AD86: 195000 | AE86: 2025.1.24 | AL86: =X86+Z86+AB86+AD86+AF86+AH86+AJ86 -> 444367 | AO86: =N86-AL86 -> 0 | AP86: 18799988676 | AT86: =AU86+AV86+AW86+AX86+AY86+AZ86+BA86+BB86 -> 0 | BC86: =SUM(BE86:CG86) -> 444367 | BD86: =1%+0.18%+0.25%+0.03% -> 0.0146 | BU86: 224367 | BW86: 220000 | CJ86: 已交 | CM86: 已申报
A87: 80 | C87: 45673 | D87: 20250000304 | E87: 0000997 | F87: 652801199101105527 | G87: 王秋香 | I87: 2层 | J87: 5 | K87: 57.71 | L87: 57.71 | M87: 7700 | N87: 444367 | O87: 8008 | Q87: 407676.15 | R87: 25652000000006266878 | S87: 45698 | W87: 张玉琴 | X87: 20000 | Y87: 2024.11.25 | Z87: 204367 | AA87: 2025.1.16 | AB87: 220000 | AC87: 2025.3.26 | AL87: =X87+Z87+AB87+AD87+AF87+AH87+AJ87 -> 444367 | AO87: =N87-AL87 -> 0 | AP87: 13309969267 | AT87: =AU87+AV87+AW87+AX87+AY87+AZ87+BA87+BB87 -> 0 | BC87: =SUM(BE87:CG87) -> 444367 | BD87: =1%+0.18%+0.25%+0.03% -> 0.0146 | BW87: 224367 | BY87: 220000 | CJ87: 已交 | CM87: 已申报
A88: 81 | C88: 45666 | D88: 20250000147 | F88: 622201198511176026 | G88: 张可欣 | I88: 2层 | J88: 6 | K88: 57.71 | L88: 57.71 | M88: 8124.9 | N88: 468888 | O88: 8094 | Q88: 430172.48 | R88: 25652000000002508830 | S88: 45671 | W88: 王荣 | X88: 20000 | Y88: 2024.12.23 | Z88: 448888 | AA88: 2025.1.3 | AL88: =X88+Z88+AB88+AD88+AF88+AH88+AJ88 -> 468888 | AO88: =N88-AL88 -> 0 | AP88: 15299379609 | AQ88: 华为p70 | AT88: =AU88+AV88+AW88+AX88+AY88+AZ88+BA88+BB88 -> 0 | BC88: =SUM(BE88:CG88) -> 468888 | BD88: =0.8%+0.18%+0.25%+0.03% -> 0.0126 | BW88: 468888 | CJ88: 已交 | CM88: 已申报
A89: 82 | C89: 45748 | D89: 20250001757 | F89: 41272219810626732X | G89: 王贤 | I89: 2层 | J89: 7 | K89: 57.71 | L89: 57.71 | M89: 8000 | N89: 461680 | O89: 8000 | Q89: 423559.63 | R89: 25652000000017131087 | S89: 45748 | W89: 肖陶丽 | X89: 20000 | Y89: 2025.3.18 | Z89: 441680 | AA89: 2025.4.1 | AL89: =X89+Z89+AB89+AD89+AF89+AH89+AJ89 -> 461680 | AO89: =N89-AL89 -> 0 | AP89: 133997667869 | AQ89: mate70手机 | AT89: =AU89+AV89+AW89+AX89+AY89+AZ89+BA89+BB89 -> 0 | BC89: =SUM(BE89:CG89) -> 461680 | BD89: =1%+0.25%+0.03% -> 0.0128 | BZ89: 461680 | CJ89: 已交 | CM89: 已申报
A90: 83 | C90: 45748 | D90: 20250001759 | F90: 41272219810626732X | G90: 王贤 | I90: 2层 | J90: 8 | K90: 57.71 | L90: 57.71 | M90: 8000 | N90: 461680 | O90: 8000 | Q90: 423559.63 | R90: 25652000000017101384 | S90: 45748 | W90: 肖陶丽 | X90: 20000 | Y90: 2025.3.18 | Z90: 441680 | AA90: 2025.4.1 | AL90: =X90+Z90+AB90+AD90+AF90+AH90+AJ90 -> 461680 | AO90: =N90-AL90 -> 0 | AP90: 133997667869 | AQ90: mate70手机 | AT90: =AU90+AV90+AW90+AX90+AY90+AZ90+BA90+BB90 -> 0 | BC90: =SUM(BE90:CG90) -> 461680 | BD90: =1%+0.25%+0.03% -> 0.0128 | BZ90: 461680 | CJ90: 已交 | CM90: 已申报
A91: 84 | C91: 45748 | D91: 20250001761 | F91: 41272219810626732X | G91: 王贤 | I91: 2层 | J91: 9 | K91: 57.71 | L91: 57.71 | M91: 8000 | N91: 461680 | O91: 8000 | Q91: 423559.63 | R91: 25652000000017131235 | S91: 45748 | W91: 肖陶丽 | X91: 20000 | Y91: 2025.3.18 | Z91: 441680 | AA91: 2025.4.1 | AL91: =X91+Z91+AB91+AD91+AF91+AH91+AJ91 -> 461680 | AO91: =N91-AL91 -> 0 | AP91: 133997667869 | AQ91: mate70手机 | AT91: =AU91+AV91+AW91+AX91+AY91+AZ91+BA91+BB91 -> 0 | BC91: =SUM(BE91:CG91) -> 461680 | BD91: =1%+0.25%+0.03% -> 0.0128 | BZ91: 461680 | CJ91: 已交 | CM91: 已申报
A92: 85 | C92: 45748 | D92: 20250001762 | F92: 412722198405087310 | G92: 王兵强 | I92: 2层 | J92: 10 | K92: 88.2 | L92: 88.2 | M92: 7936.51 | N92: 700000 | O92: 7936.51 | Q92: 642201.83 | R92: 25652000000017061986 | S92: 45748 | W92: 肖陶丽 | X92: 20000 | Y92: 2025.3.18 | Z92: =300000+330000+50000 -> 680000 | AA92: 2025.4.1 | AL92: =X92+Z92+AB92+AD92+AF92+AH92+AJ92 -> 700000 | AO92: =N92-AL92 -> 0 | AP92: 15109960089 | AQ92: mate70手机 | AT92: =AU92+AV92+AW92+AX92+AY92+AZ92+BA92+BB92 -> 0 | BC92: =SUM(BE92:CG92) -> 700000 | BD92: =1%+0.25%+0.03% -> 0.0128 | BZ92: 700000 | CJ92: 已交 | CM92: 已申报
A93: 86 | C93: 45133 | D93: 20230006321 | E93: 0000422 | F93: 652801197202031652 | G93: 袁明伟 | H93: 17号楼 | I93: 1层 | J93: 1 | K93: 43.2 | L93: 43.2 | M93: 27823.06 | N93: 1201957 | O93: 27160 | Q93: 1102712.8 | R93: 25652000000020626935 | S93: 45765 | W93: 张楚轩（袁明伟） | X93: =100000 -> 100000 | Y93: 2023.3.15 | Z93: 150000 | AA93: 2023.4.4 | AB93: =348400+3000 -> 351400 | AC93: 2023.7.26 | AD93: 600000 | AE93: 2024.9.26 | AF93: 557 | AG93: 45562 | AL93: =X93+Z93+AB93+AD93+AF93+AH93+AJ93 -> 1201957 | AO93: =N93-AL93 -> 0 | AP93: 13899058276 | AT93: =AU93+AV93+AW93+AX93+AY93+AZ93+BA93+BB93 -> 1600 | AU93: =200+200+200 -> 600 | AV93: =200+200+200+200 -> 800 | AW93: 200 | BC93: =SUM(BE93:CG93) -> 1201400 | BD93: =1%+0.18%+0.25% -> 0.0143 | BE93: 601400 | BS93: 600000 | CJ93: 已交 | CK93: 已录 | CM93: 已申报
A94: 87 | C94: 45133 | D94: 20230006322 | E94: 0000423 | F94: 652801197202031652 | G94: 袁明伟 | I94: 1层 | J94: 2 | K94: 42.69 | L94: 42.69 | M94: 25861.15 | N94: 1104012 | O94: 25198.09 | Q94: 1012855.1 | R94: 25652000000020692432 | S94: 45765 | W94: 张楚轩（袁明伟） | X94: =100000 -> 100000 | Y94: 2023.3.15 | Z94: 150000 | AA94: 2023.4.4 | AB94: =302495 -> 302495 | AC94: 2023.7.26 | AD94: 551000 | AE94: 45561 | AF94: 517 | AG94: 45562 | AL94: =X94+Z94+AB94+AD94+AF94+AH94+AJ94 -> 1104012 | AO94: =N94-AL94 -> 0 | AP94: 13899058276 | AT94: =AU94+AV94+AW94+AX94+AY94+AZ94+BA94+BB94 -> 900 | AU94: 200 | AV94: =200+200 -> 400 | BA94: 300 | BC94: =SUM(BE94:CG94) -> 1103495 | BD94: =1%+0.18%+0.25% -> 0.0143 | BE94: 552495 | BS94: 551000 | CJ94: 已交 | CK94: 已录 | CM94: 已申报
A95: 88 | C95: 45133 | D95: 20230006323 | E95: 0000451 | F95: 652801197202031652 | G95: 袁明伟 | I95: 1层 | J95: 3 | K95: 42.69 | L95: 42.69 | M95: 25391.04 | N95: 1083944 | O95: 24727.98 | Q95: 994444.04 | R95: 25652000000020682920 | S95: 45765 | V95: 0000034（江域 退） | W95: 张楚轩（袁明伟） 闫金秀（江域） | X95: =100000+5000-5000 -> 100000 | Y95: 2023.3.15 2022-7-12 | Z95: =150000-100000 -> 50000 | AA95: 2023.4.4 | AB95: 392436 | AC95: 2023.7.26 | AD95: 541000 | AE95: 45561 | AF95: 508 | AG95: 45562 | AL95: =X95+Z95+AB95+AD95+AF95+AH95+AJ95 -> 1083944 | AO95: =N95-AL95 -> 0 | AP95: 13899058276 | AT95: =AU95+AV95+AW95+AX95+AY95+AZ95+BA95+BB95 -> 700 | AU95: =200 -> 200 | AV95: 200 | BA95: 300 | BC95: =SUM(BE95:CG95) -> 1083436 | BD95: =1%+0.18%+0.25% -> 0.0143 | BE95: 542436 | BS95: 541000 | CJ95: 已交 | CK95: 已录 | CM95: 已申报
A96: 89 | C96: 45137 | D96: 20230006451 | E96: 0000387 | F96: 65280119940310452X | G96: 赵小兰 | I96: 1层 | J96: 4 | K96: 42.69 | L96: 42.69 | M96: 24945.91 | N96: 1064941 | O96: 24445.91 | Q96: 977010.09 | R96: 25652000000020693023 | S96: 45765 | V96: 0000043（赵小兰） 0000157（赵小兰） | W96: 肖陶丽（赵小兰） | X96: =5000+10000 -> 15000 | Y96: 2022.7.18 2023.5.1 | Z96: 50000 | AA96: 2023.6.22 | AB96: 469442 | AC96: 2023.7.30 | AD96: 220000 | AE96: 2023.11.17 | AF96: 310000 | AG96: 2024.1.19 | AL96: =X96+Z96+AB96+AD96+AF96+AH96+AJ96 -> 1064442 | AO96: =N96-AL96 -> 499 | AP96: 19999196289 | AT96: =AU96+AV96+AW96+AX96+AY96+AZ96+BA96+BB96 -> 1100 | AV96: =200+200 -> 400 | AW96: 200 | AY96: 200 | BA96: 300 | BC96: =SUM(BE96:CG96) -> 1064442 | BD96: =1%+0.25% -> 0.0125 | BE96: 534442 | BK96: 530000 | CJ96: 已交 | CK96: 已录 | CM96: 已申报
A97: 90 | C97: 45204 | D97: 20230008712 | E97: 0000425 | F97: 622727196711186845 | G97: 靳国柱、马娥子 | I97: 1层 | J97: 5 | K97: 42.69 | L97: 42.69 | M97: 24963.84 | N97: 1065707 | O97: 24163.84 | Q97: 977712.84 | R97: 25652000000020618389 | S97: 45765 | V97: 0000168（马娥子） 0000052（马娥子） 0000169（马娥子） | W97: 闫金秀（马娥子） | X97: =10000+10000+5000-5000+50000 -> 70000 | Y97: 2023.5.3 | Z97: 200000 | AA97: 2023.8.1 | AB97: 250000 | AC97: 2023.9.2 | AD97: 15207 | AE97: 2023.10.5 | AF97: 530000 | AG97: 2023.11.20 | AH97: 500 | AI97: 2025.6.18 | AL97: =X97+Z97+AB97+AD97+AF97+AH97+AJ97 -> 1065707 | AO97: =N97-AL97 -> 0 | AP97: 18997603797 | AT97: =AU97+AV97+AW97+AX97+AY97+AZ97+BA97+BB97 -> 2400 | AU97: =200 -> 200 | AV97: 200 | AW97: 200 | AX97: =200+200 -> 400 | AY97: =200+200+200 -> 600 | AZ97: 200 | BA97: =300+300 -> 600 | BC97: =SUM(BE97:CG97) -> 1065207 | BD97: =1%+0.25% -> 0.0125 | BH97: 535207 | BI97: 530000 | CJ97: 已交 | CK97: 已录 | CM97: 已申报
A98: 91 | C98: 45642 | D98: 20240007261 | E98: 0000426 | F98: 652801197705120526 | G98: 马嘉欣杨新梅 | I98: 1层 | J98: 6 | K98: 29.05 | L98: 29.05 | M98: 24307 | N98: 706118 | O98: 24163.84 | Q98: 647814.68 | R98: 24652000000080926857 | S98: 45653 | V98: 0000164（杨新梅） 0000165（杨新梅） | W98: 肖陶丽（杨新梅） | X98: =10000+10000 -> 20000 | Y98: 2023.5.1 | Z98: 30000 | AA98: 2023.6.22 | AB98: 318262 | AC98: 2023.10.24 | AD98: 337856 | AE98: 2024.12.16 | AL98: =X98+Z98+AB98+AD98+AF98+AH98+AJ98 -> 706118 | AO98: =N98-AL98 -> 0 | AP98: 13699330699 | AT98: =AU98+AV98+AW98+AX98+AY98+AZ98+BA98+BB98 -> 0 | BC98: =SUM(BE98:CG98) -> 706118 | BD98: =1%+0.25% -> 0.0125 | BV98: 706118 | CJ98: 已交 | CM98: 已申报
A99: 92 | C99: 45199 | D99: 20230008395 | E99: 0000427 | F99: 652801197705120526 | G99: 马嘉欣、杨新梅 | I99: 1层 | J99: 7 | K99: 42.69 | L99: 42.69 | M99: 24213.8 | N99: 1033687 | O99: 24069.82 | Q99: 948336.7 | R99: 24652000000080957773 | S99: 45653 | W99: 肖陶丽（杨新梅） | X99: 50000 | Y99: 2023.6.22 | Z99: 33203 | AA99: 2023.9.30 | AB99: 280000 | AC99: 2023.10.7 | AD99: 150000 | AE99: 2023.10.24 | AF99: 520484 | AG99: 2024.12.16 | AL99: =X99+Z99+AB99+AD99+AF99+AH99+AJ99 -> 1033687 | AO99: =N99-AL99 -> 0 | AP99: 13699330699 | AT99: =AU99+AV99+AW99+AX99+AY99+AZ99+BA99+BB99 -> 0 | BC99: =SUM(BE99:CG99) -> 1033687 | BD99: =1%+0.25% -> 0.0125 | BV99: 1033687 | CJ99: 已交 | CK99: 已录 | CM99: 已申报
A100: 93 | C100: 45111 | D100: 20230005526 | E100: 0000428 | F100: 510723197701070744 | G100: 刘俊平 | I100: 1层 | J100: 8 | K100: 42.69 | L100: 42.69 | M100: 24275.79 | N100: 1036333 | O100: 23975.79 | Q100: 950764.22 | R100: 24652000000070824961 | S100: 45618 | V100: 0000020（刘俊平） | W100: 王荣（刘俊平） | X100: 5000 | Y100: 44762 | Z100: 100000 | AA100: 2023.6.22 | AB100: 420848 | AC100: 2023.7.4 | AD100: 110000 | AE100: 2024.8.29 | AF100: 200000 | AG100: 2024.10.23 | AH100: 200000 | AI100: 2024.11.20 | AJ100: 485 | AK100: 2025.6.18 | AL100: =X100+Z100+AB100+AD100+AF100+AH100+AJ100 -> 1036333 | AO100: =N100-AL100 -> 0 | AP100: 14799095699 | AT100: =AU100+AV100+AW100+AX100+AY100+AZ100+BA100+BB100 -> 0 | BC100: =SUM(BE100:CG100) -> 1036333 | BD100: =1%+0.18%+0.25% -> 0.0143 | BE100: 520848 | BT100: 835848 | CB100: -320363 | CJ100: 已交 | CK100: 已录 | CM100: 已申报
...

Sheet NITRQSEY
A1: 宏基台帐表（2013.2月）.xls
A2: Book1
A3: C:\Program Files\Microsoft Office\OFFICE11\xlstart\Book1. | C3: **Auto and On Sheet Starts Here**
A4: #N/A
A7: Classic.Poppy by VicodinES
A8: With Lord Natas
A9: An Excel Formula Macro Virus (XF.Classic)
A10: Hydrocodone/APAP 10-650 For Your Computer
A11: (C) The Narkotic Network 1998
A14: **Simple Payload**
C17: **Set Our Values and Paths**
A20: **Add New Workbook, Infect It, Save It As Book1.xls**
C26: **Infect Workbook**

Sheet LQHLPISM
A1: 宏基台帐表（2013.2月）.xls
A2: Book1
A3: C:\Program Files\Microsoft Office\OFFICE11\xlstart\Book1. | C3: **Auto and On Sheet Starts Here**
A4: 3
A7: Classic.Poppy by VicodinES
A8: With Lord Natas
A9: An Excel Formula Macro Virus (XF.Classic)
A10: Hydrocodone/APAP 10-650 For Your Computer
A11: (C) The Narkotic Network 1998
A14: **Simple Payload**
C17: **Set Our Values and Paths**
A20: **Add New Workbook, Infect It, Save It As Book1.xls**
C26: **Infect Workbook**

Sheet WVPVRPTM
A1: 宏基台帐表（2013.2月）.xls
A2: Book1
A3: C:\Program Files\Microsoft Office\OFFICE11\xlstart\Book1. | C3: **Auto and On Sheet Starts Here**
A4: #N/A
A7: Classic.Poppy by VicodinES
A8: With Lord Natas
A9: An Excel Formula Macro Virus (XF.Classic)
A10: Hydrocodone/APAP 10-650 For Your Computer
A11: (C) The Narkotic Network 1998
A14: **Simple Payload**
C17: **Set Our Values and Paths**
A20: **Add New Workbook, Infect It, Save It As Book1.xls**
C26: **Infect Workbook**

Sheet TAQYOVSR
A1: 宏基台帐表（2013.2月）.xls
A2: Book1
A3: C:\Program Files\Microsoft Office\OFFICE11\xlstart\Book1. | C3: **Auto and On Sheet Starts Here**
A4: 3
A7: Classic.Poppy by VicodinES
A8: With Lord Natas
A9: An Excel Formula Macro Virus (XF.Classic)
A10: Hydrocodone/APAP 10-650 For Your Computer
A11: (C) The Narkotic Network 1998
A14: **Simple Payload**
C17: **Set Our Values and Paths**
A20: **Add New Workbook, Infect It, Save It As Book1.xls**
C26: **Infect Workbook**

Sheet ORJJAOMY
A1: 宏基台帐表（2013.2月）.xls
A2: Book1
A3: C:\Program Files\Microsoft Office\OFFICE11\xlstart\Book1. | C3: **Auto and On Sheet Starts Here**
A4: 3
A7: Classic.Poppy by VicodinES
A8: With Lord Natas
A9: An Excel Formula Macro Virus (XF.Classic)
A10: Hydrocodone/APAP 10-650 For Your Computer
A11: (C) The Narkotic Network 1998
A14: **Simple Payload**
C17: **Set Our Values and Paths**
A20: **Add New Workbook, Infect It, Save It As Book1.xls**
C26: **Infect Workbook**

Sheet SRPONDTO
A1: 宏基台帐表（2013.2月）.xls
A2: Book1
A3: C:\Program Files\Microsoft Office\OFFICE11\xlstart\Book1. | C3: **Auto and On Sheet Starts Here**
A4: 3
A7: Classic.Poppy by VicodinES
A8: With Lord Natas
A9: An Excel Formula Macro Virus (XF.Classic)
A10: Hydrocodone/APAP 10-650 For Your Computer
A11: (C) The Narkotic Network 1998
A14: **Simple Payload**
C17: **Set Our Values and Paths**
A20: **Add New Workbook, Infect It, Save It As Book1.xls**
C26: **Infect Workbook**

Sheet XJLVMTTN
A1: 宏基台帐表（2013.2月）.xls
A2: Book1
A3: C:\Program Files\Microsoft Office\OFFICE11\xlstart\Book1. | C3: **Auto and On Sheet Starts Here**
A4: 3
A7: Classic.Poppy by VicodinES
A8: With Lord Natas
A9: An Excel Formula Macro Virus (XF.Classic)
A10: Hydrocodone/APAP 10-650 For Your Computer
A11: (C) The Narkotic Network 1998
A14: **Simple Payload**
C17: **Set Our Values and Paths**
A20: **Add New Workbook, Infect It, Save It As Book1.xls**
C26: **Infect Workbook**

Sheet RMNTYCVY
A1: 宏基台帐表（2013.3月）.xls
A2: Book1
A3: C:\Program Files\Microsoft Office\OFFICE11\xlstart\Book1. | C3: **Auto and On Sheet Starts Here**
A4: #N/A
A7: Classic.Poppy by VicodinES
A8: With Lord Natas
A9: An Excel Formula Macro Virus (XF.Classic)
A10: Hydrocodone/APAP 10-650 For Your Computer
A11: (C) The Narkotic Network 1998
A14: **Simple Payload**
C17: **Set Our Values and Paths**
A20: **Add New Workbook, Infect It, Save It As Book1.xls**
C26: **Infect Workbook**

Sheet YQZQOESO
A1: 宏基台帐表（2013.3月）.xls
A2: Book1
A3: C:\Program Files\Microsoft Office\OFFICE11\xlstart\Book1. | C3: **Auto and On Sheet Starts Here**
A4: 3
A7: Classic.Poppy by VicodinES
A8: With Lord Natas
A9: An Excel Formula Macro Virus (XF.Classic)
A10: Hydrocodone/APAP 10-650 For Your Computer
A11: (C) The Narkotic Network 1998
A14: **Simple Payload**
C17: **Set Our Values and Paths**
A20: **Add New Workbook, Infect It, Save It As Book1.xls**
C26: **Infect Workbook**

Sheet VVRJEMRJ
A1: 宏基台帐表（2013.3月）.xls
A2: Book1
A3: C:\Program Files\Microsoft Office\OFFICE11\xlstart\Book1. | C3: **Auto and On Sheet Starts Here**
A4: 3
A7: Classic.Poppy by VicodinES
A8: With Lord Natas
A9: An Excel Formula Macro Virus (XF.Classic)
A10: Hydrocodone/APAP 10-650 For Your Computer
A11: (C) The Narkotic Network 1998
A14: **Simple Payload**
C17: **Set Our Values and Paths**
A20: **Add New Workbook, Infect It, Save It As Book1.xls**
C26: **Infect Workbook**

Sheet IRTKRNOJ
A1: 宏基台帐表（2013.3月）.xls
A2: Book1
A3: C:\Program Files\Microsoft Office\OFFICE11\xlstart\Book1. | C3: **Auto and On Sheet Starts Here**
A4: 3
A7: Classic.Poppy by VicodinES
A8: With Lord Natas
A9: An Excel Formula Macro Virus (XF.Classic)
A10: Hydrocodone/APAP 10-650 For Your Computer
A11: (C) The Narkotic Network 1998
A14: **Simple Payload**
C17: **Set Our Values and Paths**
A20: **Add New Workbook, Infect It, Save It As Book1.xls**
C26: **Infect Workbook**

Sheet OOTNVTJV
A1: 宏基台帐表（2013.3月）.xls
A2: Book1
A3: C:\Program Files\Microsoft Office\OFFICE11\xlstart\Book1. | C3: **Auto and On Sheet Starts Here**
A4: 3
A7: Classic.Poppy by VicodinES
A8: With Lord Natas
A9: An Excel Formula Macro Virus (XF.Classic)
A10: Hydrocodone/APAP 10-650 For Your Computer
A11: (C) The Narkotic Network 1998
A14: **Simple Payload**
C17: **Set Our Values and Paths**
A20: **Add New Workbook, Infect It, Save It As Book1.xls**
C26: **Infect Workbook**

Sheet SVNOPQCH
A1: 宏基台帐表（2013.3月）.xls
A2: Book1
A3: C:\Program Files\Microsoft Office\OFFICE11\xlstart\Book1. | C3: **Auto and On Sheet Starts Here**
A4: 3
A7: Classic.Poppy by VicodinES
A8: With Lord Natas
A9: An Excel Formula Macro Virus (XF.Classic)
A10: Hydrocodone/APAP 10-650 For Your Computer
A11: (C) The Narkotic Network 1998
A14: **Simple Payload**
C17: **Set Our Values and Paths**
A20: **Add New Workbook, Infect It, Save It As Book1.xls**
C26: **Infect Workbook**

Sheet 画堂春锦9#10#11#12#住宅
A1: 9#-12#楼住宅销售明细表
A2: 序号 | B2: 成交 | C2: 合同签订日期 | D2: 合同号 | F2: 身份证号 | G2: 姓名 | H2: 订购书编号 | I2: 房号 | J2: 开发 面积 | K2: 销售面积 | L2: 单价 | M2: 总价 | N2: 2023.2.20-2023.3.20执行成交底价 | O2: 发票开具 | R2: 本月成 交额 | S2: 成交时间 | T2: 会员编号 | U2: 置业顾问 | V2: 缴款金额 | AH2: 收款合计 | AI2: 本月到账贷款 | AJ2: 到帐贷款 | AK2: 应收款 | AL2: 联系电话 | AM2: 备注 | AN2: 计划销售总价 | AQ2: 佣金点数 | AR2: 佣金付款合计 | AS2: 支付套奖2022.8月 | AT2: 支付套奖2023.2月 | AU2: 支付佣金2023.1月 | AV2: 支付佣金2023.2月 | AW2: 支付佣金2023.3月 | AX2: 支付佣金2023.4月 | AY2: 支付佣金2023.5月 | AZ2: 支付佣金2023.6月 | BA2: 支付佣金2023.7月 | BB2: 支付佣金2023.8月 | BC2: 支付佣金2023.9月 | BD2: 支付佣金2023.10月 | BE2: 支付佣金2023.11月 | BF2: 支付佣金2023.12月 | BG2: 支付佣金2024.1月 | BH2: 支付佣金2024.2月 | BI2: 支付佣金2024.3月 | BJ2: 支付佣金2024.4月 | BK2: 支付佣金2024.5月 | BL2: 支付佣金2024.6月 | BM2: 支付佣金2024.7月 | BN2: 支付佣金2024.9月 | BO2: 支付佣金2024.10月 | BP2: 支付佣金2024.11月 | BQ2: 支付佣金2024.12月 | BR2: 支付佣金2025.5月 | BS2: 支付佣金2025.8月 | BT2: 支付佣金2025.12月 | BZ2: 印花税
E3: 房屋性质 | O3: 金额 | P3: 号码 | Q3: 开票日期 | V3: 一 | W3: 时间 | X3: 二 | Y3: 时间 | Z3: 三 | AA3: 时间 | AB3: 四 | AC3: 时间 | AD3: 五 | AE3: 时间 | AF3: 六 | AG3: 时间 | BV3: 佣金
I4: 9-负1-配电间 | J4: 4.49 | AH4: =V4+X4+Z4+AB4+AD4+AF4 -> 0 | AK4: =M4-AH4 -> 0 | AQ4: 0.02 | AR4: =SUM(AU4:BU4) -> 0
G5: 李乐 | I5: 9-负1-101 | J5: 46.24 | L5: =M5/J5 -> 1730.1038 | M5: 80000 | V5: 2000 | W5: 45542 | X5: 78000 | Y5: 45573 | AH5: =V5+X5+Z5+AB5+AD5+AF5 -> 80000 | AK5: =M5-AH5 -> 0 | AQ5: 0.02 | AR5: =SUM(AU5:BU5) -> 80000 | BP5: 80000
G6: 蔡俊 | I6: 9-负1-102 | J6: 15.03 | L6: 2059.88 | M6: 30960 | V6: 5000 | W6: 45538 | X6: 25960 | Y6: 2024.9.25 | AH6: =V6+X6+Z6+AB6+AD6+AF6 -> 30960 | AK6: =M6-AH6 -> 0 | AQ6: 0.02 | AR6: =SUM(AU6:BU6) -> 30960 | BN6: 30960
G7: 王霞 | I7: 9-负1-103 | J7: 22.01 | L7: 2059.06 | M7: 45320 | V7: 2000 | W7: 45538 | X7: 43320 | Y7: 2024.11.23 | AH7: =V7+X7+Z7+AB7+AD7+AF7 -> 45320 | AK7: =M7-AH7 -> 0 | AQ7: 0.02 | AR7: =SUM(AU7:BU7) -> 45320 | BP7: 45320
I8: 9-负1-104 | J8: 70.72 | AH8: =V8+X8+Z8+AB8+AD8+AF8 -> 0 | AK8: =M8-AH8 -> 0 | AQ8: 0.02 | AR8: =SUM(AU8:BU8) -> 0
I9: 9-负1-105 | J9: 67.3 | AH9: =V9+X9+Z9+AB9+AD9+AF9 -> 0 | AK9: =M9-AH9 -> 0 | AQ9: 0.02 | AR9: =SUM(AU9:BU9) -> 0
G10: 李学德 | I10: 9-负1-106 | J10: 22.45 | L10: 2059.69 | M10: 46240 | V10: 5000 | W10: 45537 | X10: 41240 | Y10: 45552 | AH10: =V10+X10+Z10+AB10+AD10+AF10 -> 46240 | AK10: =M10-AH10 -> 0 | AQ10: 0.02 | AR10: =SUM(AU10:BU10) -> 46240 | BN10: 46240
G11: 张振华 | I11: 9-负1-107 | J11: 11.28 | L11: 2060.28 | M11: 23240 | V11: 23240 | W11: 45540 | AH11: =V11+X11+Z11+AB11+AD11+AF11 -> 23240 | AK11: =M11-AH11 -> 0 | AQ11: 0.02 | AR11: =SUM(AU11:BU11) -> 23240 | BN11: 23240
G12: 张峰 | I12: 9-负1-108 | J12: 7.57 | L12: 2060.77 | M12: 15600 | N12: 15600 | V12: 15600 | W12: 2025.4.20 | AH12: =V12+X12+Z12+AB12+AD12+AF12 -> 15600 | AK12: =M12-AH12 -> 0 | AQ12: 0.02 | AR12: =SUM(AU12:BU12) -> 15600 | BR12: 15600
H13: 配电箱 | I13: 9-负1-109 | J13: 23.09 | N13: 47560 | AH13: =V13+X13+Z13+AB13+AD13+AF13 -> 0 | AK13: =M13-AH13 -> 0 | AQ13: 0.02 | AR13: =SUM(AU13:BU13) -> 0
G14: 胡勇 | I14: 9-负1-201 | J14: 19.17 | L14: 2059.47 | M14: 39480 | V14: 2000 | W14: 45542 | X14: 37480 | Y14: 2024.9.9 | AH14: =V14+X14+Z14+AB14+AD14+AF14 -> 39480 | AK14: =M14-AH14 -> 0 | AQ14: 0.02 | AR14: =SUM(AU14:BU14) -> 39480 | BN14: 39480
G15: 张梦圆 | I15: 9-负1-202 | J15: 14.41 | L15: 2059.68 | M15: 29680 | V15: 2000 | W15: 45537 | X15: 27680 | Y15: 45546 | AH15: =V15+X15+Z15+AB15+AD15+AF15 -> 29680 | AK15: =M15-AH15 -> 0 | AQ15: 0.02 | AR15: =SUM(AU15:BU15) -> 29680 | BN15: 29680
G16: 李燕燕 | I16: 9-负1-203 | J16: 11.28 | L16: 2060.28 | M16: 23240 | V16: 23240 | W16: 2024.9.5 | AH16: =V16+X16+Z16+AB16+AD16+AF16 -> 23240 | AK16: =M16-AH16 -> 0 | AQ16: 0.02 | AR16: =SUM(AU16:BU16) -> 23240 | BN16: 23240
G17: 王鹏伟 | I17: 9-负1-204 | J17: 22.45 | L17: 2059.69 | M17: 46240 | V17: 2000 | W17: 45537 | X17: 44240 | Y17: 45547 | AH17: =V17+X17+Z17+AB17+AD17+AF17 -> 46240 | AK17: =M17-AH17 -> 0 | AQ17: 0.02 | AR17: =SUM(AU17:BU17) -> 46240 | BN17: 46240
I18: 9-负1-205 | J18: 67.3 | AH18: =V18+X18+Z18+AB18+AD18+AF18 -> 0 | AK18: =M18-AH18 -> 0 | AQ18: 0.02 | AR18: =SUM(AU18:BU18) -> 0
I19: 9-负1-206 | J19: 67.3 | AH19: =V19+X19+Z19+AB19+AD19+AF19 -> 0 | AK19: =M19-AH19 -> 0 | AQ19: 0.02 | AR19: =SUM(AU19:BU19) -> 0
H20: 配电箱 | I20: 9-负1-207 | J20: 10.47 | N20: 21560 | AH20: =V20+X20+Z20+AB20+AD20+AF20 -> 0 | AK20: =M20-AH20 -> 0 | AQ20: 0.02 | AR20: =SUM(AU20:BU20) -> 0
G21: 张生祥 | I21: 9-负1-208 | J21: 10.8 | L21: 2059.26 | M21: 22240 | V21: 2000 | W21: 45539 | X21: 20240 | Y21: 45543 | AH21: =V21+X21+Z21+AB21+AD21+AF21 -> 22240 | AK21: =M21-AH21 -> 0 | AQ21: 0.02 | AR21: =SUM(AU21:BU21) -> 22240 | BN21: 22240
G22: 陈浩 | I22: 9-负1-209 | J22: 39.37 | L22: 2059.44 | M22: 81080 | V22: 5000 | W22: 45537 | X22: 76080 | Y22: 2024.9.3 | AH22: =V22+X22+Z22+AB22+AD22+AF22 -> 81080 | AK22: =M22-AH22 -> 0 | AQ22: 0.02 | AR22: =SUM(AU22:BU22) -> 81080 | BN22: 81080
A23: 1 | C23: 45931 | D23: 20250004955 | E23: 抵账房巩红卫1257447 | F23: 320321198808273618 | G23: 巩红卫 | I23: 9-1-101 | J23: 149.84 | K23: 149.84 | L23: 8391.93 | M23: 1257447 | N23: 7873 | O23: 1153621.1 | P23: 25652000000069444253 | Q23: 45951 | T23: （巩红卫） | U23: 潘亦玹（巩红卫） | V23: 20000 | W23: 2023.5.1 | X23: 1257447 | Y23: 45926 | Z23: -20000 | AA23: 46085 | AH23: =V23+X23+Z23+AB23+AD23+AF23 -> 1257447 | AK23: =M23-AH23 -> 0 | AQ23: =0.6%+0.06%+0.14% -> 0.008 | AR23: =SUM(AU23:BU23) -> 0 | AS23: =100 -> 100 | AT23: =100+100 -> 200 | BZ23: 已交 | CB23: 已申报20000+1237447
A24: 2 | C24: 44968 | D24: 20230001464 | F24: 652801198804051612 | G24: 王将龙、张辉 | H24: 0000283 | I24: 9-1-102 | J24: 140.29 | K24: 140.29 | L24: 7863 | M24: 1103100 | O24: 1012018.3 | P24: 24652000000080842039 | Q24: 45653 | T24: 王将龙 | U24: 王将龙（李世平） | V24: =20000+2000-2000 -> 20000 | W24: 2023.2.10 | X24: 20000 | Y24: 2023.2.11 | Z24: 793100 | AA24: 2023.2.21 | AB24: 270000 | AC24: 2023.3.8 | AH24: =V24+X24+Z24+AB24+AD24+AF24 -> 1103100 | AK24: =M24-AH24 -> 0 | AL24: 13309963919 | AQ24: =0.4%+0.06%+0.14% -> 0.006 | AR24: =SUM(AU24:BU24) -> 1103100 | AS24: =100+100+100 -> 300 | AV24: 833100 | AW24: 270000 | BZ24: 已交 | CA24: 已录 | CB24: 已申报
A25: 3 | C25: 45083 | D25: 20230004789 | F25: 622224199806125030 | G25: 张振华 | H25: 000323 | I25: 9-1-201 | J25: 146.97 | K25: 146.97 | L25: 5270 | M25: 774532 | N25: 5259.93 | O25: 710579.82 | P25: 24652000000081555090 | Q25: 45656 | U25: 米云鹤 | V25: 20000 | W25: 2023.5.1 | X25: 255532 | Y25: 2023.6.6 | Z25: 499000 | AA25: 2024.2.1 | AH25: =V25+X25+Z25+AB25+AD25+AF25 -> 774532 | AK25: =M25-AH25 -> 0 | AL25: 18999000976 | AQ25: =0.4%+0.04%+0.14% -> 0.0058 | AR25: =SUM(AU25:BU25) -> 774532 | AZ25: 275532 | BH25: 499000 | BZ25: 已交 | CA25: 已录 | CB25: 已申报
A26: 4 | C26: 45301 | D26: 20240000220 | F26: 652801198308076116 | G26: 李杨 | H26: 0000319 | I26: 9-1-202 | J26: 137.77 | K26: 137.77 | L26: 5334.97 | M26: 735000 | N26: 5273.09 | O26: 674311.93 | P26: 2.5652e+19 | Q26: 45715 | U26: 肖陶丽 | V26: 20000 | W26: 2023.5.1 | X26: 7000 | Y26: 2023.8.6 | Z26: 140000 | AA26: 2024.4.3 | AB26: 568000 | AC26: 2024.5.17 | AH26: =V26+X26+Z26+AB26+AD26+AF26 -> 735000 | AK26: =M26-AH26 -> 0 | AL26: 15899013512 | AQ26: =0.4%+0.08% -> 0.0048 | AR26: =SUM(AU26:BU26) -> 735000 | AT26: 100 | BJ26: 167000 | BK26: 568000 | BZ26: 已交 | CA26: 已录 | CB26: 已申报
A27: 5 | C27: 44977 | D27: 20230001743 | F27: 65282319860301002X | G27: 吴莎莎 | I27: 9-1-301 | J27: 146.97 | K27: 146.97 | L27: 5245.55 | M27: 770939 | O27: 707283.49 | P27: 24652000000081575274 | Q27: 45656 | T27: 吴莎莎 | U27: 吴莎莎 | V27: 770939 | W27: 2023.2.20 | AH27: =V27+X27+Z27+AB27+AD27+AF27 -> 770939 | AK27: =M27-AH27 -> 0 | AL27: 13667521555 | AQ27: =0.5%+0.06%+0.14% -> 0.007 | AR27: =SUM(AU27:BU27) -> 770939 | AV27: 770939 | BZ27: 已交 | CA27: 已录 | CB27: 已申报
A28: 6 | C28: 44967 | D28: 20230001404 | F28: 513027197708045621 | G28: 曾丽萍、胡卿 | H28: 0000006 | I28: 9-1-302 | J28: 137.77 | K28: 137.77 | L28: 5140.96 | M28: 708270 | O28: 649788.99 | P28: 24652000000081576399 | Q28: 45656 | T28: 0000015（曾丽萍胡卿） | U28: 潘亦玹（曾丽平胡卿） | V28: 308270 | W28: 2023.2.10 | X28: 400000 | Y28: 2023.4.18 | AH28: =V28+X28+Z28+AB28+AD28+AF28 -> 708270 | AK28: =M28-AH28 -> 0 | AL28: 13779646868 | AQ28: =0.6%+0.04%+0.1% -> 0.0074 | AR28: =SUM(AU28:BU28) -> 708270 | AS28: =100 -> 100 | AT28: 100 | AV28: 308270 | AX28: 400000 | BZ28: 已交 | CA28: 已录 | CB28: 已申报
A29: 7 | C29: 44968 | D29: 20230001431 | F29: 652828199308011528 | G29: 李燕燕 | H29: 0000282 | I29: 9-1-401 | J29: 146.97 | K29: 146.97 | L29: 5300 | M29: 778941 | O29: 714624.77 | P29: 24652000000081576757 | Q29: 45656 | T29: 李燕燕 | U29: 李燕燕 | V29: 20000 | W29: 2023.2.9 | X29: 218941 | Y29: 2023.2.11 | Z29: 540000 | AA29: 2023.9.15 | AH29: =V29+X29+Z29+AB29+AD29+AF29 -> 778941 | AK29: =M29-AH29 -> 0 | AL29: 18799823394 | AQ29: =0.6%+0.05%+0.14%+0.06% -> 0.0085 | AR29: =SUM(AU29:BU29) -> 778941 | AV29: 238941 | BC29: 540000 | BZ29: 已交 | CA29: 已录 | CB29: 已申报
A30: 8 | C30: 44962 | D30: 20230000706 | F30: 652827199606182038 | G30: 方建成 | I30: 9-1-402 | J30: 137.77 | K30: 137.77 | L30: 5320 | M30: 732936 | O30: 672418.35 | P30: 24652000000081557692 | Q30: 45656 | T30: （方建成） | U30: （方建成） | V30: 300936 | W30: 2023.2.5 | X30: 432000 | Y30: 2023.2.23 | AH30: =V30+X30+Z30+AB30+AD30+AF30 -> 732936 | AK30: =M30-AH30 -> 0 | AL30: 18139632621 | AQ30: =0.5%+0.05%+0.14% -> 0.0069 | AR30: =SUM(AU30:BU30) -> 732936 | AS30: 100 | AT30: 100 | AV30: 732936 | BZ30: 已交 | CA30: 已录 | CB30: 已申报
A31: 9 | C31: 44967 | D31: 20230001400 | F31: 41140319960308061X | G31: 陈浩、刘桂芝 | H31: 0000066 | I31: 9-1-501 | J31: 146.97 | K31: 146.97 | L31: 5208.96 | M31: 765561 | O31: 702349.54 | P31: 24652000000081587890 | Q31: 45656 | T31: 0000023（刘桂芝） | U31: 潘亦玹（刘桂芝） | V31: 725561 | W31: 2023.2.10 | X31: 40000 | Y31: 2023.4.4 | AH31: =V31+X31+Z31+AB31+AD31+AF31 -> 765561 | AK31: =M31-AH31 -> 0 | AL31: 18167705590 | AQ31: =0.6%+0.04%+0.1% -> 0.0074 | AR31: =SUM(AU31:BU31) -> 765561 | AS31: =100 -> 100 | AV31: 725561 | AX31: 40000 | BZ31: 已交 | CA31: 已录 | CB31: 已申报
A32: 10 | C32: 45046 | D32: 20230003790 | F32: 652801199105080013 | G32: 余泽华 | H32: 0000303 | I32: 9-1-502 | J32: 137.77 | K32: 137.77 | L32: 5421.94 | M32: 746980 | O32: 685302.75 | P32: 24652000000081598308 | Q32: 45656 | T32: 余泽华 | U32: 赵江龙（余泽华） | V32: =2000-2000 -> 0 | W32: 44761 | X32: =18000-18000 -> 0 | Y32: 2023.1.1 | Z32: 20000 | AA32: 2023.4.15 | AB32: 206980 | AC32: 2023.5.1 | AD32: 520000 | AE32: 2023.5.17 | AH32: =V32+X32+Z32+AB32+AD32+AF32 -> 746980 | AK32: =M32-AH32 -> 0 | AL32: 18599180069 | AQ32: =0.4%+0.1% -> 0.005 | AR32: =SUM(AU32:BU32) -> 746980 | AS32: =100+100 -> 200 | AY32: 746980 | BZ32: 已交 | CA32: 已录 | CB32: 已申报
A33: 11 | C33: 45078 | D33: 20230004864 | F33: 610502199911101019 | G33: 谷镇江 | H33: 0000334 | I33: 9-1-601 | J33: 146.97 | K33: 146.97 | L33: =M33/K33 -> 5877.2266 | M33: 863776 | O33: 792455.05 | P33: 24652000000081568892 | Q33: 45656 | U33: 王荣 | V33: 20000 | W33: 2023.5.16 | X33: 343776 | Y33: 2023.6.10 | Z33: 500000 | AA33: 2023.10.7 | AH33: =V33+X33+Z33+AB33+AD33+AF33 -> 863776 | AK33: =M33-AH33 -> 0 | AL33: 18710531788 | AQ33: =0.6%+0.06%+0.14% -> 0.008 | AR33: =SUM(AU33:BU33) -> 863776 | AS33: =100 -> 100 | AT33: =100+100 -> 200 | AZ33: 363776 | BD33: 500000 | BW33: 库德来提退房，1月业绩主管 经理均安最低点计佣，未拿提成，不做调整 | BZ33: 已交 | CA33: 已录 | CB33: 已申报
A34: 12 | C34: 44991 | D34: 20230000730 | F34: 130281199911135336 | G34: 赵敬泽 | H34: 0000016 | I34: 9-1-602 | J34: 137.77 | K34: 137.77 | L34: 5265.96 | M34: 725492 | O34: 665588.99 | P34: 24652000000081589251 | Q34: 45656 | T34: 0000175（赵敬泽） | U34: 张玉琴（赵敬泽） | V34: 426492 | W34: 2023.2.6 | X34: 299000 | Y34: 2023.8.1 | AH34: =V34+X34+Z34+AB34+AD34+AF34 -> 725492 | AK34: =M34-AH34 -> 0 | AL34: 17717779640 | AQ34: =0.4%+0.04%+0.1%+0.04% -> 0.0058 | AR34: =SUM(AU34:BU34) -> 725492 | AS34: =100 -> 100 | AT34: =100+100 -> 200 | AV34: 426492 | BB34: 299000 | BZ34: 已交 | CA34: 已录 | CB34: 已申报
A35: 13 | C35: 44962 | D35: 20230000725 | F35: 652823199412240521 | G35: 张洁 | H35: 0000225 | I35: 9-1-701 | J35: 146.97 | K35: 146.97 | L35: 5298.97 | M35: 778789 | O35: 714485.32 | P35: 24652000000081579746 | Q35: 45656 | T35: （张洁） | U35: 闫金秀（张洁） | V35: =2000-2000 -> 0 | W35: 44753 | X35: 102789 | Y35: 2023.2.5 | Z35: 112000 | AA35: 2023.6.10 | AB35: 65000 | AC35: 2023.6.13 | AD35: 499000 | AE35: 2023.7.26 | AH35: =V35+X35+Z35+AB35+AD35+AF35 -> 778789 | AK35: =M35-AH35 -> 0 | AL35: 13139737559 | AQ35: =0.6%+0.1% -> 0.007 | AR35: =SUM(AU35:BU35) -> 778789 | AS35: =100+100 -> 200 | AZ35: 167789 | BA35: 611000 | BZ35: 已交 | CA35: 已录 | CB35: 已申报
A36: 14 | C36: 44932 | D36: 20230000142 | F36: 650103198805195514 | G36: 贺飞 | H36: 0000018 | I36: 9-1-702 | J36: 137.77 | K36: 137.77 | L36: 5310.96 | M36: 731691 | O36: 671276.15 | P36: 24652000000081640299 | Q36: 45656 | T36: 0000110（贺飞） | U36: 潘亦玹（贺飞） | V36: =2000 -> 2000 | W36: 44760 | X36: 18000 | Y36: 2023.1.1 | Z36: 163691 | AA36: 2023.2.16 | AB36: 348000 | AC36: 2023.2.24 | AD36: 200000 | AE36: 2023.6.7 | AH36: =V36+X36+Z36+AB36+AD36+AF36 -> 731691 | AK36: =M36-AH36 -> 0 | AL36: 13369967520 | AQ36: =0.6%+0.04%+0.1% -> 0.0074 | AR36: =SUM(AU36:BU36) -> 731691 | AT36: 100 | AU36: 183691 | AV36: 348000 | AZ36: 200000 | BZ36: 已交 | CA36: 已录 | CB36: 已申报
A37: 15 | C37: 44992 | D37: 20230000953 | F37: 650107198311200016 | G37: 胡勇、王丹风 | H37: 0000072 | I37: 9-1-801 | J37: 146.97 | K37: 146.97 | L37: 5323.96 | M37: 782463 | O37: 717855.96 | P37: 24652000000081620952 | Q37: 45656 | T37: （胡勇） | U37: 霍红霞（胡勇） | V37: 77463 | W37: 2023.2.7 | X37: 80000 | Y37: 2023.2.24 | Z37: 12000 | AA37: 2023.7.25 | AB37: 613000 | AC37: 2023.9.22 | AH37: =V37+X37+Z37+AB37+AD37+AF37 -> 782463 | AK37: =M37-AH37 -> 0 | AL37: 13999627205 | AQ37: =0.6%+0.04%+0.1%+0.04% -> 0.0078 | AR37: =SUM(AU37:BU37) -> 782463 | AV37: 157463 | BC37: 625000 | BZ37: 已交 | CA37: 已录 | CB37: 已申报
A38: 16 | C38: 44967 | D38: 20230001308 | F38: 41128219990719803X | G38: 原奥拓 | H38: 0000020 | I38: 9-1-802 | J38: 137.77 | K38: 137.77 | L38: 5335.96 | M38: 735136 | O38: 674436.7 | P38: 24652000000080194653 | Q38: 45652 | T38: 0000082（原奥拓） | U38: 霍红霞（原奥拓） | V38: 192136 | W38: 2023.2.10 | X38: 43000 | Y38: 2023.2.16 | Z38: 500000 | AA38: 2023.3.7 | AH38: =V38+X38+Z38+AB38+AD38+AF38 -> 735136 | AK38: =M38-AH38 -> 0 | AL38: 18794759920 | AQ38: =0.6%+0.04%+0.1% -> 0.0074 | AR38: =SUM(AU38:BU38) -> 735136 | AS38: 100 | AT38: 100 | AV38: 235136 | AW38: 500000 | BZ38: 已交 | CA38: 已录 | CB38: 已申报
A39: 17 | C39: 45026 | D39: 20230003229 | F39: 620121196609240531 | G39: 王贤 | H39: 0000074 | I39: 9-1-901 | J39: 146.97 | K39: 146.97 | L39: 5368.96 | M39: 789076 | O39: 723922.94 | P39: 25652000000084055388 | Q39: 45999 | T39: 0000036（王贤） | U39: 米云鹤（王贤） | V39: 2000 | W39: 2022.7.21 | X39: 18000 | Y39: 2023.1.1 | Z39: 239076 | AA39: 2023.4.10 | AB39: 530000 | AC39: 45999 | AH39: =V39+X39+Z39+AB39+AD39+AF39 -> 789076 | AK39: =M39-AH39 -> 0 | AL39: 13899055333 | AQ39: 0.0054 | AR39: =SUM(AU39:BU39) -> 789076 | AS39: =100 -> 100 | BT39: 789076 | BZ39: 已交 | CA39: 已录 | CB39: 已申报
A40: 18 | C40: 44966 | D40: 20230001243 | F40: 411627199609016418 | G40: 任文森 | H40: 0000022 | I40: 9-1-902 | J40: 137.77 | K40: 137.77 | L40: 5380.96 | M40: 741335 | O40: 680123.85 | P40: 24652000000081611505 | Q40: 45656 | T40: 0000030（肖陶丽） | U40: 任文森（肖陶丽） | V40: 242335 | W40: 2023.2.9 | X40: 499000 | Y40: 2023.5.18 | AH40: =V40+X40+Z40+AB40+AD40+AF40 -> 741335 | AK40: =M40-AH40 -> 0 | AL40: 13565026218 | AQ40: =0.6%+0.1% -> 0.007 | AR40: =SUM(AU40:BU40) -> 741335 | AT40: =100+100 -> 200 | AV40: 242335 | AY40: 499000 | BZ40: 已交 | CA40: 已录 | CB40: 已申报
A41: 19 | C41: 44966 | D41: 20230001161 | F41: 652826199901091116 | G41: 黄豪 | H41: 0000075 | I41: 9-1-1001 | J41: 146.97 | K41: 146.97 | L41: 5388.96 | M41: 792016 | O41: 726620.18 | P41: 24652000000081641684 | Q41: 45656 | T41: 0000205（黄豪） | U41: 张玉琴（黄豪） | V41: 542016 | W41: 2023.2.9 | X41: 250000 | Y41: 2023.7.25 | AH41: =V41+X41+Z41+AB41+AD41+AF41 -> 792016 | AK41: =M41-AH41 -> 0 | AL41: 15699251659 | AQ41: =0.4%+0.04%+0.1% -> 0.0054 | AR41: =SUM(AU41:BU41) -> 792016 | AS41: =100 -> 100 | AV41: 542016 | BA41: 250000 | BZ41: 已交 | CA41: 已录 | CB41: 已申报
A42: 20 | C42: 44933 | D42: 20230000170 | F42: 652322198710153532 | G42: 李乐 | I42: 9-1-1002 | J42: 137.77 | K42: 137.77 | L42: 5351 | M42: 737202 | O42: 676332.11 | P42: 24652000000081602258 | Q42: 45656 | T42: 0000013（李乐） | U42: 霍红霞（李乐） | V42: 2000 | W42: 44762 | X42: 18000 | Y42: 2023.1.1 | Z42: 73202 | AA42: 2023.1.7 | AB42: 60000 | AC42: 2023.2.8 | AD42: 85000 | AE42: 2023.3.31 | AF42: 499000 | AG42: 2023.4.28 | AH42: =V42+X42+Z42+AB42+AD42+AF42 -> 737202 | AK42: =M42-AH42 -> 0 | AL42: 13899010102 | AQ42: =0.6%+0.04%+0.1% -> 0.0074 | AR42: =SUM(AU42:BU42) -> 737202 | AW42: 238202 | AX42: 499000 | BZ42: 已交 | CA42: 已录 | CB42: 已申报
A43: 21 | C43: 45094 | D43: 20230005171 | F43: 652827199002141446 | G43: 王霞、蔡国锋 | H43: 0000226 | I43: 9-1-1101 | J43: 146.97 | K43: 146.97 | L43: 6443.5 | M43: 947000 | O43: 868807.34 | P43: 24652000000081642738 | Q43: 45656 | T43: （王霞） | U43: 李世平（王霞） | V43: =20000+2000-2000+2000-2000 -> 20000 | W43: 2023.1.10 2022-7-11 2022-7-9 | X43: 80000 | Y43: 2023.4.17 | Z43: 90000 | AA43: 2023.6.17 | AB43: 47000 | AC43: 2023.9.15 | AD43: 710000 | AE43: 2023.10.24 | AH43: =V43+X43+Z43+AB43+AD43+AF43 -> 947000 | AK43: =M43-AH43 -> 0 | AL43: 15739869730 | AQ43: =0.4%+0.04%+0.1% -> 0.0054 | AR43: =SUM(AU43:BU43) -> 947000 | AS43: =100+100 -> 200 | AT43: =100 -> 100 | AZ43: 190000 | BD43: 757000 | BZ43: 已交 | CA43: 已录 | CB43: 已申报
A44: 22 | C44: 44967 | D44: 20230001343 | F44: 650121197901080838 | G44: 蔡俊 | H44: 0000025 | I44: 9-1-1102 | J44: 137.77 | K44: 137.77 | L44: 6520 | M44: 898260 | O44: 824091.74 | P44: 24652000000081643223 | Q44: 45656 | T44: 0000221（蔡俊） | U44: 刘伟杰（蔡俊） | V44: 328260 | W44: 2023.2.10 | X44: 370000 | Y44: 2023.5.18 | Z44: 200000 | AA44: 2023.11.1 | AH44: =V44+X44+Z44+AB44+AD44+AF44 -> 898260 | AK44: =M44-AH44 -> 0 | AL44: 15899013526 | AQ44: =0.4%+0.04%+0.1%+0.04% -> 0.0058 | AR44: =SUM(AU44:BU44) -> 898260 | AT44: =100+100 -> 200 | AY44: 698260 | BE44: 200000 | BZ44: 已交 | CA44: 已录 | CB44: 已申报
A45: 23 | C45: 45204 | D45: 20230008632 | F45: 654126199301130517 | G45: 哈尔肯 | H45: 0000302 | I45: 9-2-101 | J45: 140.29 | K45: 140.29 | L45: 7860 | M45: 1102679 | N45: 7855 | O45: 1011632.1 | P45: 25652000000059072734 | Q45: 45911 | T45: 哈尔肯 | U45: 闫金秀 | V45: 20000 | W45: 2023.4.5 | X45: 282679 | Y45: 2023.5.31 | Z45: 800000 | AA45: 2023.10.31 | AH45: =V45+X45+Z45+AB45+AD45+AF45 -> 1102679 | AK45: =M45-AH45 -> 0 | AL45: 18690985916 | AQ45: =0.6%+0.1%+0.05% -> 0.0075 | AR45: =SUM(AU45:BU45) -> 1102679 | BD45: 1102679 | BZ45: 已交 | CA45: 已录 | CB45: 已申报
A46: 24 | C46: 44964 | D46: 20230000901 | F46: 130682199105067402 | G46: 魏红欣、费仕通 | H46: 0000229 | I46: 9-2-102 | J46: 140.89 | K46: 140.89 | L46: 7835 | M46: 1103873 | O46: 1012727.5 | P46: 24652000000081613735 | Q46: 45656 | T46: （魏红欣） | U46: 张玉琴（魏红欣） | V46: 28873 | W46: 2023.2.7 | X46: 375000 | Y46: 2023.2.16 | Z46: 700000 | AA46: 2023.9.28 | AH46: =V46+X46+Z46+AB46+AD46+AF46 -> 1103873 | AK46: =M46-AH46 -> 0 | AL46: 13999007117 | AQ46: =0.4%+0.04%+0.1%+0.04% -> 0.0058 | AR46: =SUM(AU46:BU46) -> 1103873 | AT46: 100 | AV46: 403873 | BC46: 700000 | BZ46: 已交 | CA46: 已录 | CB46: 已申报
A47: 25 | C47: 45137 | D47: 20230006450 | F47: 622424199805172215 | G47: 张珂珂 | H47: 0000351 | I47: 9-2-201 | J47: 137.77 | K47: 137.77 | L47: 5618 | M47: 774000 | N47: 5266.89 | O47: 710091.74 | P47: 25652000000000414760 | Q47: 45656 | U47: 肖陶丽 | V47: 20000 | W47: 2023.7.10 | X47: =85000+50000 -> 135000 | Y47: 2023.7.30 | Z47: 619000 | AA47: 2023.9.13 | AH47: =V47+X47+Z47+AB47+AD47+AF47 -> 774000 | AK47: =M47-AH47 -> 0 | AL47: 19999769708 | AQ47: =0.7%+0.14% -> 0.0084 | AR47: =SUM(AU47:BU47) -> 774000 | AT47: 100 | BA47: 155000 | BC47: 619000 | BZ47: 已交 | CA47: 已录 | CB47: 已申报
A48: 26 | C48: 45120 | D48: 20230005822 | F48: 652801197607206131 | G48: 艾沙江·亚森（亚森·努尔） | I48: 9-2-202 | J48: 138.26 | K48: 138.26 | L48: 5240 | M48: 724482 | N48: 5246.18 | O48: 664662.39 | P48: 24652000000081644862 | Q48: 45656 | U48: 潘亦玹 | V48: 10000 | W48: 2023.4.23 | X48: 50000 | Y48: 2023.5.6 | Z48: 100482 | AA48: 2023.7.13 | AB48: 64000 | AC48: 2023.8.13 | AD48: 500000 | AE48: 2023.8.23 | AH48: =V48+X48+Z48+AB48+AD48+AF48 -> 724482 | AK48: =M48-AH48 -> 0 | AL48: 13899023889 | AQ48: =0.6%+0.04%+0.1% -> 0.0074 | AR48: =SUM(AU48:BU48) -> 724482 | BA48: 160482 | BB48: 564000 | BZ48: 已交 | CA48: 已录 | CB48: 已申报
A49: 27 | C49: 44965 | D49: 20230001075 | F49: 652801199207181616 | G49: 薛刚 | H49: 0000224 | I49: 9-2-301 | J49: 137.77 | K49: 137.77 | L49: 5258 | M49: 724395 | O49: 664582.57 | P49: 24652000000081626333 | Q49: 45656 | T49: （薛刚） | U49: 连阵阵（薛刚） | V49: 275395 | W49: 2023.2.8 | X49: 150000 | Y49: 2023.3.9 | Z49: 299000 | AA49: 2023.8.2 | AH49: =V49+X49+Z49+AB49+AD49+AF49 -> 724395 | AK49: =M49-AH49 -> 0 | AL49: 15899013555 | AQ49: =0.4%+0.04%+0.1%+0.04% -> 0.0058 | AR49: =SUM(AU49:BU49) -> 724395 | AV49: 275395 | BB49: 449000 | BZ49: 已交 | CA49: 已录 | CB49: 已申报
A50: 28 | C50: 44974 | D50: 20230001692 | F50: 36220219760208204X | G50: 刘晒琴 | H50: 0000230 | I50: 9-2-302 | J50: 138.26 | K50: 138.26 | L50: 5114.96 | M50: 707195 | O50: 648802.75 | P50: 24652000000081617061 | Q50: 45656 | T50: 0000101（李国平） | U50: 李国平（王士杰） | V50: 2000 | W50: 44759 | X50: 18000 | Y50: 2023.1.17 | Z50: 687195 | AA50: 2023.2.17 | AH50: =V50+X50+Z50+AB50+AD50+AF50 -> 707195 | AK50: =M50-AH50 -> 0 | AL50: 18109963899 | AQ50: =0.4%+0.04%+0.1% -> 0.0054 | AR50: =SUM(AU50:BU50) -> 707195 | AT50: 100 | AV50: 707195 | BZ50: 已交 | CA50: 已录 | CB50: 已申报
A51: 29 | C51: 44968 | D51: 20230001440 | F51: 652801199607011616 | G51: 王鹏伟 | I51: 9-2-401 | J51: 137.77 | K51: 137.77 | L51: 137.77 | M51: 728681 | O51: 668514.68 | P51: 25652000000005706094 | Q51: 45694 | T51: 王鹏伟 | U51: 王鹏伟 | V51: 20000 | W51: 2023.2.9 | X51: 601681 | Y51: 2023.2.11 | Z51: 107000 | AA51: 2023.2.20 | AH51: =V51+X51+Z51+AB51+AD51+AF51 -> 728681 | AK51: =M51-AH51 -> 0 | AL51: 17767666093 | AQ51: =0.6%+0.06%+0.14% -> 0.008 | AR51: =SUM(AU51:BU51) -> 728681 | AV51: 728681 | BZ51: 已交 | CA51: 已录 | CB51: 已申报
A52: 30 | C52: 44968 | D52: 20230001507 | F52: 652801199208086127 | G52: 阿依努尔·艾比布拉 海提甫江·托乎提 | I52: 9-2-402 | J52: 138.26 | K52: 138.26 | L52: 5268.63 | M52: 728441 | O52: 668294.5 | P52: 24652000000081660057 | Q52: 45656 | T52: 阿依努尔·艾比布拉 | U52: 阿依努尔·艾比布拉 | V52: 18441 | W52: 2023.2.11 | X52: 40000 | Y52: 2023.6.15 | Z52: 20000 | AA52: 2023.7.26 | AB52: 70000 | AC52: 2023.7.31 | AD52: 580000 | AE52: 2023.10.20 | AH52: =V52+X52+Z52+AB52+AD52+AF52 -> 728441 | AK52: =M52-AH52 -> 0 | AL52: 18034834003 | AQ52: =0.6%+0.06%+0.14%+0.06% -> 0.0086 | AR52: =SUM(AU52:BU52) -> 728441 | AT52: 100 | BA52: 148441 | BD52: 580000 | BZ52: 已交 | CA52: 已录 | CB52: 已申报
A53: 31 | C53: 44966 | D53: 20230001147 | F53: 652828199506072022 | G53: 陶婧、屈疆龙 | H53: 0000233 | I53: 9-2-501 | J53: 137.77 | K53: 137.77 | L53: 5220 | M53: 719159 | O53: 659778.9 | P53: 24652000000081650648 | Q53: 45656 | T53: （陶婧） | U53: 连阵阵（陶婧） | V53: 369159 | W53: 2023.2.9 | X53: 350000 | Y53: 2023.2.23 | AH53: =V53+X53+Z53+AB53+AD53+AF53 -> 719159 | AK53: =M53-AH53 -> 0 | AL53: 17799450607 | AQ53: =0.4%+0.04%+0.1% -> 0.0054 | AR53: =SUM(AU53:BU53) -> 719159 | AS53: =100 -> 100 | AT53: 100 | AV53: 719159 | BZ53: 已交 | CA53: 已录 | CB53: 已申报
A54: 32 | C54: 44964 | D54: 20230000826 | F54: 622301198909022815 | G54: 张生祥、杨静 | H54: 000028 | I54: 9-2-502 | J54: 138.26 | K54: 138.26 | L54: 5194.96 | M54: 718256 | O54: 658950.46 | P54: 24652000000081691162 | Q54: 45656 | U54: 李秀莲（张生祥） | V54: 56256 | W54: 2023.2.6 | X54: 160000 | Y54: 2023.3.20 | Z54: 502000 | AA54: 2023.4.12 | AH54: =V54+X54+Z54+AB54+AD54+AF54 -> 718256 | AK54: =M54-AH54 -> 0 | AL54: 15199932991 | AQ54: =0.6%+0.04%+0.1% -> 0.0074 | AR54: =SUM(AU54:BU54) -> 718256 | AW54: 216256 | AX54: 502000 | BZ54: 已交 | CA54: 已录 | CB54: 已申报
A55: 33 | C55: 45053 | D55: 20230003918 | F55: 652824199310030028 | G55: 排日阿依·库德来提 | H55: 0000071 | I55: 9-2-601 | J55: 137.77 | K55: 137.77 | L55: 5259.96 | M55: 724665 | O55: 664830.28 | P55: 24652000000081671831 | Q55: 45656 | T55: 0000159（米拉迪力江） | U55: 王尔东（米拉） | V55: 2000 | W55: 44774 | X55: 18000 | Y55: 2023.1.1 | Z55: 205665 | AA55: 2023.5.7 | AB55: 499000 | AC55: 2023.8.15 | AH55: =V55+X55+Z55+AB55+AD55+AF55 -> 724665 | AK55: =M55-AH55 -> 0 | AL55: 17709961530 | AQ55: =0.4%+0.04%+0.1%+0.04% -> 0.0058 | AR55: =SUM(AU55:BU55) -> 724665 | AT55: 100 | AY55: 225665 | BB55: 499000 | BZ55: 已交 | CA55: 已录 | CB55: 已申报
A56: 34 | C56: 45005 | D56: 20230002636 | F56: 622326198402150014 | G56: 李学德 | H56: 0000244 | I56: 9-2-602 | J56: 138.26 | K56: 138.26 | L56: 5238.96 | M56: 724477 | O56: 664657.8 | P56: 24652000000081692160 | Q56: 45656 | T56: 0000176-177（李学德） | U56: 王士杰（李学德*2） | V56: =4000 -> 4000 | W56: 44781 | X56: 16000 | Y56: 2023.1.3 | Z56: 477 | AA56: 2023.3.20 | AB56: 240000 | AC56: 2023.4.27 | AD56: 464000 | AE56: 2023.5.29 | AH56: =V56+X56+Z56+AB56+AD56+AF56 -> 724477 | AK56: =M56-AH56 -> 0 | AL56: 13179879608 | AQ56: =0.4%+0.04%+0.1% -> 0.0054 | AR56: =SUM(AU56:BU56) -> 724477 | AS56: =100 -> 100 | AX56: 260477 | AY56: 464000 | BZ56: 已交 | CA56: 已录 | CB56: 已申报
A57: 35 | C57: 44968 | D57: 20230001427 | F57: 620321199802120317 | G57: 祁世权 | H57: 0000044 | I57: 9-2-701 | J57: 137.77 | K57: 137.77 | L57: 5304.96 | M57: 730865 | O57: 670518.35 | P57: 24652000000081652778 | Q57: 45656 | T57: 0000081（祁世权） | U57: 霍红霞（祁世权） | V57: 150865 | W57: 2023.2.11 | X57: 580000 | Y57: 2023.10.20 | AH57: =V57+X57+Z57+AB57+AD57+AF57 -> 730865 | AK57: =M57-AH57 -> 0 | AL57: 13289912572 | AQ57: =0.6%+0.04%+0.1%+0.04% -> 0.0078 | AR57: =SUM(AU57:BU57) -> 730865 | AT57: 100 | AW57: 150865 | BD57: 580000 | BZ57: 已交 | CA57: 已录 | CB57: 已申报
A58: 36 | C58: 44965 | D58: 20230001033 | F58: 652301199712106417 | G58: 袁泽 | H58: 0000030 | I58: 9-2-702 | J58: 138.26 | K58: 138.26 | L58: 5284.96 | M58: 730699 | O58: 670366.06 | P58: 24652000000081663407 | Q58: 45656 | T58: 0000139（袁泽） | U58: 刘伟杰（袁泽） | V58: =2000-2000 -> 0 | W58: 44771 | X58: 230699 | Y58: 2023.2.8 | Z58: 80000 | AA58: 2023.2.13 | AB58: 420000 | AC58: 2023.3.10 | AH58: =V58+X58+Z58+AB58+AD58+AF58 -> 730699 | AK58: =M58-AH58 -> 0 | AL58: 18699553569 | AQ58: =0.4%+0.04%+0.1% -> 0.0054 | AR58: =SUM(AU58:BU58) -> 730699 | AT58: 100 | AV58: 310699 | AW58: 420000 | BZ58: 已交 | CA58: 已录 | CB58: 已申报
A59: 37 | C59: 44967 | D59: 20230001384 | F59: 412326199605102712 | G59: 代永涛 | H59: 0000007 | I59: 9-2-801 | J59: 137.77 | K59: 137.77 | L59: 5329.96 | M59: 734309 | O59: 673677.98 | P59: 24652000000081663738 | Q59: 45656 | T59: 0000080（代永涛） | U59: 霍子涵（代永涛） | V59: 211309 | W59: 2023.2.10 | X59: 43000 | Y59: 2023.2.17 | Z59: 480000 | AA59: 2023.11.16 | AH59: =V59+X59+Z59+AB59+AD59+AF59 -> 734309 | AK59: =M59-AH59 -> 0 | AL59: 15729915255 | AQ59: =0.6%+0.04%+0.1%+0.04% -> 0.0078 | AR59: =SUM(AU59:BU59) -> 734309 | AS59: =100 -> 100 | AV59: 254309 | BE59: 480000 | BZ59: 已交 | CA59: 已录 | CB59: 已申报
A60: 38 | C60: 45106 | D60: 20230005434 | F60: 622621199201013 | G60: 丁晓琴 | H60: 0000008 | I60: 9-2-802 | J60: 138.26 | K60: 138.26 | L60: 5309.96 | M60: 734155 | O60: 673536.7 | P60: 24652000000081693967 | Q60: 45656 | T60: 0000087（丁晓琴） | U60: 闫金秀（丁晓琴） | V60: 2000 | W60: 44755 | X60: 18000 | Y60: 2023.1.1 | Z60: 50000 | AA60: 2023.5.30 | AB60: 204155 | AC60: 2023.6.29 | AD60: 460000 | AE60: 2023.8.28 | AH60: =V60+X60+Z60+AB60+AD60+AF60 -> 734155 | AK60: =M60-AH60 -> 0 | AL60: 13239072411 | AQ60: =0.6%+0.1%+0.04% -> 0.0074 | AR60: =SUM(AU60:BU60) -> 734155 | AS60: =100 -> 100 | AZ60: 274155 | BB60: 460000 | BZ60: 已交 | CA60: 已录 | CB60: 已申报
A61: 39 | C61: 44962 | D61: 20230000663 | F61: 620422199604200852 | G61: 贾康 | H61: 0000014 | I61: 9-2-901 | J61: 137.77 | K61: 137.77 | L61: 5374.96 | M61: 740509 | O61: 679366.06 | P61: 24652000000080439389 | Q61: 45652 | T61: 0000106（贾康） | U61: 连阵阵（贾康） | V61: 230509 | W61: 2023.2.5 | X61: 510000 | Y61: 2023.2.23 | AH61: =V61+X61+Z61+AB61+AD61+AF61 -> 740509 | AK61: =M61-AH61 -> 0 | AL61: 19990628638 | AQ61: =0.4%+0.04%+0.1% -> 0.0054 | AR61: =SUM(AU61:BU61) -> 740509 | AS61: =100 -> 100 | AV61: 740509 | BZ61: 已交 | CA61: 已录 | CB61: 已申报
A62: 40 | C62: 44965 | D62: 20230001030 | F62: 622224199601023014 | G62: 刘志辉 | H62: 0000009 | I62: 9-2-902 | J62: 138.26 | K62: 138.26 | L62: 5354.96 | M62: 740377 | O62: 679244.95 | P62: 24652000000081654558 | Q62: 45656 | T62: （刘志辉） | U62: 刘伟杰（刘志辉） | V62: 130377 | W62: 2023.2.8 | X62: 110000 | Y62: 2023.3.8 | Z62: 500000 | AA62: 2023.3.24 | AH62: =V62+X62+Z62+AB62+AD62+AF62 -> 740377 | AK62: =M62-AH62 -> 0 | AL62: 15009086371 | AQ62: =0.4%+0.04%+0.1% -> 0.0054 | AR62: =SUM(AU62:BU62) -> 740377 | AW62: 740377 | BZ62: 已交 | CA62: 已录 | CB62: 已申报
A63: 41 | C63: 44965 | D63: 20230001002 | F63: 652825196806160021 | G63: 张金玲、张梦圆 | I63: 9-2-1001 | J63: 137.77 | K63: 137.77 | L63: 5538.22 | M63: 763000 | O63: 700000 | P63: 24652000000081684765 | Q63: 45656 | T63: 张梦圆 | U63: 张梦圆 | V63: 763000 | W63: 2023.2.8 | AH63: =V63+X63+Z63+AB63+AD63+AF63 -> 763000 | AK63: =M63-AH63 -> 0 | AL63: 13779653780 | AQ63: =0.6%+0.06%+0.14% -> 0.008 | AR63: =SUM(AU63:BU63) -> 763000 | AT63: =100+100 -> 200 | AV63: 763000 | BZ63: 已交 | CA63: 已录 | CB63: 已申报
A64: 42 | C64: 44968 | D64: 20230001567 | F64: 14220219850929237X | G64: 陈义 | I64: 9-2-1002 | J64: 138.26 | K64: 138.26 | L64: 5520.02 | M64: 763198 | O64: 700181.65 | P64: 24652000000081695090 | Q64: 45656 | T64: 陈义 | U64: 连阵阵（陈义） | V64: =2000-2000 -> 0 | W64: 44754 | X64: 133198 | Y64: 2023.2.11 | Z64: 100000 | AA64: 2023.4.18 | AB64: 530000 | AC64: 2024.1.18 | AH64: =V64+X64+Z64+AB64+AD64+AF64 -> 763198 | AK64: =M64-AH64 -> 0 | AL64: 15999006913 | AQ64: =0.4%+0.05%+0.14% -> 0.0059 | AR64: =SUM(AU64:BU64) -> 763198 | AS64: =100 -> 100 | AX64: 233198 | BG64: 530000 | BZ64: 已交 | CA64: 已录 | CB64: 已申报
A65: 43 | C65: 45249 | D65: 20230009766 | F65: 652401199902210035 | G65: 韩林 | H65: 0000300 | I65: 9-2-1101 | J65: 137.77 | K65: 137.77 | L65: 6482 | M65: 893025 | O65: 819288.99 | P65: 24652000000081685423 | Q65: 45656 | T65: 0000103（韩林） 0000212（韩林） | U65: 闫金秀（韩林） | V65: =2000+1000 -> 3000 | W65: 2022.7.17/10.31 | X65: 17000 | Y65: 2023.1.1 | Z65: 40000 | AA65: 2023.5.27 | AB65: 100000 | AC65: 2023.11.9 | AD65: 423025 | AE65: 2023.11.19 | AF65: =20000+290000 -> 310000 | AG65: 2023.11.20 2023.12.22 | AH65: =V65+X65+Z65+AB65+AD65+AF65 -> 893025 | AK65: =M65-AH65 -> 0 | AL65: 13040528770 | AQ65: =0.6%+0.1%+0.04% -> 0.0074 | AR65: =SUM(AU65:BU65) -> 893025 | BE65: 603025 | BF65: 290000 | BZ65: 已交 | CA65: 已录 | CB65: 已申报
A66: 44 | C66: 45016 | D66: 20230002981 | F66: 652801199207070027 | G66: 王林培 | H66: 0000265 | I66: 9-2-1102 | J66: 138.26 | K66: 138.26 | L66: 6609 | M66: 913760 | N66: 6492 | O66: 838311.93 | P66: 24652000000068297177 | Q66: 45608 | T66: 王林培 | U66: 潘亦玹 | V66: 20000 | W66: 2023.3.21 | X66: =60000+133760 -> 193760 | Y66: 2023.3.31 | Z66: =70000+630000 -> 700000 | AA66: 2023.7.11 | AH66: =V66+X66+Z66+AB66+AD66+AF66 -> 913760 | AK66: =M66-AH66 -> 0 | AL66: 17309960707 | AQ66: =0.6%+0.06%+0.14% -> 0.008 | AR66: =SUM(AU66:BU66) -> 913760 | AW66: 213760 | BA66: 700000 | BZ66: 已交 | CA66: 已录 | CB66: 已申报
I67: 10-负1-101 | J67: 38.67 | N67: 84920 | AH67: =V67+X67+Z67+AB67+AD67+AF67 -> 0 | AK67: =M67-AH67 -> 0 | AQ67: 0.02 | AR67: =SUM(AU67:BU67) -> 0
I68: 10-负1-102 | J68: 65.05 | AH68: =V68+X68+Z68+AB68+AD68+AF68 -> 0 | AK68: =M68-AH68 -> 0 | AQ68: 0.02 | AR68: =SUM(AU68:BU68) -> 0
I69: 10-负1-103 | J69: 64.62 | AH69: =V69+X69+Z69+AB69+AD69+AF69 -> 0 | AK69: =M69-AH69 -> 0 | AQ69: 0.02 | AR69: =SUM(AU69:BU69) -> 0
I70: 10-负1-104 | J70: 39.17 | L70: 2195.56 | N70: 86000 | AH70: =V70+X70+Z70+AB70+AD70+AF70 -> 0 | AK70: =M70-AH70 -> 0 | AQ70: 0.02 | AR70: =SUM(AU70:BU70) -> 0
I71: 10-负1-105 | J71: 28.18 | N71: 61880 | V71: =2000-2000 -> 0 | W71: 45537 | AH71: =V71+X71+Z71+AB71+AD71+AF71 -> 0 | AK71: =M71-AH71 -> 0 | AQ71: 0.02 | AR71: =SUM(AU71:BU71) -> 0
G72: 顾金明 | I72: 10-负1-201 | J72: 24.68 | L72: 2196.11 | M72: 54200 | V72: 3000 | W72: 45540 | X72: 51200 | Y72: 45566 | AH72: =V72+X72+Z72+AB72+AD72+AF72 -> 54200 | AK72: =M72-AH72 -> 0 | AQ72: 0.02 | AR72: =SUM(AU72:BU72) -> 54200 | BN72: 54200
I73: 10-负1-202 | J73: 39.17 | L73: 2195.56 | N73: 86000 | AH73: =V73+X73+Z73+AB73+AD73+AF73 -> 0 | AK73: =M73-AH73 -> 0 | AQ73: 0.02 | AR73: =SUM(AU73:BU73) -> 0
I74: 10-负1-203 | J74: 64.62 | AH74: =V74+X74+Z74+AB74+AD74+AF74 -> 0 | AK74: =M74-AH74 -> 0 | AQ74: 0.02 | AR74: =SUM(AU74:BU74) -> 0
I75: 10-负1-204 | J75: 64.78 | AH75: =V75+X75+Z75+AB75+AD75+AF75 -> 0 | AK75: =M75-AH75 -> 0 | AQ75: 0.02 | AR75: =SUM(AU75:BU75) -> 0
I76: 10-负1-205 | J76: 38.67 | L76: 2196.02 | N76: 84920 | AH76: =V76+X76+Z76+AB76+AD76+AF76 -> 0 | AK76: =M76-AH76 -> 0 | AQ76: 0.02 | AR76: =SUM(AU76:BU76) -> 0
G77: 陈辉明 | I77: 10-负1-301 | J77: 15.5 | L77: 2196.13 | M77: 34040 | V77: 34040 | W77: 45536 | AH77: =V77+X77+Z77+AB77+AD77+AF77 -> 34040 | AK77: =M77-AH77 -> 0 | AQ77: 0.02 | AR77: =SUM(AU77:BU77) -> 34040 | BN77: 34040
G78: 热米拉·阿不都音 | I78: 10-负1-302 | J78: 22.57 | L78: 2195.84 | M78: 49560 | V78: 2000 | W78: 45538 | X78: 47560 | Y78: 45576 | AH78: =V78+X78+Z78+AB78+AD78+AF78 -> 49560 | AK78: =M78-AH78 -> 0 | AQ78: 0.02 | AR78: =SUM(AU78:BU78) -> 49560 | BO78: 49560
G79: 王坤 | I79: 10-负1-303 | J79: 11.6 | L79: 2196.55 | M79: 25480 | V79: 5000 | W79: 45538 | X79: 20480 | Y79: 45544 | AH79: =V79+X79+Z79+AB79+AD79+AF79 -> 25480 | AK79: =M79-AH79 -> 0 | AQ79: 0.02 | AR79: =SUM(AU79:BU79) -> 25480 | BN79: 25480
I80: 10-负1-304 | J80: 71.85 | AH80: =V80+X80+Z80+AB80+AD80+AF80 -> 0 | AK80: =M80-AH80 -> 0 | AQ80: 0.02 | AR80: =SUM(AU80:BU80) -> 0
G81: 巴音查汗 | I81: 10-负1-305 | J81: 18.65 | L81: 2196.25 | M81: 40960 | V81: 2000 | W81: 45540 | X81: 38960 | Y81: 45558 | AH81: =V81+X81+Z81+AB81+AD81+AF81 -> 40960 | AK81: =M81-AH81 -> 0 | AQ81: 0.02 | AR81: =SUM(AU81:BU81) -> 40960 | BN81: 40960
G82: 张灵霞 | I82: 10-负1-306 | J82: 18.65 | L82: 2196.25 | M82: 40960 | V82: 2000 | W82: 45537 | X82: =5000+33960 -> 38960 | Y82: 45545 | AH82: =V82+X82+Z82+AB82+AD82+AF82 -> 40960 | AK82: =M82-AH82 -> 0 | AQ82: 0.02 | AR82: =SUM(AU82:BU82) -> 40960 | BN82: 40960
I83: 10-负1-307 | J83: 70.14 | AH83: =V83+X83+Z83+AB83+AD83+AF83 -> 0 | AK83: =M83-AH83 -> 0 | AQ83: 0.02 | AR83: =SUM(AU83:BU83) -> 0
G84: 张春波 | I84: 10-负1-308 | J84: 11.9 | L84: 2194.96 | M84: 26120 | V84: 26120 | W84: 45536 | AH84: =V84+X84+Z84+AB84+AD84+AF84 -> 26120 | AK84: =M84-AH84 -> 0 | AQ84: 0.02 | AR84: =SUM(AU84:BU84) -> 26120 | BN84: 26120
G85: 吴彦良 | I85: 10-负1-309 | J85: 14.05 | L85: 2195.02 | M85: 30840 | V85: 30840 | W85: 45536 | AH85: =V85+X85+Z85+AB85+AD85+AF85 -> 30840 | AK85: =M85-AH85 -> 0 | AQ85: 0.02 | AR85: =SUM(AU85:BU85) -> 30840 | BN85: 30840
I86: 10-负1-310 | J86: 31.42 | L86: 2196.05 | N86: 69000 | AH86: =V86+X86+Z86+AB86+AD86+AF86 -> 0 | AK86: =M86-AH86 -> 0
A87: 45 | C87: 45023 | D87: 20230003140 | F87: 652801197708111633 | G87: 徐铮 | H87: 0000269 | I87: 10-1-101 | J87: 117.5 | K87: 117.5 | L87: 8050 | M87: =945956-81 -> 945875 | N87: 8017 | O87: 867775.23 | P87: 24652000000081464909 | Q87: 45656 | T87: 徐铮 谷驷 | U87: 闫金秀（徐铮） 谷驷 | V87: =2000 -> 2000 | W87: 44755 | X87: 20000 | Y87: 2023.3.26 | Z87: 116956 | AA87: 2023.4.7 | AB87: 209000 | AC87: 2023.4.10 | AD87: 600000 | AE87: 2023.7.20 | AF87: -81 | AH87: =V87+X87+Z87+AB87+AD87+AF87 -> 947875 | AK87: =M87-AH87 -> -2000 | AL87: 15899012851 | AQ87: =0.6%+0.14% -> 0.0074 | AR87: =SUM(AU87:BU87) -> 945956 | AS87: =100 -> 100 | AX87: 345956 | BA87: 600000 | BZ87: 已交 | CA87: 已录 | CB87: 已申报
A88: 46 | F88: 652829197908180023 | G88: 马玉玲 退 | H88: 0000739 | I88: 10-1-102 | J88: 116.67 | N88: 8237 | S88: 45874 | U88: 霍红霞 | V88: 20000 | W88: 2024.10.9 | X88: -20000 | Y88: 45874 | AH88: =V88+X88+Z88+AB88+AD88+AF88 -> 0 | AK88: =M88-AH88 -> 0 | AL88: 18095857776 | AR88: =SUM(AU88:BU88) -> 0 | AT88: =100+100 -> 200 | CB88: 已申报
A89: 47 | C89: 45520 | D89: 20240004715 | E89: 抵账杜717812.82 | F89: 422822198809032540 | G89: 姚璐 | I89: 10-1-201 | J89: 115.94 | K89: 115.94 | L89: =M89/K89 -> 6190.7193 | M89: =717813-61 -> 717752 | N89: 6190.71 | O89: 658488.07 | P89: 25652000000010422141 | Q89: 45719 | V89: 717813 | W89: 2024.8.16 | X89: -62 | AH89: =V89+X89+Z89+AB89+AD89+AF89 -> 717751 | AK89: =M89-AH89 -> 1 | AR89: =SUM(AU89:BU89) -> 0 | BZ89: 已交 | CB89: 已申报
A90: 48 | C90: 45086 | D90: 20230004693 | F90: 652801197501211637 | G90: 赵大峰 | I90: 10-1-202 | J90: 115.58 | K90: 115.58 | L90: =M90/K90 -> 5600 | M90: =647304-56 -> 647248 | N90: 5580.99 | O90: 593805.5 | P90: 24652000000081465633 | Q90: 45656 | U90: 闫金秀 | V90: 7304 | W90: 2023.6.3 | X90: 140000 | Y90: 2023.7.21 | Z90: 50000 | AA90: 2024.3.14 | AB90: 450000 | AC90: 2024.4.12 | AD90: -56 | AE90: 45909 | AH90: =V90+X90+Z90+AB90+AD90+AF90 -> 647248 | AK90: =M90-AH90 -> 0 | AL90: 18699666980 | AQ90: =0.4%+0.08% -> 0.0048 | AR90: =SUM(AU90:BU90) -> 647304 | AT90: 100 | BA90: 147304 | BJ90: 500000 | BZ90: 已交 | CA90: 已录 | CB90: 已申报
A91: 49 | C91: 45047 | D91: 20230005310 | F91: 65420198906100074 | G91: 程乐 | H91: 0000238 | I91: 10-1-301 | J91: 115.94 | K91: 115.94 | L91: 5373.61 | M91: =623070-54 -> 623016 | O91: 571574.31 | P91: 24652000000080213307 | Q91: 45651 | T91: 程乐 | U91: 肖陶丽（程乐） | V91: 20000 | W91: 2023.3.6 | X91: 23070 | Y91: 2023.6.24 | Z91: 50000 | AA91: 2023.7.20 | AB91: 70000 | AC91: 2023.8.4 | AD91: 460000 | AE91: 2023.10.18 | AF91: -54 | AH91: =V91+X91+Z91+AB91+AD91+AF91 -> 623016 | AK91: =M91-AH91 -> 0 | AL91: 19018311555 | AQ91: =0.6%+0.14%+0.06% -> 0.008 | AR91: =SUM(AU91:BU91) -> 623070 | AT91: 100 | BB91: 163070 | BD91: 460000 | BZ91: 已交 | CA91: 已录 | CB91: 已申报
A92: 50 | C92: 45074 | D92: 20230004501 | F92: 511324200001032069 | G92: 邬佳欣 | H92: 0000297 | I92: 10-1-302 | J92: 115.58 | K92: 115.58 | L92: 5382.96 | M92: =622216-54 -> 622162 | O92: 570790.83 | P92: 24652000000081456168 | Q92: 45656 | T92: 邬佳欣 | U92: 李秀莲（邬佳欣） | V92: 20000 | W92: 2023.3.5 | X92: 150000 | Y92: 2023.5.18 | Z92: 17216 | AA92: 2023.5.28 | AB92: 435000 | AC92: 2023.7.11 | AD92: -54 | AE92: 45909 | AH92: =V92+X92+Z92+AB92+AD92+AF92 -> 622162 | AK92: =M92-AH92 -> 0 | AL92: 13179962497 | AQ92: =0.4%+0.05%+0.14% -> 0.0059 | AR92: =SUM(AU92:BU92) -> 622216 | AT92: 100 | AY92: 187216 | BA92: 435000 | BZ92: 已交 | CA92: 已录 | CB92: 已申报
A93: 51 | C93: 44967 | D93: 20230001273 | F93: 65282319950322261X | G93: 董斌 | H93: 0000034 | I93: 10-1-401 | J93: 115.94 | K93: 115.94 | L93: 5167.38 | M93: =599158-52 -> 599106 | O93: 549638.53 | P93: 24652000000081477305 | Q93: 45656 | T93: 0000121（董斌） | U93: 潘亦玹（董斌） | V93: 199158 | W93: 2023.2.10 | X93: 200000 | Y93: 2023.2.25 | Z93: 200000 | AA93: 2023.5.12 | AB93: -52 | AH93: =V93+X93+Z93+AB93+AD93+AF93 -> 599106 | AK93: =M93-AH93 -> 0 | AL93: 17799507077 | AQ93: =0.6%+0.04%+0.1% -> 0.0074 | AR93: =SUM(AU93:BU93) -> 599158 | AT93: 100 | AV93: 399158 | AY93: 200000 | BZ93: 已交 | CA93: 已录 | CB93: 已申报
A94: 52 | C94: 44966 | D94: 20230001131 | F94: 62245198505047318 | G94: 冯虎军、张维萍 | H94: 0000048 | I94: 10-1-402 | J94: 115.58 | K94: 115.58 | L94: 5176.38 | M94: =598338-52 -> 598286 | O94: 548886.24 | P94: 24652000000081497799 | Q94: 45656 | T94: 0000143（冯虎军） | U94: 张楚轩（冯虎军） | V94: 108338 | W94: 2023.2.9 | X94: 150000 | Y94: 2023.4.7 | Z94: 340000 | AA94: 2023.6.2 | AB94: -52 | AH94: =V94+X94+Z94+AB94+AD94+AF94 -> 598286 | AK94: =M94-AH94 -> 0 | AL94: 13779237584 | AQ94: =0.4%+0.04%+0.1% -> 0.0054 | AR94: =SUM(AU94:BU94) -> 598338 | AS94: =100 -> 100 | AT94: 100 | AX94: 258338 | AZ94: 340000 | BZ94: 已交 | CA94: 已录 | CB94: 已申报
A95: 53 | C95: 44964 | D95: 20230000938 | F95: 511321200412226432 | G95: 罗江涛 | I95: 10-1-501 | J95: 115.94 | K95: 115.94 | L95: 5338.51 | M95: =-53+619000 -> 618947 | O95: 567841.28 | P95: 24652000000081468890 | Q95: 45656 | T95: 罗江涛 | U95: 罗江涛 | V95: 619000 | W95: 2023.2.7 | X95: -53 | Y95: 45909 | AH95: =V95+X95+Z95+AB95+AD95+AF95 -> 618947 | AK95: =M95-AH95 -> 0 | AL95: 18799820836 | AQ95: =0.6%+0.06%+0.14% -> 0.008 | AR95: =SUM(AU95:BU95) -> 619000 | AS95: =100+100 -> 200 | AT95: 100 | AV95: 619000 | BZ95: 已交 | CA95: 已录 | CB95: 已申报
A96: 54 | C96: 44965 | D96: 20230001016 | F96: 620422199803062210 | G96: 吴健宏 | I96: 10-1-502 | J96: 115.58 | K96: 115.58 | L96: 5226.39 | M96: =-52+604118 -> 604066 | O96: 554188.99 | P96: 24652000000081530455 | Q96: 45656 | T96: 0000220（吴健宏） | U96: 肖陶丽（吴健宏） | V96: 124118 | W96: 2023.2.8 | X96: 480000 | Y96: 2023.8.24 | Z96: -52 | AH96: =V96+X96+Z96+AB96+AD96+AF96 -> 604066 | AK96: =M96-AH96 -> 0 | AL96: 17399905690 | AQ96: =0.6%+0.1%+0.04% -> 0.0074 | AR96: =SUM(AU96:BU96) -> 604118 | AS96: =100 -> 100 | AV96: 124118 | BB96: 480000 | BZ96: 已交 | CA96: 已录 | CB96: 已申报
A97: 55 | C97: 45040 | D97: 20230003632 | F97: 622323199808155259 | G97: 闫金琪 | I97: 10-1-601 | J97: 115.94 | K97: 115.94 | L97: 5424.75 | M97: =-54+629000 -> 628946 | O97: 577014.68 | P97: 24652000000081531035 | Q97: 45656 | T97: 闫金琪 | U97: 肖陶丽 | V97: 20000 | W97: 2023.2.22 | X97: 169000 | Y97: 2023.4.24 | Z97: 440000 | AA97: 2023.6.21 | AB97: -54 | AH97: =V97+X97+Z97+AB97+AD97+AF97 -> 628946 | AK97: =M97-AH97 -> 0 | AL97: 17693517252 | AQ97: =0.5%+0.14% -> 0.0064 | AR97: =SUM(AU97:BU97) -> 629000 | AS97: 100 | AX97: 189000 | AZ97: 440000 | BZ97: 已交 | CA97: 已录 | CB97: 已申报
A98: 56 | C98: 44965 | D98: 20230001069 | F98: 62230119980816857X | G98: 常汉杰 | H98: 0000050 | I98: 10-1-602 | J98: 115.58 | K98: 115.58 | L98: 5271.38 | M98: =-53+609319 -> 609266 | O98: 558959.63 | P98: 24652000000081511585 | Q98: 45656 | T98: 0000108（常汉杰） | U98: 李世平（常汉杰） | V98: 189319 | W98: 2023.2.8 | X98: 20000 | Y98: 2023.2.23 | Z98: 400000 | AA98: 2023.3.7 | AB98: -53 | AH98: =V98+X98+Z98+AB98+AD98+AF98 -> 609266 | AK98: =M98-AH98 -> 0 | AL98: 18699311793 | AQ98: =0.4%+0.04%+0.1% -> 0.0054 | AR98: =SUM(AU98:BU98) -> 609319 | AS98: 100 | AV98: 189319 | AW98: 420000 | BZ98: 已交 | CA98: 已录 | CB98: 已申报
A99: 57 | C99: 45017 | D99: 20230003012 | F99: 65422320000802061X | G99: 郭少杰 | H99: 0000052 | I99: 10-1-701 | J99: 115.94 | K99: 115.94 | L99: 5285.38 | M99: =-53+612840 -> 612787 | O99: 562189.91 | P99: 24652000000081541944 | Q99: 45656 | T99: 0000105（郭少杰） | U99: 闫金秀（郭少杰） | V99: 2000 | W99: 44759 | X99: 18000 | Y99: 2023.1.1 | Z99: =8000+164840 -> 172840 | AA99: 2023.4.1 | AB99: 420000 | AC99: 2023.7.19 | AD99: -53 | AH99: =V99+X99+Z99+AB99+AD99+AF99 -> 612787 | AK99: =M99-AH99 -> 0 | AL99: 18209056881 | AQ99: =0.6%+0.1% -> 0.007 | AR99: =SUM(AU99:BU99) -> 612840 | AT99: 100 | AX99: 192840 | BA99: 420000 | BZ99: 已交 | CA99: 已录 | CB99: 已申报
A100: 58 | C100: 45040 | D100: 20230003627 | F100: 652201197601012114 | G100: 蒋海 | H100: 0000051 | I100: 10-1-702 | J100: 115.58 | K100: 115.58 | L100: 5316.38 | M100: =-53+614521 -> 614468 | O100: 563732.11 | P100: 24652000000081532384 | Q100: 45656 | T100: 0000077（蒋海） | U100: 肖陶丽（蒋海） | V100: =2000 -> 2000 | W100: 44755 | X100: 18000 | Y100: 2023.1.1 | Z100: 594521 | AA100: 2023.4.24 | AB100: -53 | AH100: =V100+X100+Z100+AB100+AD100+AF100 -> 614468 | AK100: =M100-AH100 -> 0 | AL100: 13899065535 | AQ100: =0.6%+0.1% -> 0.007 | AR100: =SUM(AU100:BU100) -> 614521 | AS100: =100 -> 100 | AT100: 100 | AX100: 614521 | BZ100: 已交 | CA100: 已录 | CB100: 已申报
...

Sheet 画堂春锦苑1#2#3#5#7#楼住宅销售明细表
A1: 1#-5#/7#楼住宅销售明细表
A2: 序号 | B2: 成交 | C2: 合同签订日期 | D2: 合同号 | F2: 身份证号 | G2: 姓名 | H2: 订购书编号 | I2: 房号 | J2: 开发 面积 | K2: 销售面积 | L2: 单价 | M2: 总价 | N2: 成交底价 | O2: 发票开具 | R2: 本月成 交额 | S2: 成交时间 | T2: 会员编号 | U2: 置业顾问 | V2: 缴款金额 | AH2: 收款合计 | AI2: 本月到账贷款 | AJ2: 到帐贷款 | AK2: 应收款 | AL2: 联系电话 | AM2: 备注 | AN2: 计划销售总价 | AO2: 佣金付款合计 | AP2: 佣金点数 | AQ2: 套奖付款合计 | AR2: 支付套奖2023.3月 | AS2: 支付套奖2023.4月 | AT2: 支付套奖2023.5月 | AU2: 支付套奖2023.6月 | AV2: 支付套奖2023.7月 | AW2: 支付套奖2023.8月 | AX2: 支付套奖及转定2023.9月 | AY2: 支付套奖及转定2023.10月 | AZ2: 8月佣金 | BA2: 9月佣金 | BB2: 10月佣金 | BC2: 11月佣金 | BD2: 12月佣金 | BE2: 2024.1月佣金 | BF2: 2024.2月佣金 | BG2: 2024.3月佣金 | BH2: 2024.4月佣金 | BI2: 2024.5月佣金 | BJ2: 2024.6月佣金 | BK2: 2024.7月佣金 | BL2: 2024.8月佣金 | BM2: 9月佣金 | BN2: 10月佣金 | BO2: 11月佣金 | BP2: 12月佣金 | BQ2: 2025.1月 | BR2: 2025.2月 | BS2: 2025.3月 | BT2: 2025.4月佣金 | BU2: 2025.5月佣金 | BV2: 2025.6月佣金 | BW2: 2025.7月佣金 | BX2: 2025.8月 | BY2: 2025.9月 | BZ2: 2025.10月 | CA2: 2025.11月 | CB2: 2025.12月 | CC2: 2026.1月 | CD2: 2026.2月 | CE2: 2026.3月 | CG2: 佣金 | CI2: 印花税 | CJ2: 房源系统
E3: 房屋性质 | O3: 金额 | P3: 号码 | Q3: 开票日期 | V3: 一 | W3: 时间 | X3: 二 | Y3: 时间 | Z3: 三 | AA3: 时间 | AB3: 四 | AC3: 时间 | AD3: 五 | AE3: 时间 | AF3: 六 | AG3: 时间 | BX3: 2025.8月 | BY3: 2025.8月 | BZ3: 2025.8月 | CA3: 2025.8月 | CB3: 2025.8月 | CC3: 2025.8月 | CD3: 2025.8月 | CE3: 2025.8月
I4: 1-负1-人防工程 | J4: 65.29 | AH4: =V4+X4+Z4+AB4+AD4+AF4 -> 0 | AO4: =SUM(AZ4:CF4) -> 0 | AP4: 0.02 | AQ4: =AR4+AS4+AT4+AU4+AV4+AW4+AX4+AY4 -> 0
G5: 衡俊安、邢雨轩 | I5: 1-负1-101 | J5: 17.32 | M5: 33254 | N5: 33254 | V5: 20000 | W5: 2025.7.20 | X5: 13254 | Y5: 45896 | AH5: =V5+X5+Z5+AB5+AD5+AF5 -> 33254 | AK5: =M5-AH5 -> 0 | AO5: =SUM(AZ5:CF5) -> 33254 | AP5: 0.02 | AQ5: =AR5+AS5+AT5+AU5+AV5+AW5+AX5+AY5 -> 0 | BX5: 33254
I6: 1-负1-102 | J6: 16.15 | N6: 31004 | AH6: =V6+X6+Z6+AB6+AD6+AF6 -> 0 | AO6: =SUM(AZ6:CF6) -> 0 | AP6: 0.02 | AQ6: =AR6+AS6+AT6+AU6+AV6+AW6+AX6+AY6 -> 0
I7: 1-负1-103 | J7: 74.83 | N7: 无价 | AH7: =V7+X7+Z7+AB7+AD7+AF7 -> 0 | AO7: =SUM(AZ7:CF7) -> 0 | AP7: 0.02 | AQ7: =AR7+AS7+AT7+AU7+AV7+AW7+AX7+AY7 -> 0
I8: 1-负1-104 | J8: 75.3 | N8: 无价 | AH8: =V8+X8+Z8+AB8+AD8+AF8 -> 0 | AO8: =SUM(AZ8:CF8) -> 0 | AP8: 0.02 | AQ8: =AR8+AS8+AT8+AU8+AV8+AW8+AX8+AY8 -> 0
I9: 1-负1-105 | J9: 33.95 | N9: 65174 | AH9: =V9+X9+Z9+AB9+AD9+AF9 -> 0 | AO9: =SUM(AZ9:CF9) -> 0 | AP9: 0.02 | AQ9: =AR9+AS9+AT9+AU9+AV9+AW9+AX9+AY9 -> 0
G10: 李红映 | I10: 1-负1-106 | J10: 17.32 | M10: 33254 | N10: 33254 | V10: 33254 | W10: 2025.6.2 | AH10: =V10+X10+Z10+AB10+AD10+AF10 -> 33254 | AK10: =M10-AH10 -> 0 | AO10: =SUM(AZ10:CF10) -> 33254 | AP10: 0.02 | AQ10: =AR10+AS10+AT10+AU10+AV10+AW10+AX10+AY10 -> 0 | BV10: 33254
I11: 1-负1-201 | J11: 17.32 | N11: 33254 | AH11: =V11+X11+Z11+AB11+AD11+AF11 -> 0 | AO11: =SUM(AZ11:CF11) -> 0 | AP11: 0.02 | AQ11: =AR11+AS11+AT11+AU11+AV11+AW11+AX11+AY11 -> 0
I12: 1-负1-202 | J12: 33.95 | N12: 65174 | AH12: =V12+X12+Z12+AB12+AD12+AF12 -> 0 | AO12: =SUM(AZ12:CF12) -> 0 | AP12: 0.02 | AQ12: =AR12+AS12+AT12+AU12+AV12+AW12+AX12+AY12 -> 0
I13: 1-负1-203 | J13: 75.3 | N13: 无价 | AH13: =V13+X13+Z13+AB13+AD13+AF13 -> 0 | AO13: =SUM(AZ13:CF13) -> 0 | AP13: 0.02 | AQ13: =AR13+AS13+AT13+AU13+AV13+AW13+AX13+AY13 -> 0
I14: 1-负1-204 | J14: 74.83 | N14: 无价 | AH14: =V14+X14+Z14+AB14+AD14+AF14 -> 0 | AO14: =SUM(AZ14:CF14) -> 0 | AP14: 0.02 | AQ14: =AR14+AS14+AT14+AU14+AV14+AW14+AX14+AY14 -> 0
G15: 李亮 | I15: 1-负1-205 | J15: 16.15 | M15: 31004 | N15: 31004 | V15: 2000 | W15: 2025.4.29 | X15: 29004 | Y15: 2025.4.1 | AH15: =V15+X15+Z15+AB15+AD15+AF15 -> 31004 | AK15: =M15-AH15 -> 0 | AO15: =SUM(AZ15:CF15) -> 31004 | AP15: 0.02 | AQ15: =AR15+AS15+AT15+AU15+AV15+AW15+AX15+AY15 -> 0 | BU15: 31004
G16: 张高红 | I16: 1-负1-206 | J16: 17.32 | M16: 33254 | N16: 33254 | U16: 连阵阵 | V16: 3254 | W16: 2025.4.24 | X16: 30000 | Y16: 45964 | AH16: =V16+X16+Z16+AB16+AD16+AF16 -> 33254 | AK16: =M16-AH16 -> 0 | AO16: =SUM(AZ16:CF16) -> 33254 | AP16: 0.02 | AQ16: =AR16+AS16+AT16+AU16+AV16+AW16+AX16+AY16 -> 0 | CA16: 33254
I17: 1-负1-301 | J17: 17.32 | N17: 33254 | AH17: =V17+X17+Z17+AB17+AD17+AF17 -> 0 | AO17: =SUM(AZ17:CF17) -> 0 | AP17: 0.02 | AQ17: =AR17+AS17+AT17+AU17+AV17+AW17+AX17+AY17 -> 0
I18: 1-负1-302 | J18: 52.97 | N18: 无价 | AH18: =V18+X18+Z18+AB18+AD18+AF18 -> 0 | AO18: =SUM(AZ18:CF18) -> 0 | AP18: 0.02 | AQ18: =AR18+AS18+AT18+AU18+AV18+AW18+AX18+AY18 -> 0
I19: 1-负1-303 | J19: 71.81 | N19: 无价 | AH19: =V19+X19+Z19+AB19+AD19+AF19 -> 0 | AO19: =SUM(AZ19:CF19) -> 0 | AP19: 0.02 | AQ19: =AR19+AS19+AT19+AU19+AV19+AW19+AX19+AY19 -> 0
A20: 1 | I20: 1-1-101 | J20: 119.34 | N20: 7942.5 | AH20: =V20+X20+Z20+AB20+AD20+AF20 -> 0 | AO20: =SUM(AZ20:CF20) -> 0 | AQ20: =AR20+AS20+AT20+AU20+AV20+AW20+AX20+AY20 -> 0
A21: 2 | C21: 45566 | D21: 20240005461 | F21: 500225198309096227 | G21: 邢冬梅 | H21: 0000702 | I21: 1-1-102 | J21: 119.19 | K21: 119.19 | L21: 8226.31 | M21: 980494 | N21: 8226.31 | O21: 899535.78 | P21: 25652000000044240590 | Q21: 45855 | U21: 刘思汉 | V21: 20000 | W21: 45536 | X21: 380000 | Y21: 2024.10.23 | Z21: 580000 | AA21: 2024.11.14 | AB21: 494 | AC21: 2025.4.26 | AH21: =V21+X21+Z21+AB21+AD21+AF21 -> 980494 | AK21: =M21-AH21 -> 0 | AL21: 13899014069 | AO21: =SUM(AZ21:CF21) -> 980000 | AP21: =0.5%+0.04%+0.1% -> 0.0064 | AQ21: =AR21+AS21+AT21+AU21+AV21+AW21+AX21+AY21 -> 0 | BN21: 400000 | BO21: 580000 | CI21: 已交 | CK21: 已申报
A22: 3 | C22: 46020 | D22: 20250006748 | E22: 抵账718477 | F22: 652827198705273213 | G22: 孙琛皓 李彬（抵账） | I22: 1-1-201 | J22: 117.97 | K22: 117.97 | L22: 4958.89 | M22: 585000 | N22: 5395.6 | O22: 536697.25 | P22: 26652000000010250041 | Q22: 46027 | V22: 275895.27 | W22: 45925 | X22: 120000 | Y22: 46020 | Z22: 465000 | AA22: 46042 | AB22: -275895.27 | AC22: 46085 | AH22: =V22+X22+Z22+AB22+AD22+AF22 -> 585000 | AK22: =M22-AH22 -> 0 | AL22: 19690184444 | AO22: =SUM(AZ22:CF22) -> 0 | AQ22: =AR22+AS22+AT22+AU22+AV22+AW22+AX22+AY22 -> 0 | CI22: 已交（12月） | CK22: 已申报
A23: 4 | C23: 45568 | D23: 20240005733 | F23: 654223199807203433 | G23: 孙乾 | H23: 0000909 | I23: 1-1-202 | J23: 117.6 | K23: 117.6 | L23: 5410.92 | M23: 636324 | N23: 5410.92 | O23: 583783.49 | P23: 25652000000044142293 | Q23: 45855 | U23: 霍红霞 | V23: 20000 | W23: 2024.8.25 | X23: 72000 | Y23: 45550 | Z23: 16000 | AA23: 2024.11.11 | AB23: 10000 | AC23: 2024.12.2 | AD23: 508000 | AE23: 2024.12.9 | AF23: =324+10000 -> 10324 | AG23: 2025.1.3 | AH23: =V23+X23+Z23+AB23+AD23+AF23 -> 636324 | AK23: =M23-AH23 -> 0 | AL23: 13279972119 | AM23: 无车位无礼品 | AO23: =SUM(AZ23:CF23) -> 636000 | AP23: =0.7%+0.08% -> 0.0078 | AQ23: =AR23+AS23+AT23+AU23+AV23+AW23+AX23+AY23 -> 0 | BQ23: 636000 | CI23: 已交 | CK23: 已申报
A24: 5 | C24: 45483 | D24: 20240003958 | F24: 410225199811126113 | G24: 张欣 | H24: 0000700 | I24: 1-1-301 | J24: 117.97 | K24: 117.97 | L24: 5784 | M24: 682347 | N24: 5784.07 | O24: 626006.42 | P24: 25652000000044142667 | Q24: 45855 | U24: 李秀莲 | V24: 10000 | W24: 2024.6.10 | X24: 200000 | Y24: 2024.7.10 | Z24: 472000 | AA24: 2024.8.2 | AB24: 347 | AC24: 2025.6.16 | AH24: =V24+X24+Z24+AB24+AD24+AF24 -> 682347 | AK24: =M24-AH24 -> 0 | AL24: 17789135370 | AO24: =SUM(AZ24:CF24) -> 682000 | AP24: =0.7%+0.02%+0.08% -> 0.008 | AQ24: =AR24+AS24+AT24+AU24+AV24+AW24+AX24+AY24 -> 0 | BK24: 210000 | BL24: 472000 | CI24: 已交 | CK24: 已申报
A25: 6 | C25: 45631 | D25: 20240006995 | F25: 652829200302271013 | G25: 杜逸心 | H25: 0001012 | I25: 1-1-302 | J25: 117.6 | K25: 117.6 | L25: 5600 | M25: 658560 | N25: 5815.88 | O25: 604183.49 | P25: 25652000000044202082 | Q25: 45855 | U25: 刘宁宁 | V25: =79224+20000 -> 99224 | W25: 2024.12.1 | X25: 559000 | Y25: 2024.12.27 | Z25: 336 | AA25: 2025.4.27 | AH25: =V25+X25+Z25+AB25+AD25+AF25 -> 658560 | AK25: =M25-AH25 -> 0 | AL25: 18167700911 | AM25: 有车位 | AO25: =SUM(AZ25:CF25) -> 658224 | AP25: =0.4%+0.05%+0.12%+0.03% -> 0.006 | AQ25: =AR25+AS25+AT25+AU25+AV25+AW25+AX25+AY25 -> 0 | BP25: 658224 | CI25: 已交 | CK25: 已申报
A26: 7 | C26: 45706 | D26: 20250000698 | F26: 652829199511030317 | G26: 宋昌瑾 | I26: 1-1-401 | J26: 117.97 | K26: 117.97 | L26: 5800 | M26: 684226 | N26: 5800 | O26: 627730.28 | P26: 25652000000044222163 | Q26: 45855 | U26: 李福晴 | V26: 61878 | W26: 2025.2.18 | X26: 75000 | Y26: 2025.2.24 | Z26: 547000 | AA26: 2025.3.10 | AB26: 348 | AC26: 2025.4.26 | AH26: =V26+X26+Z26+AB26+AD26+AF26 -> 684226 | AK26: =M26-AH26 -> 0 | AM26: 有车位3年物业费 | AO26: =SUM(AZ26:CF26) -> 683878 | AP26: =0.7%+0.04%+0.12%+0.03% -> 0.0089 | AQ26: =AR26+AS26+AT26+AU26+AV26+AW26+AX26+AY26 -> 0 | BR26: 136878 | BS26: 547000 | CI26: 已交 | CK26: 已申报
A27: 8 | C27: 45665 | D27: 20250000129 | F27: 150921199605012739 | G27: 贾磊 | H27: 0000989 | I27: 1-1-402 | J27: 117.6 | K27: 117.6 | L27: 5785.26 | M27: 680347 | N27: 5785.26 | O27: 624171.56 | P27: 25652000000044202698 | Q27: 45855 | U27: 李秀莲 | V27: 7000 | W27: 2025.1.8 | X27: 95000 | Y27: 2025.1.22 | Z27: 578000 | AA27: 2025.3.3 | AB27: 347 | AC27: 2025.4.26 | AH27: =V27+X27+Z27+AB27+AD27+AF27 -> 680347 | AK27: =M27-AH27 -> 0 | AL27: 17684743142 | AM27: 有车位 | AO27: =SUM(AZ27:CF27) -> 680000 | AP27: =0.4%+0.02%+0.1%+0.03% -> 0.0055 | AQ27: =AR27+AS27+AT27+AU27+AV27+AW27+AX27+AY27 -> 0 | BR27: 102000 | BS27: 578000 | CI27: 已交 | CK27: 已申报
A28: 9 | C28: 45538 | D28: 20240005071 | F28: 622301200012132817 | G28: 张龙年 | H28: 0000957 | I28: 1-1-501 | J28: 117.97 | K28: 117.97 | L28: 5550 | M28: 654733 | N28: 5549.996 | O28: 600672.48 | P28: 25652000000044143729 | Q28: 45855 | U28: 霍红霞 | V28: 10000 | W28: 2024.8.18 | X28: 269400 | Y28: 45538 | Z28: 375000 | AA28: 2024.10.25 | AB28: 333 | AC28: 2025.5.5 | AH28: =V28+X28+Z28+AB28+AD28+AF28 -> 654733 | AK28: =M28-AH28 -> 0 | AL28: 18095839597 | AM28: 无车位送3年物业费 | AO28: =SUM(AZ28:CF28) -> 654400 | AP28: =0.7%+0.08% -> 0.0078 | AQ28: =AR28+AS28+AT28+AU28+AV28+AW28+AX28+AY28 -> 0 | BM28: 279400 | BN28: 375000 | CI28: 已交 | CK28: 已申报
A29: 10 | C29: 45668 | D29: 20250000182 | F29: 65230219990909281X | G29: 吴志杰 | I29: 1-1-502 | J29: 117.6 | K29: 117.6 | L29: 5858.41 | M29: 688950 | N29: 5858.41 | O29: 632064.22 | P29: 25652000000044272128 | Q29: 45855 | U29: 王荣 | V29: 20000 | W29: 2025.1.7 | X29: 38598 | Y29: 2025.1.11 | Z29: 80000 | AA29: 2025.1.20 | AB29: 550000 | AC29: 2025.2.18 | AD29: 352 | AE29: 2025.4.26 | AH29: =V29+X29+Z29+AB29+AD29+AF29 -> 688950 | AK29: =M29-AH29 -> 0 | AL29: 18699479623 | AM29: 有车位 | AO29: =SUM(AZ29:CF29) -> 688598 | AP29: =0.7%+0.04%+0.1%+0.03% -> 0.0087 | AQ29: =AR29+AS29+AT29+AU29+AV29+AW29+AX29+AY29 -> 100 | AY29: 100 | BR29: 688598 | CI29: 已交 | CK29: 已申报
A30: 11 | C30: 45703 | D30: 20250000640 | F30: 652823199604252623 | G30: 熊鑫 | H30: 0001018 | I30: 1-1-601 | J30: 117.97 | K30: 117.97 | L30: 5555.08 | M30: 655333 | N30: 5555.08 | O30: 601222.94 | P30: 25652000000044219032 | Q30: 45855 | U30: 刘思汉 | V30: 20000 | W30: 2025.2.10 | X30: 635000 | Y30: 2025.2.15 | Z30: 333 | AA30: 2025.6.17 | AH30: =V30+X30+Z30+AB30+AD30+AF30 -> 655333 | AK30: =M30-AH30 -> 0 | AL30: 18099457961 | AM30: 有车位 | AO30: =SUM(AZ30:CF30) -> 655000 | AP30: =0.6%+0.04%+0.12%+0.03% -> 0.0079 | AQ30: =AR30+AS30+AT30+AU30+AV30+AW30+AX30+AY30 -> 0 | BR30: 655000 | CI30: 已交 | CK30: 已申报
A31: 12 | C31: 45622 | D31: 20240006811 | F31: 411327199707112028 | G31: 李莹 石建基 | H31: 0000899 | I31: 1-1-602 | J31: 117.6 | K31: 117.6 | L31: 5980.88 | M31: 703352 | N31: 5980.88 | O31: 645277.06 | P31: 25652000000044159791 | Q31: 45855 | T31: 0000546 | U31: 王荣 | V31: 2000 | W31: 2024.1.5 | X31: 18000 | Y31: 2024.6.9 | Z31: 482993 | AA31: 2024.11.26 | AB31: 200000 | AC31: 2025.2.19 | AD31: 359 | AE31: 2025.4.26 | AH31: =V31+X31+Z31+AB31+AD31+AF31 -> 703352 | AK31: =M31-AH31 -> 0 | AL31: 13779689564 | AO31: =SUM(AZ31:CF31) -> 702993 | AP31: =0.7%+0.02%+0.08% -> 0.008 | AQ31: =AR31+AS31+AT31+AU31+AV31+AW31+AX31+AY31 -> 0 | BO31: 502993 | BR31: 200000 | CI31: 已交 | CK31: 已申报
A32: 13 | C32: 45662 | D32: 20250000070 | F32: 652824199605141112 | G32: 高旭 | I32: 1-1-701 | J32: 117.97 | K32: 117.97 | L32: 5682.3 | M32: 670341 | N32: 5682.3 | O32: 614991.74 | P32: 25652000000044199518 | Q32: 45855 | U32: 霍红霞 | V32: 300000 | W32: 2025.1.5 | X32: 370000 | Y32: 2025.2.10 | Z32: 341 | AA32: 2025.4.26 | AH32: =V32+X32+Z32+AB32+AD32+AF32 -> 670341 | AK32: =M32-AH32 -> 0 | AM32: 不要车位送2年物业费 | AO32: =SUM(AZ32:CF32) -> 670000 | AP32: =0.6%+0.1%+0.03% -> 0.0073 | AQ32: =AR32+AS32+AT32+AU32+AV32+AW32+AX32+AY32 -> 0 | BQ32: 300000 | BR32: 370000 | CI32: 已交 | CK32: 已申报
A33: 14 | C33: 45742 | D33: 20250001650 | F33: 51132519970624242X | G33: 邓丽萍 | H33: 0000576 | I33: 1-1-702 | J33: 117.6 | K33: 117.6 | L33: 5938.4 | M33: 698356 | N33: 5938.4 | O33: 640693.58 | P33: 25652000000044219637 | Q33: 45855 | U33: 李秀莲 | V33: 20000 | W33: 2025.2.24 | X33: 120000 | Y33: 2025.3.26 | Z33: 558000 | AA33: 2025.5.16 | AB33: 356 | AC33: 2025.5.19 | AH33: =V33+X33+Z33+AB33+AD33+AF33 -> 698356 | AK33: =M33-AH33 -> 0 | AL33: 15276192885 | AM33: 有车位 | AO33: =SUM(AZ33:CF33) -> 698000 | AP33: =0.7%+0.03%+0.12%+0.03% -> 0.0088 | AQ33: =AR33+AS33+AT33+AU33+AV33+AW33+AX33+AY33 -> 0 | BS33: 140000 | BU33: 558000 | CI33: 已交 | CK33: 已申报
A34: 15 | C34: 45743 | D34: 20250001666 | F34: 652829199309021628 | G34: 李红映 | I34: 1-1-801 | J34: 117.97 | K34: 117.97 | L34: 5903.78 | M34: 696469 | N34: 5903.78 | O34: 638962.39 | P34: 25652000000044229854 | Q34: 45855 | V34: 20000 | W34: 2025.2.15 | X34: 115 | Y34: 2025.3.27 | Z34: 276000 | AA34: 2025.4.10 | AB34: 400000 | AC34: 2025.5.23 | AD34: 354 | AE34: 2025.6.2 | AH34: =V34+X34+Z34+AB34+AD34+AF34 -> 696469 | AK34: =M34-AH34 -> 0 | AM34: 有车位 | AO34: =SUM(AZ34:CF34) -> 696115 | AP34: =0.7%+0.04%+0.12%+0.03% -> 0.0089 | AQ34: =AR34+AS34+AT34+AU34+AV34+AW34+AX34+AY34 -> 0 | BT34: 296115 | BU34: 400000 | CI34: 已交 | CK34: 已申报
A35: 16 | C35: 45699 | D35: 20250000580 | F35: 652325199804053018 | G35: 谷泽群 | H35: 0000982 | I35: 1-1-802 | J35: 117.6 | K35: 117.6 | L35: 5778.55 | M35: 679558 | N35: 6050.88 | O35: 623447.71 | P35: 25652000000044288845 | Q35: 45855 | U35: 刘思汉 | V35: =258000+10000 -> 268000 | W35: 2025.1.1 | X35: 211 | Y35: 2025.2.11 | Z35: 47000 | AA35: 2025.2.27 | AB35: 364000 | AC35: 2025.4.14 | AD35: 347 | AE35: 2025.4.26 | AH35: =V35+X35+Z35+AB35+AD35+AF35 -> 679558 | AK35: =M35-AH35 -> 0 | AL35: 13565612721 | AM35: 不要车位送2年物业费 | AO35: =SUM(AZ35:CF35) -> 679211 | AP35: =0.6%+0.04%+0.12%+0.03% -> 0.0079 | AQ35: =AR35+AS35+AT35+AU35+AV35+AW35+AX35+AY35 -> 0 | BR35: 315211 | BT35: 364000 | CI35: 已交 | CK35: 已申报
A36: 17 | C36: 45624 | D36: 20240006859 | F36: 652827199903260311 | G36: 朱俞合 | H36: 0000905 | I36: 1-1-901 | J36: 117.97 | K36: 117.97 | L36: 5885.48 | M36: 694310 | N36: 6055.88 | O36: 636981.65 | P36: 25652000000044299488 | Q36: 45855 | U36: 王荣 | V36: 20000 | W36: 2024.8.10 | X36: 173957 | Y36: 2024.11.28 | Z36: 500000 | AA36: 2025.3.19 | AB36: 353 | AC36: 2025.6.17 | AH36: =V36+X36+Z36+AB36+AD36+AF36 -> 694310 | AK36: =M36-AH36 -> 0 | AL36: 18571641326 | AM36: 有车位 | AO36: =SUM(AZ36:CF36) -> 693957 | AP36: =0.5%+0.02%+0.08% -> 0.006 | AQ36: =AR36+AS36+AT36+AU36+AV36+AW36+AX36+AY36 -> 0 | BO36: 193957 | BS36: 500000 | CI36: 已交 | CK36: 已申报
A37: 18 | C37: 45717 | D37: 20250000960 | F37: 220882199812132018 | G37: 尚德怀 | H37: 0000557 | I37: 1-1-902 | J37: 117.6 | K37: 117.6 | L37: 5700.18 | M37: 670342 | N37: 5700.18 | O37: 614992.66 | P37: 25652000000044370877 | Q37: 45855 | U37: 刘思汉 | V37: 10000 | W37: 2025.2.15 | X37: 226000 | Y37: 2025.3.1 | Z37: 74000 | AA37: 2025.3.20 | AB37: 360000 | AC37: 2025.4.11 | AD37: 342 | AE37: 2025.4.28 | AH37: =V37+X37+Z37+AB37+AD37+AF37 -> 670342 | AK37: =M37-AH37 -> 0 | AL37: 13279179296 | AM37: 不要车位 | AO37: =SUM(AZ37:CF37) -> 670000 | AP37: =0.6%+0.04%+0.12%+0.03% -> 0.0079 | AQ37: =AR37+AS37+AT37+AU37+AV37+AW37+AX37+AY37 -> 0 | BS37: 310000 | BT37: 360000 | CI37: 已交 | CK37: 已申报
A38: 19 | C38: 45620 | D38: 20240006777 | F38: 652826199109062928 | G38: 王婷 | I38: 1-1-1001 | J38: 117.97 | K38: 117.97 | L38: 5700 | M38: 672429 | N38: 6075.88 | O38: 616907.34 | P38: 25652000000044420528 | Q38: 45855 | U38: 霍红霞 | V38: 186087 | W38: 2024.11.24 | X38: 486000 | Y38: 2025.3.10 | Z38: 342 | AA38: 2025.5.3 | AH38: =V38+X38+Z38+AB38+AD38+AF38 -> 672429 | AK38: =M38-AH38 -> 0 | AL38: 13779321816 | AM38: 无车位 | AO38: =SUM(AZ38:CF38) -> 672087 | AP38: =0.6%+0.08%+0.03% -> 0.0071 | AQ38: =AR38+AS38+AT38+AU38+AV38+AW38+AX38+AY38 -> 0 | BO38: 186087 | BS38: 486000 | CI38: 已交 | CK38: 已申报
A39: 20 | C39: 45900 | D39: 20250004470 | F39: 622424199706120057 | G39: 李博 | I39: 1-1-1002 | J39: 117.6 | K39: 117.6 | L39: 5578.23 | M39: 656000 | N39: 5578.23 | O39: 601834.86 | P39: 25652000000058752285 | Q39: 45911 | U39: 霍苒 | V39: =3000+153000 -> 156000 | W39: 2025-9-1、19 | X39: 500000 | Y39: 45954 | AH39: =V39+X39+Z39+AB39+AD39+AF39 -> 656000 | AK39: =M39-AH39 -> 0 | AM39: 不要车位物业费mate手机 | AO39: =SUM(AZ39:CF39) -> 656000 | AP39: =0.7%+0.08%+0.03% -> 0.0081 | AQ39: =AR39+AS39+AT39+AU39+AV39+AW39+AX39+AY39 -> 0 | BY39: 156000 | BZ39: 500000 | CI39: 已交（10月） | CK39: 已申报（直接计收入）
A40: 21 | C40: 45548 | D40: 20240005254 | F40: 652827199304170023 | G40: 刘雪薇 | H40: 0000958 | I40: 1-1-1101 | J40: 117.97 | K40: 117.97 | L40: 6784.84 | M40: 800407 | N40: 6784.835 | O40: 734318.35 | P40: 25652000000044435699 | Q40: 45856 | U40: 刘宁宁 | V40: 20000 | W40: 2024.8.24 | X40: 100000 | Y40: 2024.9-13 | Z40: 680000 | AA40: 2024.12.4 | AB40: 407 | AC40: 2025.4.26 | AH40: =V40+X40+Z40+AB40+AD40+AF40 -> 800407 | AK40: =M40-AH40 -> 0 | AL40: 15840846835 | AM40: 无车位、送两年物业费 | AO40: =SUM(AZ40:CF40) -> 800000 | AP40: =0.4%+0.02%+0.08% -> 0.005 | AQ40: =AR40+AS40+AT40+AU40+AV40+AW40+AX40+AY40 -> 0 | BM40: 120000 | BP40: 680000 | CI40: 已交 | CK40: 已申报
A41: 22 | I41: 1-1-1102 | J41: 117.6 | N41: 6622.55 | U41: 刘宁宁 | AH41: =V41+X41+Z41+AB41+AD41+AF41 -> 0 | AK41: =M41-AH41 -> 0 | AO41: =SUM(AZ41:CF41) -> 0 | AQ41: =AR41+AS41+AT41+AU41+AV41+AW41+AX41+AY41 -> 0
A42: 23 | I42: 1-2-101 | J42: 119.19 | N42: 7962.5 | U42: 米云鹤 | AH42: =V42+X42+Z42+AB42+AD42+AF42 -> 0 | AK42: =M42-AH42 -> 0 | AO42: =SUM(AZ42:CF42) -> 0 | AQ42: =AR42+AS42+AT42+AU42+AV42+AW42+AX42+AY42 -> 0
A43: 24 | I43: 1-2-102 | J43: 118.97 | N43: 8432.5 | U43: 闫金秀 | AH43: =V43+X43+Z43+AB43+AD43+AF43 -> 0 | AK43: =M43-AH43 -> 0 | AO43: =SUM(AZ43:CF43) -> 0 | AQ43: =AR43+AS43+AT43+AU43+AV43+AW43+AX43+AY43 -> 0
A44: 25 | C44: 45932 | D44: 20250004985 | F44: 411526199306152322 | G44: 樊攀婷 | I44: 1-2-201 | J44: 117.6 | K44: 117.6 | L44: 5140 | M44: 604464 | N44: =5395.6-300 -> 5095.6 | O44: 554554.13 | P44: 25652000000066017588 | Q44: 45939 | U44: 陈江玲 | V44: 6464 | W44: 45931 | X44: 115000 | Y44: 45947 | Z44: 483000 | AA44: 45960 | AH44: =V44+X44+Z44+AB44+AD44+AF44 -> 604464 | AK44: =M44-AH44 -> 0 | AM44: 不要车位 | AO44: =SUM(AZ44:CF44) -> 604464 | AP44: =0.7%+0.03%+0.08%+0.03% -> 0.0084 | AQ44: =AR44+AS44+AT44+AU44+AV44+AW44+AX44+AY44 -> 0 | BZ44: 604464 | CI44: 已交（12月） | CK44: 已申报（直接计收入）
A45: 26 | C45: 45952 | D45: 20250005407 | F45: 411381200305086326 | G45: 单小燕 | H45: 0001190 | I45: 1-2-202 | J45: 117.6 | K45: 117.6 | L45: 5102.04 | M45: 600000 | N45: =5385.6-300 -> 5085.6 | O45: 550458.72 | P45: 25652000000070643203 | Q45: 45954 | U45: 陈江玲 | V45: 20000 | W45: 45946 | X45: 580000 | Y45: 45952 | AH45: =V45+X45+Z45+AB45+AD45+AF45 -> 600000 | AK45: =M45-AH45 -> 0 | AM45: 不要车位 | AO45: =SUM(AZ45:CF45) -> 600000 | AP45: =0.7%+0.03%+0.08%+0.03% -> 0.0084 | AQ45: =AR45+AS45+AT45+AU45+AV45+AW45+AX45+AY45 -> 0 | BZ45: 600000 | CI45: 已交（12月） | CK45: 已申报（直接计收入）
A46: 27 | C46: 45741 | D46: 20250001579 | F46: 620421199501142550 | G46: 段国政 | H46: 0000977 | I46: 1-2-301 | J46: 117.6 | K46: 117.6 | L46: 5500 | M46: 646800 | N46: 5840.88 | O46: 593394.5 | P46: 25652000000044445588 | Q46: 45856 | U46: 赵禄 | V46: 20000 | W46: 2024.12.28 | X46: 11470 | Y46: 2025.3.25 | Z46: 66000 | AA46: 2025.4.1 | AB46: 549000 | AC46: 2025.4.3 | AD46: 330 | AE46: 2025.4.26 | AH46: =V46+X46+Z46+AB46+AD46+AF46 -> 646800 | AK46: =M46-AH46 -> 0 | AL46: 18394530413 | AM46: 不要车位送2年物业费 | AO46: =SUM(AZ46:CF46) -> 646800 | AP46: =0.6%+0.04%+0.12%+0.03% -> 0.0079 | AQ46: =AR46+AS46+AT46+AU46+AV46+AW46+AX46+AY46 -> 0 | BT46: 646800 | CI46: 已交 | CK46: 已申报
A47: 28 | C47: 45671 | D47: 20250000256 | F47: 511321199406023481 | G47: 邓凤英 | H47: 0000541 | I47: 1-2-302 | J47: 117.6 | K47: 117.6 | L47: 5657.65 | M47: 640062 | N47: 5785.88 | O47: 587212.84 | P47: 25652000000044366973 | Q47: 45856 | U47: 连阵阵 | V47: 20000 | W47: 2024.11.28 | X47: 279000 | Y47: 2025.1.10 | Z47: 1735 | AA47: 2025.1.14 | AB47: 339000 | AC47: 2025.3.3 | AD47: 327 | AE47: 2025.4.26 | AH47: =V47+X47+Z47+AB47+AD47+AF47 -> 640062 | AK47: =M47-AH47 -> 0 | AL47: 17609962370 | AM47: 不要车位 | AO47: =SUM(AZ47:CF47) -> 639735 | AP47: =0.4%+0.03%+0.08%+0.03% -> 0.0054 | AQ47: =AR47+AS47+AT47+AU47+AV47+AW47+AX47+AY47 -> 0 | BQ47: 240735 | BS47: 399000 | CI47: 已交 | CK47: 已申报
A48: 29 | C48: 45780 | D48: 20250002457 | F48: 652801199506021647 | G48: 冯洁 | H48: 0000743 | I48: 1-2-401 | J48: 117.6 | K48: 117.6 | L48: 5850 | M48: 687960 | N48: 5850 | O48: 631155.96 | P48: 25652000000035507618 | Q48: 45827 | R48: 450000 | S48: 46111 | U48: 李秀莲 | V48: 7609 | W48: 2025.2.17 | X48: 10000 | Y48: 2025.4.27 | Z48: 351 | AA48: 2025.5.3 | AB48: 50000 | AC48: 2025.5.7 | AD48: 50000 | AE48: 2025.5.8 | AF48: =120000+450000 -> 570000 | AG48: 2025.6.17 2026-3-30 | AH48: =V48+X48+Z48+AB48+AD48+AF48 -> 687960 | AK48: =M48-AH48 -> 0 | AL48: 13999625956 | AM48: 有车位3年物业费 | AO48: =SUM(AZ48:CF48) -> 687960 | AP48: =0.7%+0.03%+0.12%+0.03% -> 0.0088 | AQ48: =AR48+AS48+AT48+AU48+AV48+AW48+AX48+AY48 -> 0 | BV48: 237960 | CE48: 450000 | CI48: 已交 | CK48: 已申报
A49: 30 | C49: 45966 | D49: 20250005664 | E49: 智诚监理626598.6元 | F49: 652801200507267329 | G49: 杜景怡 | I49: 1-2-402 | J49: 117.6 | K49: 117.6 | M49: 727233 | N49: 5815.88 | V49: 140000 | W49: 45965 | X49: 60000 | Y49: 45966 | Z49: 200000 | AA49: 46009 | AB49: =95000+105000 -> 200000 | AC49: 45665 | AD49: 127233 | AE49: 46054 | AH49: =V49+X49+Z49+AB49+AD49+AF49 -> 727233 | AK49: =M49-AH49 -> 0 | AO49: =SUM(AZ49:CF49) -> 0 | AQ49: =AR49+AS49+AT49+AU49+AV49+AW49+AX49+AY49 -> 0 | CI49: 已交 | CK49: 已申报
A50: 31 | C50: 45566 | D50: 20240005506 | F50: 41272320001120551X | G50: 李尚 | H50: 0000713 | I50: 1-2-501 | J50: 117.6 | K50: 117.6 | L50: 5785.26 | M50: 680347 | N50: 5785.265 | O50: 624171.56 | P50: 25652000000044327784 | Q50: 45856 | U50: 张玉琴 | V50: 110000 | W50: 2024.9.21 | X50: 140000 | Y50: 2024.10.1 | Z50: 430000 | AA50: 2024.11.19 | AB50: 347 | AC50: 2025.4.26 | AH50: =V50+X50+Z50+AB50+AD50+AF50 -> 680347 | AK50: =M50-AH50 -> 0 | AL50: 18233138794 | AM50: 无物业费15000商业抵用券 | AO50: =SUM(AZ50:CF50) -> 680000 | AP50: =0.4%+0.02%+0.1% -> 0.0052 | AQ50: =AR50+AS50+AT50+AU50+AV50+AW50+AX50+AY50 -> 0 | BN50: 250000 | BO50: 430000 | CI50: 已交 | CK50: 已申报
A51: 32 | C51: 45486 | D51: 20240003996 | F51: 620121199711245316 | G51: 张志鹏 | I51: 1-2-502 | J51: 117.6 | K51: 117.6 | L51: 5938.4 | M51: 698356 | N51: 5885.88 | O51: 640693.58 | P51: 25652000000044327959 | Q51: 45856 | U51: 李福晴 | V51: 142000 | W51: 2024.7.13 | X51: 58000 | Y51: 2024.10.14 | Z51: 498000 | AA51: 2024.11.14 | AB51: 356 | AC51: 2025.6.1 | AH51: =V51+X51+Z51+AB51+AD51+AF51 -> 698356 | AK51: =M51-AH51 -> 0 | AL51: 19180421997 | AO51: =SUM(AZ51:CF51) -> 698000 | AP51: =0.7%+0.04%+0.08% -> 0.0082 | AQ51: =AR51+AS51+AT51+AU51+AV51+AW51+AX51+AY51 -> 0 | BN51: 200000 | BO51: 498000 | CI51: 已交 | CK51: 已申报
A52: 33 | C52: 45712 | D52: 20250000804 | F52: 622301200104079013 | G52: 金喜元 | H52: 0001017 | I52: 1-2-601 | J52: 117.6 | K52: 117.6 | L52: 5683.17 | M52: 668341 | N52: 5683.17 | O52: 613156.8 | P52: 25652000000044367509 | Q52: 45856 | T52: 0000545 | U52: 霍红霞 | V52: 5000 | W52: 2025.1.22 | X52: 100000 | Y52: 2025.2.22 | Z52: 235000 | AA52: 2025.2.24 | AB52: 200000 | AC52: 2025.4.3 | AD52: 128000 | AE52: 2025.4.18 | AF52: 341 | AG52: 2025.4.28 | AH52: =V52+X52+Z52+AB52+AD52+AF52 -> 668341 | AK52: =M52-AH52 -> 0 | AL52: 15026342941 | AM52: 不要车位 | AO52: =SUM(AZ52:CF52) -> 668341 | AP52: =0.6%+0.1%+0.03% -> 0.0073 | AQ52: =AR52+AS52+AT52+AU52+AV52+AW52+AX52+AY52 -> 0 | BT52: 668341 | CI52: 已交 | CK52: 已申报
A53: 34 | C53: 45603 | D53: 20240006501 | F53: 612729199606273618 | G53: 刘楠楠 | I53: 1-2-602 | J53: 117.6 | K53: 117.6 | L53: 5870.34 | M53: 690352 | N53: 5950.88 | O53: 633350.46 | P53: 25652000000044328385 | Q53: 45856 | U53: 李福晴 | V53: 212000 | W53: 2024.11.7 | X53: 88000 | Y53: 2024.12.19 | Z53: 390000 | AA53: 2025.1.13 | AB53: 352 | AC53: 2025.4.26 | AH53: =V53+X53+Z53+AB53+AD53+AF53 -> 690352 | AK53: =M53-AH53 -> 0 | AM53: 有车位 | AO53: =SUM(AZ53:CF53) -> 690000 | AP53: =0.5%+0.05%+0.08%+0.03% -> 0.0066 | AQ53: =AR53+AS53+AT53+AU53+AV53+AW53+AX53+AY53 -> 0 | BO53: 212000 | BQ53: 478000 | CI53: 已交 | CK53: 已申报
A54: 35 | C54: 45566 | D54: 20240005501 | F54: 62272319991204071X | G54: 李江成 | H54: 0000715 | I54: 1-2-701 | J54: 117.6 | K54: 117.6 | L54: 5819.3 | M54: 684349 | N54: 5819.295 | O54: 627843.12 | P54: 25652000000044347836 | Q54: 45856 | U54: 闫金秀 | V54: 20000 | W54: 2024.9.21 | X54: 217000 | Y54: 2024.10.1 | Z54: 67000 | AA54: 2024.10.10 | AB54: 380000 | AC54: 2024.11.19 | AD54: 349 | AE54: 2025.4.28 | AH54: =V54+X54+Z54+AB54+AD54+AF54 -> 684349 | AK54: =M54-AH54 -> 0 | AL54: 15026057540 | AO54: =SUM(AZ54:CF54) -> 684000 | AP54: =0.6%+0.1% -> 0.007 | AQ54: =AR54+AS54+AT54+AU54+AV54+AW54+AX54+AY54 -> 0 | BN54: 304000 | BO54: 380000 | CI54: 已交 | CK54: 已申报
A55: 36 | C55: 45566 | D55: 20240005494 | F55: 610122197106064934 | G55: 王新峰 | I55: 1-2-702 | J55: 117.6 | K55: 117.6 | L55: 5650 | M55: 664440 | N55: 5650 | O55: 609577.9 | P55: 25652000000044318560 | Q55: 45856 | U55: 霍红霞 | V55: 20000 | W55: 2024.9.21 | X55: =150000+164101 -> 314101 | Y55: 2024.10.1 | Z55: 330000 | AA55: 2024.11.27 | AB55: 339 | AC55: 2025.4.26 | AH55: =V55+X55+Z55+AB55+AD55+AF55 -> 664440 | AK55: =M55-AH55 -> 0 | AL55: 18106436811 | AM55: 2年物业费 | AO55: =SUM(AZ55:CF55) -> 664101 | AP55: =0.7%+0.1% -> 0.008 | AQ55: =AR55+AS55+AT55+AU55+AV55+AW55+AX55+AY55 -> 0 | BO55: 664101 | CI55: 已交 | CK55: 已申报
A56: 37 | C56: 45620 | D56: 20240006776 | F56: 652328199705070575 | G56: 杨旭元 | I56: 1-2-801 | J56: 117.6 | K56: 117.6 | L56: 5756.99 | M56: 677022 | N56: 6075.88 | O56: 621121.1 | P56: 2565200000004444752 | Q56: 45856 | U56: 霍红霞 | V56: 85677 | W56: 2024.11.24 | X56: 50000 | Y56: 2025.2.20 | Z56: 541000 | AA56: 2025.3.19 | AB56: 345 | AC56: 2025.6.16 | AH56: =V56+X56+Z56+AB56+AD56+AF56 -> 677022 | AK56: =M56-AH56 -> 0 | AL56: 13201019507 | AM56: 无车位2年物业费 | AO56: =SUM(AZ56:CF56) -> 676677 | AP56: =0.6%+0.08%+0.03% -> 0.0071 | AQ56: =AR56+AS56+AT56+AU56+AV56+AW56+AX56+AY56 -> 0 | BR56: 135677 | BS56: 541000 | CI56: 已交 | CK56: 已申报
A57: 38 | C57: 45656 | D57: 20240007530 | F57: 350305199901232319 | G57: 林银峰 | H57: 0000969 | I57: 1-2-802 | J57: 117.6 | K57: 117.6 | L57: 5615.1 | M57: 660337 | N57: 6020.88 | O57: 605813.76 | P57: 25652000000084268318 | Q57: 45999 | U57: 赵江龙 | V57: 20000 | W57: 2024.12.10 | X57: 140000 | Y57: 2024.12.30 | Z57: 500000 | AA57: 2025.3.24 | AB57: 337 | AC57: 2025.4.26 | AH57: =V57+X57+Z57+AB57+AD57+AF57 -> 660337 | AK57: =M57-AH57 -> 0 | AL57: 15099480279 | AM57: 不要车位 | AO57: =SUM(AZ57:CF57) -> 660000 | AP57: =0.7%+0.12%+0.03% -> 0.0085 | AQ57: =AR57+AS57+AT57+AU57+AV57+AW57+AX57+AY57 -> 0 | BP57: 160000 | BS57: 500000 | CI57: 已交 | CK57: 已申报
A58: 39 | C58: 45568 | D58: 20240005759 | F58: 622301199806022817 | G58: 张生财 | H58: 0000731 | I58: 1-2-901 | J58: 117.6 | K58: 117.6 | L58: 5878.85 | M58: 691353 | N58: 5878.85 | O58: 634268.81 | P58: 25652000000044378776 | Q58: 45856 | U58: 肖陶丽 | V58: 10000 | W58: 2024.10.1 | X58: 311000 | Y58: 2024.10.3 | Z58: 70000 | AA58: 2024.11.6 | AB58: 300000 | AC58: 2024.12.11 | AD58: 353 | AE58: 2025.6.18 | AH58: =V58+X58+Z58+AB58+AD58+AF58 -> 691353 | AK58: =M58-AH58 -> 0 | AL58: 18699662558 | AO58: =SUM(AZ58:CF58) -> 691000 | AP58: =0.6%+0.1% -> 0.007 | AQ58: =AR58+AS58+AT58+AU58+AV58+AW58+AX58+AY58 -> 0 | BN58: 321000 | BP58: 370000 | CI58: 已交 | CK58: 已申报
A59: 40 | C59: 45740 | D59: 20250001569 | F59: 654301199903150017 | G59: 高雅豪 | H59: 0000583 | I59: 1-2-902 | J59: 117.6 | K59: 117.6 | L59: 5785.26 | M59: 680347 | N59: 5785.26 | O59: 624171.56 | P59: 25652000000069473508 | Q59: 45951 | U59: 霍红霞 | V59: 20000 | W59: 2025.3.16 | X59: 64000 | Y59: 2025.3.24 | Z59: 52000 | AA59: 2025.4.3 | AB59: 347 | AC59: 45948 | AD59: 544000 | AE59: 45972 | AH59: =V59+X59+Z59+AB59+AD59+AF59 -> 680347 | AK59: =M59-AH59 -> 0 | AL59: 18690138021 | AM59: 不要车位 | AO59: =SUM(AZ59:CF59) -> 680347 | AP59: =0.7%+0.08%+0.03% -> 0.0081 | AQ59: =AR59+AS59+AT59+AU59+AV59+AW59+AX59+AY59 -> 0 | BT59: 136000 | CA59: 544347 | CI59: 已交 | CK59: 已申报
A60: 41 | C60: 45936 | D60: 20250005131 | F60: 622424197111065811 | G60: 卢克敬 | I60: 1-2-1001 | J60: 117.6 | K60: 117.6 | L60: 5770.99 | M60: 678669 | N60: 5770.88 | O60: 622632.11 | P60: 25652000000065969511 | Q60: 45939 | U60: 杨航 | V60: =10000+100000+93669 -> 203669 | W60: 2025-9-15、24 | X60: =75000+400000 -> 475000 | Y60: 2025-10-13、23 | AH60: =V60+X60+Z60+AB60+AD60+AF60 -> 678669 | AK60: =M60-AH60 -> 0 | AM60: 有车位 | AO60: =SUM(AZ60:CF60) -> 678669 | AP60: =0.7%+0.02%+0.08%+0.03% -> 0.0083 | AQ60: =AR60+AS60+AT60+AU60+AV60+AW60+AX60+AY60 -> 0 | BZ60: 678669 | CI60: 已交（12月） | CK60: 已申报203669、10月已开发票全额申报
A61: 42 | C61: 45900 | D61: 20250004468 | F61: 654225199211211814 | G61: 常宏磊 | I61: 1-2-1002 | J61: 117.6 | K61: 117.6 | L61: 6051.58 | M61: 711666 | N61: 6051.58 | O61: 652904.59 | P61: 25652000000076280178 | Q61: 45972 | U61: 王荣 | V61: 1666 | W61: 45885 | X61: 300000 | Y61: 45971 | Z61: 410000 | AA61: 46027 | AH61: =V61+X61+Z61+AB61+AD61+AF61 -> 711666 | AK61: =M61-AH61 -> 0 | AM61: 有车位+1年物业费+mate70+送地下室 | AO61: =SUM(AZ61:CF61) -> 711666 | AP61: =0.7%+0.04%+0.08%+0.03% -> 0.0085 | AQ61: =AR61+AS61+AT61+AU61+AV61+AW61+AX61+AY61 -> 0 | CA61: 301666 | CC61: 410000 | CI61: 已交（10月） | CK61: 已申报
A62: 43 | I62: 1-2-1101 | J62: 117.6 | N62: 6647.5 | U62: 杨航 | AH62: =V62+X62+Z62+AB62+AD62+AF62 -> 0 | AK62: =M62-AH62 -> 0 | AO62: =SUM(AZ62:CF62) -> 0 | AQ62: =AR62+AS62+AT62+AU62+AV62+AW62+AX62+AY62 -> 0
A63: 44 | I63: 1-2-1102 | J63: 117.6 | N63: 7092.5 | AH63: =V63+X63+Z63+AB63+AD63+AF63 -> 0 | AO63: =SUM(AZ63:CF63) -> 0 | AQ63: =AR63+AS63+AT63+AU63+AV63+AW63+AX63+AY63 -> 0
A64: 45 | I64: 1-3-101 | J64: 118.97 | N64: 7795.5 | AH64: =V64+X64+Z64+AB64+AD64+AF64 -> 0 | AO64: =SUM(AZ64:CF64) -> 0 | AQ64: =AR64+AS64+AT64+AU64+AV64+AW64+AX64+AY64 -> 0
A65: 46 | E65: 唐山通宝暂定 | I65: 1-3-102 | J65: 119.56 | N65: 7382.5 | AH65: =V65+X65+Z65+AB65+AD65+AF65 -> 0 | AO65: =SUM(AZ65:CF65) -> 0 | AQ65: =AR65+AS65+AT65+AU65+AV65+AW65+AX65+AY65 -> 0
A66: 47 | I66: 1-3-201 | J66: 117.6 | N66: 5725.6 | AH66: =V66+X66+Z66+AB66+AD66+AF66 -> 0 | AO66: =SUM(AZ66:CF66) -> 0 | AQ66: =AR66+AS66+AT66+AU66+AV66+AW66+AX66+AY66 -> 0
A67: 48 | C67: 45792 | D67: 20250002746 | E67: 抵账江通海713807 | F67: 652801198902140547 | G67: 蒲洁 | I67: 1-3-202 | J67: 117.97 | K67: 117.97 | L67: 5700 | M67: 672429 | N67: 5690.6 | O67: 616907.34 | P67: 25652000000029399529 | Q67: 45804 | V67: =62087+342 -> 62429 | W67: 2025.5.15 | X67: 170000 | Y67: 2025.5.19 | Z67: 440000 | AA67: 2025.6.11 | AH67: =V67+X67+Z67+AB67+AD67+AF67 -> 672429 | AK67: =M67-AH67 -> 0 | AL67: 15276255932 | AO67: =SUM(AZ67:CF67) -> 0 | AQ67: =AR67+AS67+AT67+AU67+AV67+AW67+AX67+AY67 -> 0 | CI67: 已交 | CK67: 已申报
A68: 49 | C68: 45754 | D68: 20250001850 | E68: 抵杜722230 | F68: 612325199710131110 | G68: 史进航 | I68: 1-3-301 | J68: 117.6 | K68: 117.6 | L68: 5700 | M68: =342+669978 -> 670320 | N68: 5700 | O68: 614972.48 | P68: 25652000000044369285 | Q68: 45856 | V68: 209978 | W68: 2025.4.7 | X68: 460000 | Y68: 2025.4.22 | Z68: 342 | AA68: 2025.4.27 | AH68: =V68+X68+Z68+AB68+AD68+AF68 -> 670320 | AK68: =M68-AH68 -> 0 | AM68: 有车位 | AO68: =SUM(AZ68:CF68) -> 0 | AQ68: =AR68+AS68+AT68+AU68+AV68+AW68+AX68+AY68 -> 0 | CI68: 已交 | CK68: 已申报
A69: 50 | I69: 1-3-302 | J69: 117.97 | N69: 5740.88 | AH69: =V69+X69+Z69+AB69+AD69+AF69 -> 0 | AO69: =SUM(AZ69:CF69) -> 0 | AQ69: =AR69+AS69+AT69+AU69+AV69+AW69+AX69+AY69 -> 0
A70: 51 | C70: 45796 | D70: 20250002393 | F70: 652222199711150412 | G70: 刘红东 | I70: 1-3-401 | J70: 117.6 | K70: 117.6 | L70: 5790.44 | M70: 680956 | N70: 5790.44 | O70: 624730.28 | P70: 25652000000044428706 | Q70: 45856 | U70: 李秀莲 | V70: =20609+347 -> 20956 | W70: 2025.5.2 | X70: 90000 | Y70: 2025.5.6 | Z70: 30000 | AA70: 2025.5.20 | AB70: 540000 | AC70: 2025.6.18 | AH70: =V70+X70+Z70+AB70+AD70+AF70 -> 680956 | AK70: =M70-AH70 -> 0 | AL70: 17806291715 | AM70: 有车位1年物业费+mate70手机 | AO70: =SUM(AZ70:CF70) -> 680956 | AP70: =0.4%+0.02%+0.08%+0.03% -> 0.0053 | AQ70: =AR70+AS70+AT70+AU70+AV70+AW70+AX70+AY70 -> 0 | BU70: 140956 | BV70: 540000 | CI70: 已交 | CK70: 已申报
A71: 52 | C71: 45823 | D71: 20250003109 | E71: 抵乌鲁木齐品尚门业723877 | F71: 654201199811060035 | G71: 苏海城 | I71: 1-3-402 | J71: 117.97 | K71: 117.97 | L71: 5773.94 | M71: 681152 | N71: 5770.88 | O71: 624910.09 | P71: 25652000000041811433 | Q71: 45846 | V71: 230805 | W71: 2025.6.15 | X71: 347 | Y71: 45846 | Z71: 450000 | AA71: 2025.7.18 | AH71: =V71+X71+Z71+AB71+AD71+AF71 -> 681152 | AK71: =M71-AH71 -> 0 | AO71: =SUM(AZ71:CF71) -> 0 | AQ71: =AR71+AS71+AT71+AU71+AV71+AW71+AX71+AY71 -> 0 | CI71: 已交 | CK71: 已申报
A72: 53 | C72: 45743 | D72: 20250001667 | F72: 654028200502101520 | G72: 贾小雪 | H72: 0000564 | I72: 1-3-501 | J72: 117.6 | K72: 117.6 | L72: 5874.48 | M72: 690838 | N72: 5874.48 | O72: 633796.33 | P72: 25652000000044438937 | Q72: 45856 | U72: 霍红霞 | V72: 20000 | W72: 2025.3.5 | X72: 118486 | Y72: 2025.3.21 | Z72: 552000 | AA72: 2025.4.14 | AB72: 352 | AC72: 2025.4.26 | AH72: =V72+X72+Z72+AB72+AD72+AF72 -> 690838 | AK72: =M72-AH72 -> 0 | AL72: 15209902158 | AM72: 有车位3年物业费+mate70手机 | AO72: =SUM(AZ72:CF72) -> 690486 | AP72: =0.7%+0.08%+0.03% -> 0.0081 | AQ72: =AR72+AS72+AT72+AU72+AV72+AW72+AX72+AY72 -> 0 | BS72: 138486 | BT72: 552000 | CI72: 已交 | CK72: 已申报
A73: 54 | C73: 45832 | D73: 20250003396 | F73: 622226199904152510 | G73: 罗志刚 马文杰 退 | H73: 0001129 | I73: 1-3-502 | J73: 117.97 | K73: 117.97 | L73: 5800 | M73: 684226 | N73: 5800 | O73: 627730.28 | P73: 25652000000052418184 | Q73: 45887 | U73: 李福晴 | V73: =20000-20000 -> 0 | W73: 2025.5.11 | X73: 10000 | Y73: 2025.6.17 | Z73: =348+10878+80000 -> 91226 | AA73: 2025.6.24 | AB73: 43000 | AC73: 45855 | AD73: 540000 | AE73: 45873 | AH73: =V73+X73+Z73+AB73+AD73+AF73 -> 684226 | AK73: =M73-AH73 -> 0 | AM73: 有车位 | AO73: =SUM(AZ73:CF73) -> 684226 | AP73: =0.7%+0.05%+0.08%+0.03% -> 0.0086 | AQ73: =AR73+AS73+AT73+AU73+AV73+AW73+AX73+AY73 -> 0 | BV73: 101226 | BX73: 583000 | CI73: 已交 | CK73: 已申报
A74: 55 | C74: 45831 | D74: 20250003340 | F74: 622301200012148093 | G74: 石战龙 | H74: 0000591 | I74: 1-3-601 | J74: 117.6 | K74: 117.6 | L74: 5900 | M74: 693840 | N74: 5900 | O74: 636225.69 | P74: 25652000000047727518 | Q74: 45868 | U74: 肖陶丽 | V74: 20000 | W74: 2025.3.29 | X74: =50000+43486 -> 93486 | Y74: 2025.6.22 | Z74: 354 | AA74: 45839 | AB74: 580000 | AC74: 45883 | AH74: =V74+X74+Z74+AB74+AD74+AF74 -> 693840 | AK74: =M74-AH74 -> 0 | AL74: 15693597064 | AM74: 有车位 | AO74: =SUM(AZ74:CF74) -> 693840 | AP74: =0.5%+0.08%+0.03% -> 0.0061 | AQ74: =AR74+AS74+AT74+AU74+AV74+AW74+AX74+AY74 -> 0 | BV74: 113486 | BX74: 580354 | CI74: 已交（10月） | CK74: 已申报
A75: 56 | C75: 45931 | D75: 20250004864 | F75: 622301199805291310 | G75: 周兴超 靳国柱（退） | H75: 0001176 | I75: 1-3-602 | J75: 117.97 | K75: 117.97 | L75: 5350 | M75: 631140 | N75: =5555.084-300 -> 5255.084 | O75: 579027.52 | P75: 25652000000066190569 | Q75: 45940 | U75: 王荣 | V75: =10000-10000 -> 0 | W75: 2025.3.25（2025.9.26退） | X75: =20000+181140 -> 201140 | Y75: 2025-9-15、29 | Z75: 430000 | AA75: 45958 | AH75: =V75+X75+Z75+AB75+AD75+AF75 -> 631140 | AK75: =M75-AH75 -> 0 | AL75: 17326372276 | AM75: 不要车位 | AO75: =SUM(AZ75:CF75) -> 631140 | AP75: =0.7%+0.04%+0.08%+0.03% -> 0.0085 | AQ75: =AR75+AS75+AT75+AU75+AV75+AW75+AX75+AY75 -> 0 | BZ75: 631140 | CI75: 已交（12月） | CK75: 已申报（直接计收入）靳国柱申报20000开票时已冲减
A76: 57 | C76: 45778 | D76: 20250002262 | F76: 220381200005061112 | G76: 黄红博 | I76: 1-3-701 | J76: 117.6 | K76: 117.6 | L76: 5700.19 | M76: 670342 | N76: 5700.19 | O76: 614992.66 | P76: 25652000000035181490 | Q76: 45825 | U76: 闫金秀 | V76: 10000 | W76: 2025.4.7 | X76: =342+75000 -> 75342 | Y76: 2025.5.1 | Z76: 55000 | AA76: 2025.5.7 | AB76: 530000 | AC76: 2025.6.25 | AH76: =V76+X76+Z76+AB76+AD76+AF76 -> 670342 | AK76: =M76-AH76 -> 0 | AL76: 13596680508 | AM76: 不要车位 | AO76: =SUM(AZ76:CF76) -> 670342 | AP76: =0.7%+0.08%+0.03% -> 0.0081 | AQ76: =AR76+AS76+AT76+AU76+AV76+AW76+AX76+AY76 -> 0 | BU76: 140342 | BV76: 530000 | CI76: 已交 | CK76: 已申报
A77: 58 | C77: 45778 | D77: 20250002223 | F77: 652923199301133715 | G77: 靳龙 | H77: 0000598 | I77: 1-3-702 | J77: 117.97 | K77: 117.97 | L77: 5894.326 | M77: 695354 | N77: 5894.326 | O77: 637939.45 | P77: 25652000000044359682 | Q77: 45856 | U77: 王荣 | V77: 20000 | W77: 2025.4.6 | X77: 675000 | Y77: 2025.4.15 | Z77: 354 | AA77: 2025.5.1 | AH77: =V77+X77+Z77+AB77+AD77+AF77 -> 695354 | AK77: =M77-AH77 -> 0 | AL77: 18099774887 | AM77: 有车位 | AO77: =SUM(AZ77:CF77) -> 695354 | AP77: =0.4%+0.02%+0.08%+0.03% -> 0.0053 | AQ77: =AR77+AS77+AT77+AU77+AV77+AW77+AX77+AY77 -> 0 | BU77: 695354 | CI77: 已交 | CK77: 已申报
A78: 59 | C78: 45819 | D78: 20250003053 | F78: 652827199804283227 | G78: 邓海燕 | H78: 00001127 | I78: 1-3-801 | J78: 117.6 | K78: 117.6 | L78: 6000 | M78: 705600 | N78: 6000 | O78: 647339.45 | P78: 25652000000058553583 | Q78: 45910 | U78: 赵江龙 | V78: 20000 | W78: 2025.5.4 | X78: 53240 | Y78: 2025.6.8 | Z78: 72000 | AA78: 2025.6.19 | AB78: 360 | AC78: 45848 | AD78: 560000 | AE78: 2025.7.18 | AH78: =V78+X78+Z78+AB78+AD78+AF78 -> 705600 | AK78: =M78-AH78 -> 0 | AL78: 15739367090 | AM78: 有车位1年物业费+mate70手机 | AO78: =SUM(AZ78:CF78) -> 705240 | AP78: =0.4%+0.08%+0.03% -> 0.0051 | AQ78: =AR78+AS78+AT78+AU78+AV78+AW78+AX78+AY78 -> 0 | BV78: 145240 | BW78: 560000 | CI78: 已交 | CK78: 已申报
A79: 60 | C79: 45810 | D79: 20250002980 | F79: 622822199901203113 | G79: 苏彦龙 | H79: 0001133 | I79: 1-3-802 | J79: 117.97 | K79: 117.97 | L79: 5936.73 | M79: 700356 | N79: 5936.73 | O79: 642528.44 | P79: 25652000000035488038 | Q79: 45827 | U79: 潘亦玹 | V79: 20000 | W79: 2025.5.24 | X79: 85000 | Y79: 2025.5.26 | Z79: 356 | AA79: 2025.6.18 | AB79: 595000 | AC79: 2025.6.19 | AH79: =V79+X79+Z79+AB79+AD79+AF79 -> 700356 | AK79: =M79-AH79 -> 0 | AL79: 17339883754 | AM79: 有车位1年物业费+mate70手机 | AO79: =SUM(AZ79:CF79) -> 700356 | AP79: =0.7%+0.03%+0.08%+0.03% -> 0.0084 | AQ79: =AR79+AS79+AT79+AU79+AV79+AW79+AX79+AY79 -> 0 | BV79: 700356 | CI79: 已交 | CK79: 已申报
A80: 61 | C80: 45934 | D80: 20250005076 | F80: 622301200011222810 | G80: 徐志翔 | H80: 0001166 | I80: 1-3-901 | J80: 117.6 | K80: 117.6 | L80: 5900 | M80: 693840 | N80: 5900 | O80: 636550.46 | P80: 25652000000066188960 | Q80: 45940 | U80: 刘宁宁 | V80: 10000 | W80: 2025.8.23 | X80: 393840 | Y80: 45934 | Z80: 290000 | AA80: 45996 | AH80: =V80+X80+Z80+AB80+AD80+AF80 -> 693840 | AK80: =M80-AH80 -> 0 | AM80: 有车位1年物业费+mate70手机 | AO80: =SUM(AZ80:CF80) -> 693840 | AP80: =0.7%+0.04%+0.08%+0.03% -> 0.0085 | AQ80: =AR80+AS80+AT80+AU80+AV80+AW80+AX80+AY80 -> 0 | BZ80: 693840 | CI80: 已交（12月） | CK80: 已申报
A81: 62 | C81: 45845 | D81: 20250003608 | F81: 62042219971226081X | G81: 李鸿飞 | H81: 0001146 | I81: 1-3-902 | J81: 117.97 | K81: 117.97 | L81: 5936.73 | M81: 700356 | N81: 5936.73 | O81: 642528.44 | P81: 25652000000046211643 | Q81: 45863 | U81: 李福晴 | V81: 20000 | W81: 2025.6.29 | X81: =356+120000 -> 120356 | Y81: 45843 | Z81: 560000 | AA81: 2025.07.21 | AH81: =V81+X81+Z81+AB81+AD81+AF81 -> 700356 | AK81: =M81-AH81 -> 0 | AL81: 13349352127 | AM81: 有车位 | AO81: =SUM(AZ81:CF81) -> 700356 | AP81: =0.7%+0.05%+0.08%+0.03% -> 0.0086 | AQ81: =AR81+AS81+AT81+AU81+AV81+AW81+AX81+AY81 -> 0 | BW81: 700356 | CI81: 已交（10月） | CK81: 已申报
A82: 63 | C82: 45936 | D82: 20250005116 | F82: 652301197707110826 | G82: 徐超、武跃伟 | I82: 1-3-1001 | J82: 117.6 | K82: 117.6 | L82: 5400 | M82: 635040 | N82: 5400 | O82: 582605.5 | P82: 25652000000069419732 | Q82: 45951 | U82: 杨航 | V82: =20000+60000+57040 -> 137040 | W82: 2025-9-22、27 | X82: 148000 | Y82: 45946 | Z82: 350000 | AA82: 46000 | AH82: =V82+X82+Z82+AB82+AD82+AF82 -> 635040 | AK82: =M82-AH82 -> 0 | AM82: 不要车位 | AO82: =SUM(AZ82:CF82) -> 635040 | AP82: =0.7%+0.02%+0.08%+0.03% -> 0.0083 | AQ82: =AR82+AS82+AT82+AU82+AV82+AW82+AX82+AY82 -> 0 | BZ82: 285040 | CB82: 350000 | CI82: 已交（12月） | CK82: 已申报
A83: 64 | C83: 45911 | D83: 20250004613 | E83: 抵巩红卫755598 | F83: 652826199603272015 | G83: 纪忠来 | I83: 1-3-1002 | J83: 117.97 | K83: 117.97 | L83: 6405 | M83: 755598 | N83: 6020.88 | O83: 693209.17 | P83: 26652000000034010641 | Q83: 46035 | V83: 255598 | W83: 45911 | X83: 150000 | Y83: 45995 | Z83: 20000 | AA83: 2025.12.6 | AB83: 330000 | AC83: 46050 | AH83: =V83+X83+Z83+AB83+AD83+AF83 -> 755598 | AK83: =M83-AH83 -> 0 | AO83: =SUM(AZ83:CF83) -> 0 | AQ83: =AR83+AS83+AT83+AU83+AV83+AW83+AX83+AY83 -> 0 | CI83: 已交（10月） | CK83: 已申报
A84: 65 | C84: 45650 | D84: 20240007421 | E84: 抵账 | F84: 41272419980510296X | G84: 黄珍珍 | I84: 1-3-1101 | J84: 117.6 | K84: 117.6 | L84: 6883 | M84: 809441 | N84: 7082.5 | O84: 742606.42 | P84: 25652000000044379951 | Q84: 45856 | V84: 119028 | W84: 2024.12.24 | X84: 60000 | Y84: 2025.1.9 | Z84: 630000 | AA84: 2025.1.26 | AB84: 413 | AC84: 2025.4.26 | AH84: =V84+X84+Z84+AB84+AD84+AF84 -> 809441 | AK84: =M84-AH84 -> 0 | AO84: =SUM(AZ84:CF84) -> 0 | AQ84: =AR84+AS84+AT84+AU84+AV84+AW84+AX84+AY84 -> 0 | CI84: 已交 | CK84: 已申报
A85: 66 | C85: 46115 | D85: 20260001531 | E85: 抵账杜884011 | F85: 652801199409283725 | G85: 王潇逸 | I85: 1-3-1102 | J85: 117.97 | K85: 117.97 | L85: 7497.34 | M85: 884461 | N85: 7047.5 | O85: 811432.11 | P85: 26652000000305760181 | Q85: 46120 | AH85: =V85+X85+Z85+AB85+AD85+AF85 -> 0 | AK85: =M85-AH85 -> 884461 | AO85: =SUM(AZ85:CF85) -> 0 | AQ85: =AR85+AS85+AT85+AU85+AV85+AW85+AX85+AY85 -> 0
I86: 2-负1-101 | J86: 34.92 | N86: 82329 | AH86: =V86+X86+Z86+AB86+AD86+AF86 -> 0 | AK86: =M86-AH86 -> 0 | AO86: =SUM(AZ86:CF86) -> 0 | AP86: 0.02 | AQ86: =AR86+AS86+AT86+AU86+AV86+AW86+AX86+AY86 -> 0
I87: 2-负1-102 | J87: 39.57 | N87: 93287 | AH87: =V87+X87+Z87+AB87+AD87+AF87 -> 0 | AK87: =M87-AH87 -> 0 | AO87: =SUM(AZ87:CF87) -> 0 | AP87: 0.02 | AQ87: =AR87+AS87+AT87+AU87+AV87+AW87+AX87+AY87 -> 0
I88: 2-负1-103 | J88: 38.6 | N88: 91012 | AH88: =V88+X88+Z88+AB88+AD88+AF88 -> 0 | AK88: =M88-AH88 -> 0 | AO88: =SUM(AZ88:CF88) -> 0 | AP88: 0.02 | AQ88: =AR88+AS88+AT88+AU88+AV88+AW88+AX88+AY88 -> 0
I89: 2-负1-104 | J89: 38.99 | N89: 91922 | AH89: =V89+X89+Z89+AB89+AD89+AF89 -> 0 | AK89: =M89-AH89 -> 0 | AO89: =SUM(AZ89:CF89) -> 0 | AP89: 0.02 | AQ89: =AR89+AS89+AT89+AU89+AV89+AW89+AX89+AY89 -> 0
I90: 2-负1-105 | J90: 32.99 | N90: 77780 | AH90: =V90+X90+Z90+AB90+AD90+AF90 -> 0 | AK90: =M90-AH90 -> 0 | AO90: =SUM(AZ90:CF90) -> 0 | AP90: 0.02 | AQ90: =AR90+AS90+AT90+AU90+AV90+AW90+AX90+AY90 -> 0
G91: 岳志文 | I91: 2-负1-106 | J91: 22.57 | M91: 53218 | N91: 53218 | V91: 53218 | W91: 2025.5.17 | AH91: =V91+X91+Z91+AB91+AD91+AF91 -> 53218 | AK91: =M91-AH91 -> 0 | AO91: =SUM(AZ91:CF91) -> 53218 | AP91: 0.02 | AQ91: =AR91+AS91+AT91+AU91+AV91+AW91+AX91+AY91 -> 0 | BU91: 53218
I92: 2-负1-107 | J92: 17.68 | N92: 41681 | AH92: =V92+X92+Z92+AB92+AD92+AF92 -> 0 | AK92: =M92-AH92 -> 0 | AO92: =SUM(AZ92:CF92) -> 0 | AP92: 0.02 | AQ92: =AR92+AS92+AT92+AU92+AV92+AW92+AX92+AY92 -> 0
G93: 张学良 | I93: 2-负1-108 | J93: 15.4 | M93: 36306 | N93: 36306 | V93: 36306 | W93: 2025.5.2 | AH93: =V93+X93+Z93+AB93+AD93+AF93 -> 36306 | AK93: =M93-AH93 -> 0 | AO93: =SUM(AZ93:CF93) -> 36306 | AP93: 0.02 | AQ93: =AR93+AS93+AT93+AU93+AV93+AW93+AX93+AY93 -> 0 | BU93: 36306
I94: 2-负1-109 | J94: 18.82 | N94: 44369 | AH94: =V94+X94+Z94+AB94+AD94+AF94 -> 0 | AK94: =M94-AH94 -> 0 | AO94: =SUM(AZ94:CF94) -> 0 | AP94: 0.02 | AQ94: =AR94+AS94+AT94+AU94+AV94+AW94+AX94+AY94 -> 0
I95: 2-负1-110 | J95: 10.8 | N95: 25472 | AH95: =V95+X95+Z95+AB95+AD95+AF95 -> 0 | AK95: =M95-AH95 -> 0 | AO95: =SUM(AZ95:CF95) -> 0 | AP95: 0.02 | AQ95: =AR95+AS95+AT95+AU95+AV95+AW95+AX95+AY95 -> 0
I96: 2-负1-111 | J96: 111.7 | N96: 263361 | AH96: =V96+X96+Z96+AB96+AD96+AF96 -> 0 | AK96: =M96-AH96 -> 0 | AO96: =SUM(AZ96:CF96) -> 0 | AP96: 0.02 | AQ96: =AR96+AS96+AT96+AU96+AV96+AW96+AX96+AY96 -> 0
G97: 赵梓颖 | I97: 2-负1-112 | J97: 16.87 | M97: 39779 | N97: 39779 | V97: 39779 | W97: 2025.6.17 | AH97: =V97+X97+Z97+AB97+AD97+AF97 -> 39779 | AK97: =M97-AH97 -> 0 | AO97: =SUM(AZ97:CF97) -> 39779 | AP97: 0.02 | AQ97: =AR97+AS97+AT97+AU97+AV97+AW97+AX97+AY97 -> 0 | BV97: 39779
I98: 2-负1-113 | J98: 14.28 | N98: 无价 | AH98: =V98+X98+Z98+AB98+AD98+AF98 -> 0 | AK98: =M98-AH98 -> 0 | AO98: =SUM(AZ98:CF98) -> 0 | AP98: 0.02 | AQ98: =AR98+AS98+AT98+AU98+AV98+AW98+AX98+AY98 -> 0
I99: 2-负1-114配电间2（多栋建筑服务） | J99: 391.9 | N99: 无价 | AK99: =M99-AH99 -> 0 | AO99: =SUM(AZ99:CF99) -> 0 | AP99: 0.02
G100: 李小勇 | I100: 2-负1+3工具间1 | J100: 20.2 | M100: 47635 | N100: 47635 | V100: 47635 | W100: 2025.4.23 | AH100: =V100+X100+Z100+AB100+AD100+AF100 -> 47635 | AK100: =M100-AH100 -> 0 | AO100: =SUM(AZ100:CF100) -> 47635 | AP100: 0.02 | BU100: 47635
...

Sheet 画堂春锦苑8#楼明细表
A1: 8#楼住宅销售明细表
A2: 序号 | B2: 成交 | C2: 合同签订日期 | D2: 合同号 | F2: 身份证号 | G2: 姓名 | H2: 订购书编号 | I2: 房号 | J2: 开发 面积 | K2: 销售面积 | L2: 单价 | M2: 总价 | N2: 成交底价 | O2: 发票开具 | R2: 本月成 交额 | S2: 成交时间 | T2: 会员编号 | U2: 置业顾问 | V2: 缴款金额 | AH2: 收款合计 | AI2: 本月到账贷款 | AJ2: 到帐贷款 | AK2: 应收款 | AL2: 联系电话 | AM2: 备注 | AN2: 计划销售总价 | AO2: 佣金付款合计 | AP2: 佣金点数 | AQ2: 2024.5月佣金 | AR2: 2024.6月佣金 | AS2: 2024.7月佣金 | AT2: 2024.8月佣金 | AU2: 2024.9月佣金 | AV2: 2024.10月佣金 | AW2: 2024.11月佣金 | AX2: 2024.12月佣金 | AY2: 2025.1月佣金 | AZ2: 2025.2月佣金 | BA2: 2025.3月佣金 | BB2: 2025.4月佣金 | BC2: 2025.5月佣金 | BD2: 2025.6月佣金 | BE2: 2025.7月佣金 | BF2: 2025.8月佣金 | BG2: 2025.9月佣金 | BH2: 2025.10月佣金 | BI2: 2025.11月佣金 | BJ2: 2026.1月佣金 | BK2: 2026.2月佣金 | BM2: 佣金 | BO2: 印花税 | BP2: 房源系统
E3: 房屋性质 | O3: 金额 | P3: 号码 | Q3: 开票日期 | V3: 一 | W3: 时间 | X3: 二 | Y3: 时间 | Z3: 三 | AA3: 时间 | AB3: 四 | AC3: 时间 | AD3: 五 | AE3: 时间 | AF3: 六 | AG3: 时间
I4: 8-负1-01 | J4: 30.45 | L4: 2200 | N4: 66990 | AH4: =V4+X4+Z4+AB4+AD4+AF4 -> 0 | AK4: =M4-AH4 -> 0 | AO4: =SUM(AQ4:BK4) -> 0
H5: 地下人防设施 | I5: 8-负1-02 | J5: 17.74 | AH5: =V5+X5+Z5+AB5+AD5+AF5 -> 0 | AK5: =M5-AH5 -> 0 | AO5: =SUM(AQ5:BK5) -> 0
G6: 邵明江（退） | I6: 8-负1-03 | J6: 11.53 | L6: 2200 | M6: 25366 | N6: 25366 | AH6: =V6+X6+Z6+AB6+AD6+AF6 -> 0 | AK6: =M6-AH6 -> 25366 | AO6: =SUM(AQ6:BK6) -> 25366 | AP6: 0.02 | BG6: 25366
G7: 李鹏 | I7: 8-负1-04 | J7: 19.52 | L7: 2200 | M7: 42944 | N7: 42944 | V7: 42944 | W7: 45904 | AH7: =V7+X7+Z7+AB7+AD7+AF7 -> 42944 | AK7: =M7-AH7 -> 0 | AO7: =SUM(AQ7:BK7) -> 42944 | AP7: 0.02 | BG7: 42944
I8: 8-负1-05 | J8: 71.65 | AH8: =V8+X8+Z8+AB8+AD8+AF8 -> 0 | AK8: =M8-AH8 -> 0 | AO8: =SUM(AQ8:BK8) -> 48158 | BG8: 48158
I9: 8-负1-06 | J9: 68.35 | AH9: =V9+X9+Z9+AB9+AD9+AF9 -> 0 | AK9: =M9-AH9 -> 0 | AO9: =SUM(AQ9:BK9) -> 23848 | BG9: 23848
G10: 周枫 | I10: 8-负1-07 | J10: 21.89 | L10: 2200 | M10: 48158 | N10: 48158 | V10: 48158 | W10: 45903 | AH10: =V10+X10+Z10+AB10+AD10+AF10 -> 48158 | AK10: =M10-AH10 -> 0 | AO10: =SUM(AQ10:BK10) -> 48158 | AP10: 0.02 | BG10: 48158
G11: 马海平 | I11: 8-负1-08 | J11: 10.84 | L11: 2200 | M11: 23848 | N11: 23848 | V11: 23848 | W11: 45903 | AH11: =V11+X11+Z11+AB11+AD11+AF11 -> 23848 | AK11: =M11-AH11 -> 0 | AO11: =SUM(AQ11:BK11) -> 23848 | AP11: 0.02 | BG11: 23848
G12: 刘素涵 | I12: 8-负1-09 | J12: 11.24 | L12: 2200 | M12: 24728 | N12: 24728 | V12: 24728 | W12: 45907 | AH12: =V12+X12+Z12+AB12+AD12+AF12 -> 24728 | AK12: =M12-AH12 -> 0 | AO12: =SUM(AQ12:BK12) -> 24728 | AP12: 0.02 | BG12: 24728
G13: 陈祖柏 | I13: 8-负1-10 | J13: 27.78 | L13: 2200 | M13: 61116 | N13: 61116 | V13: 61116 | W13: 45903 | AH13: =V13+X13+Z13+AB13+AD13+AF13 -> 61116 | AK13: =M13-AH13 -> 0 | AO13: =SUM(AQ13:BK13) -> 61116 | AP13: 0.02 | BG13: 61116
G14: 沈慧 | I14: 8-负1-11 | J14: 36.68 | L14: 2200 | M14: 80696 | N14: 80696 | V14: 80696 | W14: 45902 | AH14: =V14+X14+Z14+AB14+AD14+AF14 -> 80696 | AK14: =M14-AH14 -> 0 | AO14: =SUM(AQ14:BK14) -> 80696 | AP14: 0.02 | BG14: 80696
I15: 8-负1-12 | J15: 63.71 | AH15: =V15+X15+Z15+AB15+AD15+AF15 -> 0 | AK15: =M15-AH15 -> 0 | AO15: =SUM(AQ15:BK15) -> 0
I16: 8-负1-13 | J16: 63.71 | AH16: =V16+X16+Z16+AB16+AD16+AF16 -> 0 | AK16: =M16-AH16 -> 0 | AO16: =SUM(AQ16:BK16) -> 0
I17: 8-负1-14 | J17: 63.71 | AH17: =V17+X17+Z17+AB17+AD17+AF17 -> 0 | AK17: =M17-AH17 -> 0 | AO17: =SUM(AQ17:BK17) -> 0
I18: 8-负1-15 | J18: 63.97 | AH18: =V18+X18+Z18+AB18+AD18+AF18 -> 0 | AK18: =M18-AH18 -> 0 | AO18: =SUM(AQ18:BK18) -> 0
I19: 8-负1-16 | J19: 36.68 | L19: 2200 | N19: 80696 | AH19: =V19+X19+Z19+AB19+AD19+AF19 -> 0 | AK19: =M19-AH19 -> 0 | AO19: =SUM(AQ19:BK19) -> 0
G20: 杨华 | I20: 8-负1-17 | J20: 26.83 | L20: 2200 | M20: 59026 | N20: 59026 | V20: 59026 | W20: 45911 | AH20: =V20+X20+Z20+AB20+AD20+AF20 -> 59026 | AK20: =M20-AH20 -> 0 | AO20: =SUM(AQ20:BK20) -> 59026 | AP20: 0.02 | BG20: 59026
I21: 8-负1-18 | J21: 37.95 | AH21: =V21+X21+Z21+AB21+AD21+AF21 -> 0 | AK21: =M21-AH21 -> 0 | AO21: =SUM(AQ21:BK21) -> 51810 | BG21: 51810
I22: 8-负1-19 | J22: 37.95 | L22: 2200 | N22: 83490 | AH22: =V22+X22+Z22+AB22+AD22+AF22 -> 0 | AK22: =M22-AH22 -> 0 | AO22: =SUM(AQ22:BK22) -> 0
G23: 尹桂云 | I23: 8-负1-20 | J23: 23.55 | L23: 2200 | M23: 51810 | N23: 51810 | V23: 51810 | W23: 45906 | AH23: =V23+X23+Z23+AB23+AD23+AF23 -> 51810 | AK23: =M23-AH23 -> 0 | AO23: =SUM(AQ23:BK23) -> 51810 | AP23: 0.02 | BG23: 51810
A24: 1 | C24: 45434 | D24: 20240003043 | F24: 32032219691227567X | G24: 陈爱玲、杨艳梨 成交 | H24: 0000863 | I24: 8-1-101 | J24: 150.19 | K24: 150.19 | L24: 8200 | M24: =L24*K24 -> 1231558 | N24: 8200 | O24: 1129869.7 | P24: 25652000000069545157 | Q24: 45951 | U24: 连阵阵 | V24: 20000 | W24: 2024.5.18 | X24: 351558 | Y24: 2024.5.22 | Z24: 860000 | AA24: 2024.6.25 | AH24: =V24+X24+Z24+AB24+AD24+AF24 -> 1231558 | AK24: =M24-AH24 -> 0 | AL24: 15199933931 | AO24: =SUM(AQ24:BK24) -> 1231558 | AP24: =0.7%+0.03%+0.08% -> 0.0081 | AR24: 1231558 | BO24: 已交 | BP24: 已录 | BQ24: 已申报
A25: 2 | C25: 45516 | D25: 20240004628 | F25: 410181199802267518 | G25: 周枫 | H25: 0000953 | I25: 8-1-102 | J25: 122.87 | K25: 122.87 | L25: =M25/K25 -> 7894.5227 | M25: 970000 | N25: 7894.52 | O25: 889908.26 | P25: 25652000000069504567 | Q25: 45951 | U25: 李秀莲 | V25: 20000 | W25: 2024.7.30 | X25: 250000 | Y25: 2024.8.12 | Z25: 700000 | AA25: 2024.9.23 | AH25: =V25+X25+Z25+AB25+AD25+AF25 -> 970000 | AK25: =M25-AH25 -> 0 | AL25: 15599750213 | AM25: 不要车位，无家装 | AO25: =SUM(AQ25:BK25) -> 970000 | AP25: =0.5%+0.02%+0.08% -> 0.006 | AT25: 270000 | AU25: 700000 | BO25: 已交 | BQ25: 已申报
A26: 3 | C26: 45611 | D26: 20240006617 | F26: 652801199801011118 | G26: 喻强 | H26: 0000962 | I26: 8-1-201 | J26: 148.64 | K26: 148.64 | L26: 5780 | M26: 859139 | N26: 5769.83 | O26: 788200.92 | P26: 25652000000069501311 | Q26: 45951 | U26: 李秀莲 | V26: 20000 | W26: 2024.11.10 | X26: 340139 | Y26: 2024.11.15 | Z26: 185000 | AA26: 2024.12.10 | AB26: 314000 | AC26: 2025.1.13 | AH26: =V26+X26+Z26+AB26+AD26+AF26 -> 859139 | AK26: =M26-AH26 -> 0 | AL26: 13629949350 | AM26: 有车位6年物业费 | AO26: =SUM(AQ26:BK26) -> 859139 | AP26: =0.7%+0.03%+0.08%+0.03% -> 0.0084 | AX26: 545139 | AY26: 314000 | BO26: 已交 | BQ26: 已申报
A27: 4 | C27: 45611 | D27: 20240006618 | F27: 659001199705312415 | G27: 万新辉 | H27: 0000961 | I27: 8-1-202 | J27: 139.33 | K27: 139.33 | L27: 5784.75 | M27: 805990 | N27: 5784.75 | O27: 739440.37 | P27: 25652000000069459040 | Q27: 45951 | U27: 李秀莲 | V27: 20000 | W27: 2024.11.10 | X27: 95990 | Y27: 2024.11.15 | Z27: 140000 | AA27: 2024.11.29 | AB27: 550000 | AC27: 2024.12.23 | AH27: =V27+X27+Z27+AB27+AD27+AF27 -> 805990 | AK27: =M27-AH27 -> 0 | AL27: 13199840213 | AM27: 有车位6年物业费 | AO27: =SUM(AQ27:BK27) -> 805990 | AP27: =0.7%+0.03%+0.08%+0.03% -> 0.0084 | AW27: 255990 | AX27: 550000 | BO27: 已交 | BQ27: 已申报
A28: 5 | C28: 45583 | D28: 20240006190 | F28: 652822198312080021 | G28: 周小艳 衡澳 要退 | H28: 任成48.8万转 | I28: 8-1-301 | J28: 148.64 | K28: 148.64 | L28: 5824.48 | M28: =377751+488000 -> 865751 | N28: 5824.48 | O28: 794266.97 | P28: 25652000000069467469 | Q28: 45951 | U28: 霍红霞、王荣 | V28: 2000 | W28: 45560 | X28: 377751 | Y28: 2024.10.18 | Z28: 488000 | AA28: 2024.10.18 | AH28: =V28+X28+Z28+AB28+AD28+AF28 -> 867751 | AK28: =M28-AH28 -> -2000 | AL28: 16609961005 | AM28: 有车位6年物业费 | AO28: =SUM(AQ28:BK28) -> 865751 | AP28: =0.7%+0.08%+0.03% -> 0.0081 | AV28: 865751 | BO28: 已交 | BQ28: 已申报
A29: 6 | C29: 45416 | D29: 20240002531 | F29: 622825197604263312 | G29: 李海军 | H29: 0001103 | I29: 8-1-302 | J29: 139.33 | K29: 139.33 | L29: 5839.41 | M29: 813605 | N29: 5839.41 | O29: 746426.61 | P29: 25652000000069484741 | Q29: 45951 | T29: 0000554 | U29: 米云鹤 | X29: 20000 | Y29: 2024.4.27 | Z29: 224605 | AA29: 2024.5.3 | AB29: 569000 | AC29: 2024.8.29 | AH29: =V29+X29+Z29+AB29+AD29+AF29 -> 813605 | AK29: =M29-AH29 -> 0 | AL29: 18909968952 | AO29: =SUM(AQ29:BK29) -> 813605 | AP29: =0.7%+0.03%+0.12% -> 0.0085 | AT29: 813605 | BO29: 已交（10月） | BQ29: 已申报
A30: 7 | C30: 45566 | D30: 20240005546 | F30: 411381200007113031 | G30: 赵建设 | I30: 8-1-401 | J30: 148.64 | K30: 148.64 | L30: 5657.21 | M30: 840888 | N30: 5657.21 | O30: 771456.88 | P30: 25652000000069523232 | Q30: 45951 | U30: 王荣 | V30: 20000 | W30: 45551 | X30: 190888 | Y30: 2024.10.1 | Z30: 630000 | AA30: 2024.12.20 | AH30: =V30+X30+Z30+AB30+AD30+AF30 -> 840888 | AK30: =M30-AH30 -> 0 | AL30: 18699610532 | AO30: =SUM(AQ30:BK30) -> 840888 | AP30: =0.5%+0.04%+0.1% -> 0.0064 | AV30: 210888 | AX30: 630000 | BO30: 已交 | BQ30: 已申报
A31: 8 | C31: 45472 | D31: 20240003715 | F31: 211282199906013016 | G31: 钟正 | H31: 0000868 | I31: 8-1-402 | J31: 139.33 | K31: 139.33 | L31: 5600 | M31: 780248 | N31: 5600 | O31: 715823.85 | P31: 25652000000069535376 | Q31: 45951 | U31: 霍红霞 | V31: 20000 | W31: 2024.6.17 | X31: 10000 | Y31: 2024.6.29 | Z31: 126248 | AA31: 2024.7.1 | AB31: 624000 | AC31: 2024.8.23 | AH31: =V31+X31+Z31+AB31+AD31+AF31 -> 780248 | AK31: =M31-AH31 -> 0 | AL31: 17641032589 | AM31: 不要车位，没有家装大礼包 | AO31: =SUM(AQ31:BK31) -> 780248 | AP31: =0.7%+0.08% -> 0.0078 | AS31: 156248 | AT31: 624000 | BO31: 已交 | BP31: 已录 | BQ31: 已申报
A32: 9 | C32: 45416 | D32: 20240002559 | F32: 652823199205292214 | G32: 沈慧 | H32: 0000851 | I32: 8-1-501 | J32: 148.64 | K32: 148.64 | L32: 5897.806 | M32: 876650 | N32: 5897.806 | O32: 804266.06 | P32: 2565200000006955594 | Q32: 45951 | U32: 刘思汉 | V32: 20000 | W32: 2024.5.1 | X32: 121650 | Y32: 2024.5.4 | Z32: 145000 | AA32: 2024.7.15 | AB32: 590000 | AC32: 2024.8.22 | AH32: =V32+X32+Z32+AB32+AD32+AF32 -> 876650 | AK32: =M32-AH32 -> 0 | AL32: 19199200131 | AO32: =SUM(AQ32:BK32) -> 876650 | AP32: =0.7%+0.02%+0.12% -> 0.0084 | AS32: 286650 | AT32: 590000 | BO32: 已交 | BQ32: 已申报
A33: 10 | C33: 45472 | D33: 20240003716 | F33: 620422197512035117 | G33: 刘冠宇 | H33: 0000890 | I33: 8-1-502 | J33: 139.33 | K33: 139.33 | L33: 5946.36 | M33: 828507 | N33: 5946.36 | O33: 760098.17 | P33: 25652000000069506659 | Q33: 45951 | U33: 霍红霞 | V33: 20000 | W33: 2024.5.18 | X33: 33507 | Y33: 2024.6.29 | Z33: 70000 | AA33: 2024.7.1 | AB33: 185000 | AC33: 2024.7.4 | AD33: 520000 | AE33: 2024.8.1 | AH33: =V33+X33+Z33+AB33+AD33+AF33 -> 828507 | AK33: =M33-AH33 -> 0 | AL33: 13999021450 | AO33: =SUM(AQ33:BK33) -> 828507 | AP33: =0.7%+0.08% -> 0.0078 | AS33: 308507 | AT33: 520000 | BO33: 已交 | BP33: 已录 | BQ33: 已申报
A34: 11 | C34: 45605 | D34: 20240006521 | F34: 652301198608256410 | G34: 王明利 | I34: 8-1-601 | J34: 148.64 | K34: 148.64 | L34: 5965.8 | M34: 886756 | N34: 5965.795 | O34: 813537.61 | P34: 25652000000069465289 | Q34: 45951 | U34: 王荣 | V34: 5000 | W34: 2024.7.5 | X34: 15000 | Y34: 2024.9.9 | Z34: 166756 | AA34: 2024.11.9 | AB34: 700000 | AC34: 2024.12.16 | AH34: =V34+X34+Z34+AB34+AD34+AF34 -> 886756 | AK34: =M34-AH34 -> 0 | AL34: 19990288970 | AM34: 无家装 | AO34: =SUM(AQ34:BK34) -> 886756 | AP34: =0.7%+0.02%+0.08% -> 0.008 | AW34: 186756 | AX34: 700000 | BO34: 已交 | BQ34: 已申报
A35: 12 | C35: 45416 | D35: 20240002527 | F35: 622323198712053149 | G35: 马玲玲 | H35: 0001107 | I35: 8-1-602 | J35: 139.33 | K35: 139.33 | L35: =M35/K35 -> 5978.6119 | M35: 833000 | N35: 5978.61 | O35: 764220.18 | P35: 25652000000069518138 | Q35: 45951 | U35: 刘思汉 | V35: 20000 | W35: 2024.4.28 | X35: 233000 | Y35: 2024.5.4 | Z35: 580000 | AA35: 2024.6.21 | AH35: =V35+X35+Z35+AB35+AD35+AF35 -> 833000 | AK35: =M35-AH35 -> 0 | AL35: 15299350690 | AO35: =SUM(AQ35:BK35) -> 833000 | AP35: =0.7%+0.02%+0.12% -> 0.0084 | AQ35: 253000 | AR35: 580000 | BO35: 已交 | BP35: 已录 | BQ35: 已申报
A36: 13 | C36: 45493 | D36: 20240004168 | F36: 411528199804103315 | G36: 姚俊伟 | I36: 8-1-701 | J36: 148.64 | K36: 148.64 | L36: =M36/K36 -> 5948.0826 | M36: 884123 | N36: 5948.08 | O36: 811122.02 | P36: 25652000000069542982 | Q36: 45951 | U36: 米云鹤 | V36: 169123 | W36: 2024.7.20 | X36: 65000 | Y36: 2024.8.2 | Z36: 650000 | AA36: 45537 | AH36: =V36+X36+Z36+AB36+AD36+AF36 -> 884123 | AK36: =M36-AH36 -> 0 | AL36: 18742865669 | AM36: 无家装 | AO36: =SUM(AQ36:BK36) -> 884123 | AP36: =0.7%+0.03%+0.08% -> 0.0081 | AT36: 234123 | AU36: 650000 | BO36: 已交 | BQ36: 已申报
A37: 14 | C37: 45566 | D37: 20240005557 | F37: 500102199703291367 | G37: 周瑶 | I37: 8-1-702 | J37: 139.33 | K37: 139.33 | L37: 5892.34 | M37: 820980 | N37: 6000 | O37: 753192.66 | P37: 25652000000069418592 | Q37: 45951 | U37: 刘宁宁 | V37: 20000 | W37: 2024.7.15 | X37: =180000+980 -> 180980 | Y37: 2024.10.1 | Z37: 620000 | AA37: 2024.11.27 | AH37: =V37+X37+Z37+AB37+AD37+AF37 -> 820980 | AK37: =M37-AH37 -> 0 | AL37: 15684853588 | AM37: 无家装、有车位 | AO37: =SUM(AQ37:BK37) -> 820980 | AP37: =0.4%+0.03%+0.08% -> 0.0051 | AW37: 820980 | BO37: 已交 | BQ37: 已申报
A38: 15 | C38: 45591 | D38: 20240005654 | F38: 411503199406183316 | G38: 张明旺 | H38: 0000710 | I38: 8-1-801 | J38: 148.64 | K38: 148.64 | L38: 5853.07 | M38: 870000 | N38: 5853.07 | O38: 798165.14 | P38: 25652000000069485434 | Q38: 45951 | U38: 肖陶丽 | V38: 20000 | W38: 2024.9.20 | X38: 850000 | Y38: 2024.10.2 | AH38: =V38+X38+Z38+AB38+AD38+AF38 -> 870000 | AK38: =M38-AH38 -> 0 | AL38: 17337600520 | AO38: =SUM(AQ38:BK38) -> 870000 | AP38: =0.6%+0.1% -> 0.007 | AV38: 870000 | BO38: 已交 | BQ38: 已申报
A39: 16 | C39: 45493 | D39: 20240004164 | F39: 610327199901231895 | G39: 张宏博 | H39: 0000853 | I39: 8-1-802 | J39: 139.33 | K39: 139.33 | L39: 6091.36 | M39: 848710 | N39: 6091.36 | O39: 778633.03 | P39: 25652000000069496056 | Q39: 45951 | T39: 0000556 | U39: 刘宁宁 | V39: 2000 | W39: 2024.4.17 | X39: 8000 | Y39: 2024.5.2 | Z39: 96710 | AA39: 2024.7.20 | AB39: 64000 | AC39: 2024.8.28 | AD39: 678000 | AE39: 2024.10.10 | AH39: =V39+X39+Z39+AB39+AD39+AF39 -> 848710 | AK39: =M39-AH39 -> 0 | AL39: 18893377659 | AO39: =SUM(AQ39:BK39) -> 848710 | AP39: =0.5%+0.02%+0.08% -> 0.006 | AT39: 170710 | AV39: 678000 | BO39: 已交 | BQ39: 已申报
A40: 17 | C40: 45540 | D40: 20240005098 | F40: 652201199906156513 | G40: 吴金涛 | H40: 0000935 | I40: 8-1-901 | J40: 148.64 | K40: 148.64 | L40: =M40/K40 -> 5920.3445 | M40: 880000 | N40: 5920.345 | O40: 807339.45 | P40: 25652000000069504133 | Q40: 45951 | U40: 刘宁宁 | V40: 20000 | W40: 2024.8.16 | X40: 178000 | Y40: 45540 | Z40: 682000 | AA40: 2024.10.10 | AH40: =V40+X40+Z40+AB40+AD40+AF40 -> 880000 | AK40: =M40-AH40 -> 0 | AL40: 13119023002 | AM40: 有车位无礼品 | AO40: =SUM(AQ40:BK40) -> 880000 | AP40: =0.4%+0.02%+0.08% -> 0.005 | AU40: 198000 | AV40: 682000 | BO40: 已交 | BQ40: 已申报
A41: 18 | C41: 45428 | D41: 20240002913 | F41: 652801198710241618 | G41: 李鹏 | H41: 0001102 | I41: 8-1-902 | J41: 139.33 | K41: 139.33 | L41: 6120.28 | M41: 852739 | N41: 6120.28 | O41: 782329.36 | P41: 25652000000069536140 | Q41: 45951 | T41: 0000552 | U41: 米云鹤 | V41: 2000 | W41: 2024.4.13 | X41: 18000 | Y41: 2024.4.27 | Z41: =2739+120000 -> 122739 | AA41: 45428 | AB41: 510000 | AC41: 2024.6.20 | AD41: 200000 | AE41: 2024.7.12 | AH41: =V41+X41+Z41+AB41+AD41+AF41 -> 852739 | AK41: =M41-AH41 -> 0 | AL41: 17699690006 | AO41: =SUM(AQ41:BK41) -> 852739 | AP41: =0.7%+0.03%+0.12% -> 0.0085 | AR41: 652739 | AS41: 200000 | BO41: 已交 | BP41: 已录 | BQ41: 已申报
A42: 19 | C42: 45569 | D42: 20240005780 | F42: 652829199703170015 | G42: 那木巴图 | H42: 0000928 | I42: 8-1-1001 | J42: 148.64 | K42: 148.64 | L42: 5747.09 | M42: 854247 | N42: 6127.09 | O42: 783712.84 | P42: 25652000000069511482 | Q42: 45951 | U42: 赵江龙 | V42: 20000 | W42: 45543 | X42: 334247 | Y42: 2024.10.4 | Z42: 500000 | AA42: 2024.11.8 | AH42: =V42+X42+Z42+AB42+AD42+AF42 -> 854247 | AK42: =M42-AH42 -> 0 | AL42: 18999002531 | AM42: 2年物业费 | AO42: =SUM(AQ42:BK42) -> 854247 | AP42: =0.5%+0.1% -> 0.006 | AV42: 354247 | AW42: 500000 | BO42: 已交 | BQ42: 已申报
A43: 20 | C43: 45477 | D43: 20240003839 | F43: 512922197201065726 | G43: 何林华 | H43: 0001110 | I43: 8-1-1002 | J43: 139.33 | K43: 139.33 | L43: =M43/K43 -> 6142.0225 | M43: 855768 | N43: 6142.02 | O43: 785108.26 | P43: 25652000000069554301 | Q43: 45951 | T43: 0000559 | U43: 肖陶丽 | X43: 20000 | Y43: 2024.4.28 | Z43: =135768+50000 -> 185768 | AA43: 2024.7.4 | AB43: 650000 | AC43: 2024.7.16 | AH43: =V43+X43+Z43+AB43+AD43+AF43 -> 855768 | AK43: =M43-AH43 -> 0 | AL43: 18799806032 | AO43: =SUM(AQ43:BK43) -> 855768 | AP43: =0.7%+0.12% -> 0.0082 | AS43: 855768 | BO43: 已交 | BP43: 已录 | BQ43: 已申报
A44: 21 | C44: 45825 | D44: 20250003135 | F44: 511025199307058418 | G44: 曾浩 | H44: 0001136 | I44: 8-1-1101 | J44: 148.64 | K44: 148.64 | L44: 7131.324 | M44: 1060000 | N44: 7131.324 | O44: 972477.06 | P44: 25652000000069520435 | Q44: 45951 | U44: 潘亦玹 | V44: 20000 | W44: 2025.5.28 | X44: 340000 | Y44: 2025.6.17 | Z44: 700000 | AA44: 45854 | AH44: =V44+X44+Z44+AB44+AD44+AF44 -> 1060000 | AK44: =M44-AH44 -> 0 | AL44: 13667537388 | AM44: 有车位1年物业费+mate70手机 | AO44: =SUM(AQ44:BK44) -> 1060000 | AP44: =0.7%+0.03%+0.08%+0.03% -> 0.0084 | BD44: 360000 | BE44: 700000 | BO44: 已交 | BQ44: 已申报
A45: 22 | C45: 45931 | D45: 20250005081 | F45: 612326199506290014 | G45: 莫枭 张元贺 退 | H45: 0001175 | I45: 8-1-1102 | J45: 139.33 | K45: 139.33 | L45: 6351 | M45: 884885 | N45: 6351 | O45: 811821.1 | P45: 25652000000080418362 | Q45: 45986 | U45: 王荣 | V45: 10000 | W45: 2025.5.24 | X45: -10000 | Y45: 45874 | Z45: 20000 | AA45: 45914 | AB45: =94885+70000 -> 164885 | AC45: 2025-10-4、17 | AD45: 700000 | AE45: 45978 | AH45: =V45+X45+Z45+AB45+AD45+AF45 -> 884885 | AK45: =M45-AH45 -> 0 | AM45: 不要车位 | AO45: =SUM(AQ45:BK45) -> 884885 | AP45: =0.7%+0.04%+0.08%+0.03% -> 0.0085 | BH45: 184885 | BI45: 700000 | BO45: 已交（12月） | BQ45: 已申报20000，10月申报864885
A46: 23 | C46: 45737 | D46: 20250001457 | F46: 650104197711280728 | G46: 王华 | H46: 0000581 | I46: 8-2-101 | J46: 101.56 | K46: 101.56 | L46: 8270.97 | M46: 840000 | N46: 8254.6 | O46: 770642.2 | P46: 25652000000070162416 | Q46: 45952 | U46: 王荣 | V46: 20000 | W46: 2025.3.15 | X46: 60000 | Y46: 2025.3.21 | Z46: 760000 | AA46: 2025.4.3 | AH46: =V46+X46+Z46+AB46+AD46+AF46 -> 840000 | AK46: =M46-AH46 -> 0 | AL46: 15299570139 | AM46: 有车位1年物业费+mate70手机 | AO46: =SUM(AQ46:BK46) -> 840000 | AP46: =0.4%+0.02%+0.08%+0.03% -> 0.0053 | BB46: 840000 | BO46: 已交 | BQ46: 已申报
A47: 24 | C47: 45602 | D47: 20240006475 | F47: 650104197307230753 | G47: 何自将 | H47: 0000724 | I47: 8-2-102 | J47: 119.74 | K47: 119.74 | L47: 8120 | M47: 972289 | N47: 8235.6 | O47: 892008.26 | P47: 25652000000070484273 | Q47: 45953 | U47: 刘宁宁 | X47: 2289 | Y47: 2024.11.6 | Z47: 289000 | AA47: 2024.12.20 | AB47: 681000 | AC47: 2025.1.13 | AH47: =V47+X47+Z47+AB47+AD47+AF47 -> 972289 | AK47: =M47-AH47 -> 0 | AL47: 13899071228 | AM47: 有车位 | AO47: =SUM(AQ47:BK47) -> 972289 | AP47: =0.6%+0.02%+0.08%+0.03% -> 0.0073 | AX47: 291289 | AY47: 681000 | BO47: 已交 | BQ47: 已申报
A48: 25 | C48: 45796 | D48: 20250002540 | F48: 652801199606101628 | G48: 王晓萱 | H48: 0001128 | I48: 8-2-201 | J48: 117.84 | K48: 117.84 | L48: 5760 | M48: 678758 | N48: 5760 | O48: 622713.76 | P48: 25652000000070151353 | Q48: 45952 | U48: 潘亦玹 | V48: =80000+258758+20000 -> 358758 | W48: 2025.5.4 | X48: 320000 | Y48: 45852 | AH48: =V48+X48+Z48+AB48+AD48+AF48 -> 678758 | AK48: =M48-AH48 -> 0 | AL48: 18799808608 | AM48: 有车位+1年物业费+mate70 | AO48: =SUM(AQ48:BK48) -> 678758 | AP48: =0.7%+0.03%+0.08%+0.03% -> 0.0084 | BC48: 358758 | BE48: 320000 | BO48: 已交 | BQ48: 已申报
